 Dungeon Crawl Stone Soup version 0.31-a0-931-g7b59d4eb97 (webtiles) character file.

Game seed: 16128928485046582557

1371834 scionoferis the Minotaur Ballista (level 27, -4/269 HPs)
             Began as a Minotaur Chaos Knight on Oct 16, 2023.
             Was a Favourite Plaything of Xom.
             Killed from afar by an ancient lich (61 damage)
             ... with a crystal spear
             ... while petrified by an ancient lich
             ... on level 2 of Tartarus on Oct 19, 2023.
             The game lasted 14:00:17 (116111 turns).

scionoferis the Minotaur Ballista (MiCK)          Turns: 116111, Time: 14:00:17

Health: -4/269     AC: 42    Str: 30      XL:     27
Magic:  39/41      EV:  2    Int:  7 (12) God:    Xom [...*..]
Gold:   19509      SH:  0    Dex: 27      Spells: 22/56 levels left

rFire   + + .        b - +9 broad axe (drain)
rCold   + . .        m - +6 tower shield of Yesterday {rC- rN+ Regen+}
rNeg    + + +        Q - +11 shadow dragon scales
rPois   ∞            I - -2 hat of the Alchemist {rElec rPois rF+ rC+ rN+ Will+ rMut rCorr}
rElec   +            W - +1 cloak of Xufeih {Dex+2}
rCorr   +            U - +2 pair of gloves "Gisysm" {Dex+2}
SInv    +            c - +2 pair of boots "Ominerph" {Str+3}
Will    ++...        B - amulet "Lon Ajam" {Acrobat +Inv Will+ Regen+ rCorr} Stlth *+++++++++
                     d - ring "Kuaxor" {rPois rF+ rN+ Will+ Dex+4}
HPRegen 2.24/turn    V - ring of Fagrysi {Contam rC+ Str+3 Int+3 Dex+6 SInv}
MPRegen 0.27/turn

%: acrobat, resist mutation
@: especially stealthy, petrified, studying 4 skills, weak-willed
A: horns 2, retaliatory headbutt, clumsy 2, mutation resistance 1, sense
surroundings 1
}: 14/15 runes: barnacled, slimy, silver, golden, iron, obsidian, icy, abyssal,
demonic, glowing, magical, fiery, dark, gossamer
a: Renounce Religion, Evoke Invisibility


You were on level 2 of Tartarus.
You worshipped Xom.
You were a favourite toy of Xom.
You visited 17 branches of the dungeon, and saw 82 of its levels.
You visited Pandemonium 3 times, and saw 22 of its levels.
You visited the Abyss 5 times.
You also visited: Trove, Ossuary, Ice Cave, Volcano and Wizlab.

You collected 22549 gold pieces.
You spent 3040 gold pieces at shops.


Innate Abilities, Weirdness & Mutations

You have a pair of horns on your head.
You reflexively headbutt those who attack you in melee.
You are very clumsy. (Dex -4)
You are somewhat resistant to further mutation.
You passively map a small area around you.


   Skills:
 + Level 26.0 Fighting
 - Level 20.0 Axes
 O Level 27 Throwing
 + Level 22.2 Armour
 + Level 25.8 Dodging
 - Level 18.0 Stealth
 + Level 25.0 Shields
 - Level 15.0 Spellcasting
 - Level 15.0 Necromancy
 - Level 13.0 Translocations
 - Level 8.0 Transmutations
 - Level 10.0 Air Magic
 - Level 8.0 Earth Magic
 * Level 18.1 Evocations
 - Level 23.0 Shapeshifting


You had 22 spell levels left.
You knew the following spells:

 Your Spells              Type           Power      Damage    Failure   Level
a - Apportation           Tloc           46%        N/A       1%          1
b - Blink                 Tloc           46%        N/A       1%          2
c - Lesser Beckoning      Tloc           46%        N/A       1%          2
d - Manifold Assault      Tloc           23%        N/A       1%          4
e - Vhi's Electric Charg  Tloc/Air       42%        N/A       2%          4
f - Wereblood             Tmut           16%        N/A       1%          2
g - Death Channel         Necr           13%        N/A       9%          6
h - Animate Dead          Necr           26%        N/A       1%          4
i - Call Canine Familiar  Summ           5%         N/A       63%         3
j - Passage of Golubria   Tloc           23%        N/A       1%          4
p - Passwall              Tmut/Erth      13%        N/A       1%          2

Your spell library contained the following spells:

 Spells                   Type           Power      Damage    Failure   Level
 Necrotise                Necr           100%       1d9       1%          1
 Sandblast                Erth           32%        2d9       1%          1
 Cigotuvi's Dreadful Rot  Necr/Pois/Air  32%        N/A       1%          2
 Sublimation of Blood     Necr           26%        N/A       1%          2
 Gell's Gravitas          Tloc           23%        N/A       1%          3
 Swiftness                Air            19%        N/A       1%          3
 Teleport Other           Tloc           23%        N/A       1%          3
 Vampiric Draining        Necr           26%        2d7       1%          3
 Dispel Undead            Necr           26%        3d13      1%          4
 Agony                    Necr           26%        N/A       1%          5
 Momentum Strike          Conj/Tloc      28%        3d8       2%          2
 Shock                    Conj/Air       48%        1d6       3%          1
 Airstrike                Air            9%         2d(2-18)  4%          4
 Sting                    Tmut/Pois      40%        1d5       5%          1
 Poisonous Vapours        Pois/Air       24%        N/A       5%          2
 Static Discharge         Conj/Air       24%        2-3/arc   5%          2
 Volatile Blastmotes      Fire/Tloc      28%        2d12      5%          3
 Borgnjor's Vile Clutch   Necr/Erth      10%        N/A       7%          5
 Petrify                  Tmut/Erth      16%        N/A       10%         4
 Anguish                  Hex/Necr       7%         N/A       12%         4
 Stone Arrow              Conj/Erth      20%        3d8       16%         3
 Dimensional Bullseye     Hex/Tloc       7%         N/A       19%         4
 Iskenderun's Mystic Bla  Conj/Tloc      14%        2d5       19%         4
 Dispersal                Tloc           11%        N/A       21%         6
 Mephitic Cloud           Conj/Pois/Air  9%         N/A       22%         3
 Freeze                   Ice            20%        1d4       26%         1
 Magic Dart               Conj           20%        1d4       26%         1
 Summon Small Mammal      Summ           20%        N/A       26%         1
 Ignite Poison            Fire/Tmut/Pois 8%         N/A       28%         3
 Lee's Rapid Deconstruct  Erth           8%         3d7*      28%         5
 Summon Lightning Spire   Summ/Air       12%        N/A       34%         4
 Call Imp                 Summ           10%        N/A       38%         2
 Ensorcelled Hibernation  Hex/Ice        10%        N/A       38%         2
 Jinxbite                 Hex            10%        N/A       38%         2
 Scorch                   Fire           10%        2d5       38%         2
 Searing Ray              Conj           10%        2d4       38%         2
 Animate Armour           Summ/Erth      20%        N/A       45%         4
 Brom's Barrelling Bould  Conj/Erth      10%        2d3       45%         4
 Leda's Liquefaction      Hex/Erth       5%         N/A       45%         4
 Summon Forest            Summ/Tloc      7%         N/A       45%         5
 Confusing Touch          Hex            5%         N/A       63%         3
 Dazzling Flash           Conj/Hex       10%        N/A       63%         3
 Frozen Ramparts          Ice            10%        1d2       63%         3
 Hailstorm                Conj/Ice       5%         3d4       63%         3
 Inner Flame              Hex/Fire       5%         N/A       63%         3
 Ozocubu's Armour         Ice            5%         N/A       63%         3
 Sigil of Binding         Hex            5%         N/A       63%         3
 Summon Guardian Golem    Hex/Summ       5%         N/A       63%         3
 Tukima's Dance           Hex            5%         N/A       63%         3
 Arcjolt                  Conj/Air       6%         1d16      67%         5
 Silence                  Hex/Air        6%         N/A       67%         5
 Alistair's Intoxication  Tmut/Pois      6%         N/A       82%         5
 Irradiate                Conj/Tmut      5%         3d13      82%         5
 Yara's Violent Unravell  Hex/Tmut       5%         3d4       82%         5
 Simulacrum               Ice/Necr       7%         N/A       88%         6
 Freezing Cloud           Conj/Ice/Air   4%         6-21      89%         5
 Cause Fear               Hex            2%         N/A       95%         4
 Flame Wave               Conj/Fire      5%         2d5       95%         4
 Fulminant Prism          Conj/Hex       2%         3d5       95%         4
 Olgreb's Toxic Radiance  Pois           5%         N/A       95%         4
 Sticky Flame             Conj/Fire      5%         2d3       95%         4
 Summon Ice Beast         Ice/Summ       5%         N/A       95%         4
 Infestation              Necr           13%        N/A       98%         8
 Conjure Ball Lightning   Conj/Air       6%         3x3d6     99%         6
 Plasma Beam              Fire/Air       6%         2x1d16    99%         6
 Fireball                 Conj/Fire      2%         3d4       100%        5
 Iskenderun's Battlesphe  Conj           5%         2d6       100%        5
 Metabolic Englaciation   Hex/Ice        2%         N/A       100%        5
 Summon Mana Viper        Hex/Summ       5%         N/A       100%        5
 Bombard                  Conj/Erth      5%         9d2       100%        6
 Eringya's Noxious Bog    Tmut/Pois      5%         4d6       100%        6
 Starburst                Conj/Fire      2%         6d3       100%        6
 Summon Cactus Giant      Summ           2%         N/A       100%        6
 Enfeeble                 Hex            2%         N/A       100%        7
 Haunt                    Necr/Summ      7%         N/A       100%        7
 Malign Gateway           Summ/Tloc      7%         N/A       100%        7
 Monstrous Menagerie      Summ           2%         N/A       100%        7
 Orb of Destruction       Conj           2%         9d5       100%        7
 Ozocubu's Refrigeration  Ice            2%         4d8       100%        7
 Spellforged Servitor     Conj/Summ      2%         N/A       100%        7
 Summon Hydra             Summ           2%         N/A       100%        7
 Disjunction              Tloc           11%        N/A       100%        8
 Ignition                 Fire           2%         3d3       100%        8
 Lehudib's Crystal Spear  Conj/Erth      5%         10d3      100%        8
 Maxwell's Capacitive Co  Air            9%         ∞         100%        8
 Summon Horrible Things   Summ           2%         N/A       100%        8
 Chain Lightning          Conj/Air       6%         3d8       100%        9
 Dragon's Call            Summ           2%         N/A       100%        9
 Fire Storm               Conj/Fire      2%         8d1       100%        9
 Polar Vortex             Ice            2%         N/A       100%        9
 Shatter                  Erth           8%         3d10*     100%        9

Inventory:

Hand Weapons
 a - the +4 war axe of the Exceptional God {chaos, rF+}
   (You found it on level 12 of the Dungeon)

   rF+:       It protects you from fire.
 b - a +9 broad axe of draining (weapon)
   (You took it off Maggie on level 6 of the Dungeon)
 A - a +9 antimagic broad axe
   (You took it off a spriggan berserker on level 2 of the Depths)
Missiles
 k - 14 javelins
 q - 14 boomerangs (quivered)
 P - 10 silver javelins
 R - 8 throwing nets
Armour
 c - the +2 pair of boots "Ominerph" (worn) {Str+3}
   (You acquired it on level 4 of the Shoals)

   Str+3:     It affects your strength (+3).
 m - the +6 tower shield of Yesterday (worn) {rC- rN+ Regen+}
   (You found it in a treasure trove)

   rC-:       It makes you vulnerable to cold.
   rN+:       It protects you from negative energy.
   Regen+:    It increases your rate of health regeneration.
 I - the -2 hat of the Alchemist (worn) {rElec rPois rF+ rC+ rN+ Will+ rMut rCorr}
   (You found it on level 4 of the Spider Nest)

   rF+:       It protects you from fire.
   rC+:       It protects you from cold.
   rElec:     It insulates you from electricity.
   rPois:     It protects you from poison rN+: It protects you from negative
   energy.
   Will+:     It increases your willpower.
   rCorr:     It protects you from acid and corrosion.
   rMut:      It protects you from mutation.
 Q - +11 shadow dragon scales (worn)
   (You found it on level 3 of the Realm of Zot)
 U - the +2 pair of gloves "Gisysm" (worn) {Dex+2}
   (You found it on level 4 of the Shoals)

   Dex+2:     It affects your dexterity (+2).
 W - the +1 cloak of Xufeih (worn) {Dex+2}
   (You found it on level 3 of the Lair of Beasts)

   Dex+2:     It affects your dexterity (+2).
Jewellery
 d - the ring "Kuaxor" (left hand) {rPois rF+ rN+ Will+ Dex+4}
   (You found it on level 3 of the Crypt)

   [ring of positive energy]

   Dex+4:     It affects your dexterity (+4).
   rF+:       It protects you from fire.
   rPois:     It protects you from poison rN+: It protects you from negative
   energy.
   Will+:     It increases your willpower.
 w - an amulet of faith
   (You took it off a deep elf death mage on level 3 of the Elven Halls)
 B - the amulet "Lon Ajam" (around neck) {Acrobat +Inv Will+ Regen+ rCorr}
   (You found it in Pandemonium)

   [amulet of the acrobat]

   Acrobat:   It increases your evasion while moving and waiting.
   Will+:     It increases your willpower.
   +Inv:      It lets you turn invisible.
   Regen+:    It increases your rate of health regeneration.
   rCorr:     It protects you from acid and corrosion.
 V - the ring of Fagrysi (right hand) {Contam rC+ Str+3 Int+3 Dex+6 SInv}
   (You found it on level 4 of the Spider Nest)

   [ring of dexterity]

   Str+3:     It affects your strength (+3).
   Int+3:     It affects your intelligence (+3).
   Dex+6:     It affects your dexterity (+6).
   rC+:       It protects you from cold.
   SInv:      It lets you see invisible.
   Contam:    It causes magical contamination when unequipped.
Wands
 e - a wand of digging (26)
   (You found it on level 5 of the Dungeon)
 g - a wand of mindburst (97)
   (You found it on level 3 of the Elven Halls)
 i - a wand of charming (105)
   (You found it on level 1 of the Lair of Beasts)
 p - a wand of flame (90)
   (You found it on level 5 of the Vaults)
 N - a wand of iceblast (72)
   (You found it on level 3 of the Lair of Beasts)
 X - a wand of quicksilver (55)
   (Xom gifted it to you on level 3 of the Spider Nest)
Scrolls
 j - 14 scrolls of immolation
 n - 4 scrolls of butterflies
 o - 6 scrolls of fear
 r - 9 scrolls of fog
 s - 8 scrolls of revelation
 u - 4 scrolls of teleportation
 y - a scroll of blinking
 z - a scroll of enchant weapon
 J - 2 scrolls of silence
 M - 17 scrolls of poison
Potions
 E - 32 potions of curing
 F - 13 potions of magic
 G - 9 potions of might
 H - 3 potions of mutation
 L - 5 potions of cancellation
 O - 5 potions of resistance
 S - 11 potions of brilliance
 Y - 2 potions of haste
 Z - 12 potions of enlightenment
Miscellaneous
 f - a phial of floods
   (You found it on level 3 of the Vaults)
 h - a tin of tremorstones (2/2)
   (You found it on level 15 of the Dungeon)
 l - a lightning rod (4/4)
   (You found it on level 4 of the Shoals)
 t - the horn of Geryon
   (You took it off Geryon in the Vestibule of Hell)
 v - a figurine of a ziggurat
 x - a sack of spiders
   (You found it on level 13 of the Dungeon)
 C - a phantom mirror
   (You found it on level 13 of the Dungeon)
 K - a box of beasts
   (Xom gifted it to you on level 3 of the Tomb of the Ancients)

Dungeon Overview and Level Annotations

Branches:
Dungeon (15/15)            Temple (0/1) D:4            Lair (5/5) D:9
 Shoals (4/4) Lair:2       Spider (4/4) Lair:2        Slime (5/5) Lair:4
    Orc (2/2) D:11            Elf (3/3) Orc:2        Vaults (5/5) D:14
  Crypt (3/3) Vaults:2       Tomb (3/3) Crypt:3      Depths (4/4) D:15
   Hell (visited)             Dis (7/7) Hell            Geh (7/7) Hell
    Coc (7/7) Hell            Tar (2/7) Hell            Zot (5/5) Depths:4
Ossuary (visited)           IceCv (visited)         Volcano (visited)
 WizLab (visited)

Altars:
Ashenzari
Dithmenos
Fedhas
Gozag
Kikubaaqudgha
Nemelex Xobeh
Qazlal
Sif Muna
Uskayaw
Vehumet
Wu Jian
Xom
Yredelemnul
Zin
Jiyva

Shops:
D:5 (   D:9 [   Orc:1 *   Orc:2 ([=*:   Elf:1 !   Elf:2 [   Shoals:3 :?((*
Shoals:4 !   Vaults:1 ([   Vaults:4 (

Portals:
Hell: Depths:1 Depths:2 Depths:3 Depths:4
Abyss: Depths:3* Depths:4
Pandemonium: Depths:2
Ziggurat: Depths:2

, * , *
##.... *
*⌠.... * * *
....,* , ,
.###...** ,
....... *
.......## ,
^* W.......#
#.....2LZ@# *
, ,
#.......L.##*
,*
#.#........#
#..........#
* *
#.........#
#...L.....# ,
##......#...
, , *
#.......##..
, *
#...#...#* *


You could see 3 ancient liches, a putrid mouth (wandering), a spectral ettin and
a tormentor.


Message History

You furiously retaliate!
You headbutt the demonspawn corrupter!
The demonspawn corrupter completely misses you.
Your demonspawn corrupter calls forth creatures from the Elven Halls!
You closely miss the demonspawn corrupter.
Your headbutt misses the demonspawn corrupter.
The demonspawn corrupter is almost dead.
You slice the sphinx!! You burn the sphinx. You slash the sphinx!
You drain the sphinx. You block the sphinx's attack. x2
The sphinx completely misses you.
The sphinx mumbles some strange words.
Something smites you!
You barely miss the demonspawn corrupter.
You headbutt the demonspawn corrupter, but do no damage.
The demonspawn corrupter is almost dead.
You hit the sphinx. You burn the sphinx. You barely miss the sphinx.
The sphinx's magic is no longer disrupted.
The demonspawn corrupter misses you. You furiously retaliate!
You headbutt the demonspawn corrupter!!
You kill the demonspawn corrupter!
The mummy priest disappears in a puff of smoke!
The ynoxinul disappears in a puff of smoke! x2
The sphinx disappears in a puff of smoke! x2
You now have 19485 gold pieces (gained 14).
Things that are here:
a +1 demon blade of draining; a +0 scale mail Your deep elf sorcerer disappears in a puff of smoke!
Your deep elf sorcerer disappears in a puff of smoke!
You swap places.
There is a gate leading to another region of Pandemonium here.
You see here a +1 scythe of flaming.
There is an open door here.
There is an open door here.
There is an open door here.
There is an open door here.
D - a ring of poison resistance You drop a ring of poison resistance.
Found a shortbow.
There is an open door here.
Juunirr comes into view.
Found a gate leading to another region of Pandemonium.
There is an open door here.
You strike the helpless Juunirr from behind!
You slash Juunirr!
Juunirr's magic leaks into the air.
You headbutt Juunirr, but do no damage.
Juunirr is lightly wounded.
You block Juunirr's attack.
You slash Juunirr!
Space warps horribly around Juunirr!!
Juunirr is moderately wounded.
You block Juunirr's attack.
You hit Juunirr but do no damage. You headbutt Juunirr!
Juunirr is moderately wounded.
Juunirr's magic is no longer disrupted.
Your demonspawn corrupter invokes the aid of Lugonu against Juunirr.
The entropic weave corrodes Juunirr!
Juunirr gestures at you. The bolt of energy hits you!
Press: ? - help, v - describe, . - travel
Here: Juunirr (moderately wounded, covered in acid, ally target)
An open door.
Press: ? - help, v - describe, . - travel An open door.
You block Juunirr's attack.
Your demonspawn corrupter invokes the aid of Lugonu against Juunirr.
Juunirr seems to be corroded for longer.
You closely miss Juunirr. Your headbutt misses Juunirr.
Juunirr is moderately wounded.
Juunirr gestures.
Your demonspawn corrupter hits the rust devil with a +1 demon blade of draining!
Your demonspawn corrupter kicks the rust devil!
You hit Juunirr. You headbutt Juunirr, but do no damage.
Juunirr is moderately wounded.
You slice the rust devil!!
The rust devil suddenly seems more agile.
Juunirr gestures at you. The bolt of energy misses you.
Your demonspawn corrupter barely misses the rust devil.
Your demonspawn corrupter closely misses the rust devil.
You slice Juunirr!! You burn Juunirr! Your headbutt misses Juunirr.
Juunirr is heavily wounded.
You closely miss the rust devil. You block Juunirr's attack.
You block the rust devil's attack.
You slash Juunirr! You freeze Juunirr. You headbutt Juunirr!
Juunirr is severely wounded.
You hit the rust devil but do no damage.
Juunirr punches you!
Your demonspawn corrupter calls forth creatures from the Pits of Slime!
The rust devil barely misses you.
You slice Juunirr!! You burn Juunirr!
Juunirr is almost dead.
You hit the rust devil.
You kill the rust devil!
The rust devil disappears in a puff of smoke!
You block Juunirr's attack.
The ynoxinul gestures.
You slash Juunirr! You burn Juunirr. Your headbutt misses Juunirr.
Juunirr is almost dead.
You block Juunirr's attack.
Your demonspawn corrupter closely misses Juunirr.
Your demonspawn corrupter barely misses Juunirr.
You slice Juunirr!!
You kill Juunirr!
The ynoxinul disappears in a puff of smoke!
The ufetubus disappears in a puff of smoke! x2
The soul eater disappears in a puff of smoke!
Unknown command.
There is an open door here.
There is an open door here.
Found 14 gold pieces.
There is an open door here.
Found 10 gold pieces and a staff of air.
There is an open door here.
You now have 19499 gold pieces (gained 14).
You swap places.
Your acid blob disappears in a puff of smoke!
There is an open door here.
There is an open door here.
You now have 19509 gold pieces (gained 10).
There is an open door here.
You see here a staff of air.
You swap places.
There is an open door here.
There is an open door here.
There is an open door here.
There is an open door here.
There is a gate leading to another region of Pandemonium here.
There is an open door here.
There is an open door here.
There is an open door here.
There is an open door here.
There is an open door here.
There is an open door here.
There is an open door here.
A ynoxinul comes into view.
There is an open door here.
There is an open door here.
Your demonspawn corrupter calls down the wrath of Lugonu upon the ynoxinul.
The entropic weave corrodes the ynoxinul!
You block the ynoxinul's attack.
You slice the ynoxinul!! You freeze the ynoxinul.
You kill the ynoxinul!
No target in view!
No target in view!
You almost hear Xom's maniacal laughter.
Your eyebrows briefly feel incredibly bushy.
There is an open door here.
A demonic crawler comes into view.
The demonic crawler gives a hideous shriek!
You block the demonic crawler's attack. x2
The demonic crawler completely misses you.
You slash the demonic crawler!
The demonic crawler resists with almost no effort.
You headbutt the demonic crawler, but do no damage.
The demonic crawler is moderately wounded.
The demonic crawler completely misses you.
The demonic crawler misses you. You block the demonic crawler's attack.
You hit the demonic crawler. You headbutt the demonic crawler!
The demonic crawler is heavily wounded.
You block the demonic crawler's attack. x3
You hit the demonic crawler but do no damage.
You headbutt the demonic crawler.
The demonic crawler is moderately wounded.
The demonic crawler blinks!
You hit the demonic crawler but do no damage.
The demonic crawler seems to grow stronger.
The demonic crawler is lightly wounded.
You block the demonic crawler's attack. x3
You hit the demonic crawler but do no damage.
Space warps around the demonic crawler.
You headbutt the demonic crawler.
The demonic crawler is lightly wounded.
You block the demonic crawler's attack. x3
You slice the demonic crawler!!
The demonic crawler appears confused.
You headbutt the demonic crawler.
The demonic crawler is moderately wounded.
You hit the demonic crawler. You headbutt the demonic crawler!
The demonic crawler is heavily wounded.
You block the demonic crawler's attack. x3
You catch the helpless demonic crawler completely off-guard!
You hit the demonic crawler but do no damage.
The demonic crawler seems to speed up.
You headbutt the demonic crawler!
The demonic crawler is heavily wounded.
You strike the helpless demonic crawler from behind!
You slice the demonic crawler like a ripe choko!!!
You freeze the demonic crawler!!
You kill the demonic crawler!
Done exploring.
You see here a +1 heavy scythe.
A ynoxinul comes into view.
Throw: 14 boomerangs
Press: ? - help, Q - select action, (/) - cycle Shift-Dir - straight line, f - ynoxinul
Aim: a ynoxinul (wandering, hasn't noticed you, 79% to hit)
You throw a boomerang. The boomerang hits the ynoxinul!!!
You kill the ynoxinul!
Unknown command.
A hellion comes into view.
The hellion gives a hideous shriek!
Casting: Vhi's Electric Charge (mildly dangerous; 1% risk of failure)
Confirm with . or Enter, or press ? or * to list all spells.
Charge where?
Press: ? - help, Dir - move target, f - hellion
Aim: a hellion (88% to hit)
You charge forward with an electric crackle!
You slice the hellion like a ripe choko and electrocute it!!!
You burn the hellion!
You kill the hellion!
Search for what [Enter for "rN++", or ? for help]? pan Unknown command.
A ynoxinul comes into view.
A reaper comes into view. It is wielding a +4 vampiric scythe.
There is a gate leading to another region of Pandemonium here.
A ynoxinul comes into view.
Things that are here:
a +0 demon blade of venom; a +0 scale mail of poison resistance; a +0 buckler What are your orders? t - Shout!
Orders for allies: a - Attack new target. r - Retreat! s - Stop attacking. g - Guard the area. f - Follow me.
Anything else - Cancel.
You shout for attention!
The ynoxinul bellows!
You block the reaper's attack.
You hit the reaper. You headbutt the reaper.
The reaper is lightly wounded.
The ynoxinul gestures.
The reaper misses you. You furiously retaliate!
You headbutt the reaper! You hit the reaper but do no damage.
The reaper seems to grow stronger.
Xom thinks this is hilarious!
The reaper is lightly wounded.
You hit the reaper. You burn the reaper. You headbutt the reaper!
The reaper is heavily wounded.
You slice the ufetubus!!
You kill the ufetubus!
The ufetubus disappears in a puff of smoke!
You block the reaper's attack.
You hit the reaper but do no damage.
The reaper is heavily wounded.
The reaper misses you.
You slash the reaper!
You headbutt the reaper, but do no damage.
The reaper is severely wounded.
The ynoxinul gestures.
You slice the reaper!!
The reaper convulses.
You kill the reaper!
You slash the ufetubus! You burn the ufetubus.
You kill the ufetubus!
The ufetubus disappears in a puff of smoke!
You slice the ufetubus!!
You kill the ufetubus!
The ufetubus disappears in a puff of smoke!
You slice the ynoxinul!!
The ynoxinul convulses.
You headbutt the ynoxinul.
The ynoxinul is severely wounded.
You closely miss the ynoxinul. Your headbutt misses the ynoxinul.
The ynoxinul is severely wounded.
You hit the ynoxinul.
The ynoxinul convulses.
You slash the ufetubus!
You kill the ufetubus!
The ufetubus disappears in a puff of smoke!
You block the ynoxinul's attack. x2
You slash the ynoxinul! You headbutt the ynoxinul!
The ynoxinul is almost dead.
You barely miss the ynoxinul. You barely miss the ufetubus.
You block the ufetubus's attack. x2; You block the ynoxinul's attack.
The ynoxinul completely misses you. You furiously retaliate!
You headbutt the ynoxinul. You slash the ynoxinul!
You kill the ynoxinul!
You slice the ynoxinul!!
You kill the ynoxinul!
The ufetubus disappears in a puff of smoke!
You see here a +4 vampiric scythe.
You see here 8 stones.
There is a gate leading out of Pandemonium here.
You pass through the gate.
Welcome back to the Depths!
There is a one-way gate leading to the halls of Pandemonium here.
Search for what [Enter for "pan", or ? for help]?
Okay, then.
Char dumped successfully.
Unknown command.
Unknown command.
Unknown command.
Unknown command.
Search for what [Enter for "pan", or ? for help]? hell
There is a huge open gate here.
There is an open gate here.
There is an open gate here.
There is an open gate here.
You see here a +0 animal skin.
There is a huge open gate, spattered with blood here.
Things that are here:
a +0 animal skin; a +0 rapier
Things that are here:
a +0 robe; a +0 dagger
There is a gateway to Hell, spattered with blood here.
You go down through the gate.
Welcome back to the Vestibule of Hell!
There is a gateway back to the Dungeon, spattered with blood here.
Unknown command.
Search for what [Enter for "hell", or ? for help]? hell Unknown command.
Unknown command.
Unknown command.
Welcome back, scionoferis the Minotaur Chaos Knight.
Xom snickers.
Press ? for a list of commands and other information.
Unknown command.
Search for what [? for help]?
Okay, then.
Unknown command.
Unknown command.
You start removing your amulet.
You continue taking off your amulet of faith. x4
You finish taking off your amulet of faith.
You start putting on your amulet.
You continue putting on the amulet "Lon Ajam" {Acrobat +Inv Will+ Regen+ rCorr}. x5
You finish putting on the amulet "Lon Ajam" {Acrobat +Inv Will+ Regen+ rCorr}.
You feel ready to tumble and roll out of harm's way.
The amulet "Lon Ajam" throbs as it attunes itself to your uninjured body.
B - the amulet "Lon Ajam" (around neck) {Acrobat +Inv Will+ Regen+ rCorr} Unknown command.
There is a gateway to the decaying netherworld of Tartarus here.
You go down through the gate.
This decaying realm drains your will.
This branch contains the bone rune of Zot.
An anguished voice wails for what feels like eternity, then is suddenly cut off.
There is a gateway leading out of Tartarus here.
As you open the door, it creaks loudly! 2 bone dragons come into view.
You hit the bone dragon.
The bone dragon is lightly damaged.
You slice the bone dragon!! You freeze the bone dragon.
The bone dragon is moderately damaged.
You block the bone dragon's attack.
The bone dragon claws you but does no damage.
You block the bone dragon's attack.
You slice the bone dragon!! You freeze the bone dragon.
You headbutt the bone dragon!
The bone dragon is heavily damaged.
You block the bone dragon's attack. x3
You slash the bone dragon! You freeze the bone dragon.
You headbutt the bone dragon, but do no damage.
The bone dragon is heavily damaged.
You slice the bone dragon!!
The bone dragon resists with almost no effort.
You headbutt the bone dragon, but do no damage.
The bone dragon is heavily damaged.
You block the bone dragon's attack. x2; The bone dragon barely misses you.
You slice the bone dragon!!
The bone dragon seems to speed up.
You headbutt the bone dragon, but do no damage.
The bone dragon is severely damaged.
You hear a chilling moan.
The bone dragon misses you. You block the bone dragon's attack.
The bone dragon completely misses you.
You hit the bone dragon but do no damage.
The bone dragon resists with almost no effort.
You headbutt the bone dragon, but do no damage.
The bone dragon is severely damaged.
You block the bone dragon's attack.
The bone dragon claws you but does no damage.
The bone dragon tramples you but does no damage.
You hit the bone dragon but do no damage.
The bone dragon resists with almost no effort.
You hit the bone dragon.
The bone dragon is lightly damaged.
You slash the bone dragon!
You headbutt the bone dragon, but do no damage.
The bone dragon is lightly damaged.
Xom's power touches on your mind for a moment.
You are confused.
The bone dragon looks rather confused. x2; The bone dragon closely misses you.
The bone dragon claws you but does no damage.
The bone dragon completely misses you.
You bump into the rock wall.
The bone dragon completely misses you.
The bone dragon claws you but does no damage.
The bone dragon completely misses you.
You slice the bone dragon!!
Space warps around the bone dragon.
You headbutt the bone dragon, but do no damage.
The bone dragon is moderately damaged.
The bone dragon misses you.
The bone dragon claws you but does no damage.
The bone dragon completely misses you.
The bone dragon bites the bone dragon but does no damage.
The bone dragon claws the bone dragon!
The bone dragon tramples the bone dragon.
The bone dragon holds its ground!
The bone dragon bites itself.
The bone dragon claws itself.
The bone dragon tramples itself!
The bone dragon bites the bone dragon but does no damage.
The bone dragon claws the bone dragon but does no damage.
The bone dragon tramples the bone dragon!
The bone dragon holds its ground!
The teleport trap disappears.
The bone dragon disappears!
The bone dragon bites you but does no damage.
The bone dragon completely misses you.
The bone dragon tramples you but does no damage.
The bone dragon bites itself!
The bone dragon claws itself but does no damage.
The bone dragon tramples itself but does no damage.
There is an open door here.
You feel less confused. The bone dragon completely misses you.
You furiously retaliate!
You headbutt the bone dragon! You block the bone dragon's attack.
The bone dragon barely misses you.
There is an open door here.
You slash the bone dragon!
The bone dragon suddenly seems more resistant.
You headbutt the bone dragon, but do no damage.
The bone dragon is severely damaged.
You hit the bone dragon.
The bone dragon convulses.
The bone dragon is severely damaged.
You block the bone dragon's attack. x2; The bone dragon completely misses you.
You catch the helpless bone dragon completely off-guard!
You hit the bone dragon.
The bone dragon convulses.
The bone dragon is severely damaged.
You block the bone dragon's attack. x3
You slash the bone dragon!
You headbutt the bone dragon, but do no damage.
The bone dragon is severely damaged.
You slash the bone dragon!
The bone dragon is severely damaged.
The bone dragon seems less confused.
You block the bone dragon's attack. x3
You slash the bone dragon!
You headbutt the bone dragon, but do no damage.
The bone dragon is almost destroyed.
You block the bone dragon's attack. x2
The bone dragon tramples you but does no damage.
You hit the bone dragon but do no damage.
The bone dragon is almost destroyed.
You block the bone dragon's attack.
The bone dragon claws you but does no damage.
You block the bone dragon's attack.
You hit the bone dragon.
The bone dragon is almost destroyed.
You carve the bone dragon like a ham!!!
You destroy the bone dragon!
There is an open door here.
You open the door.
There is an open door here.
You open the door.
There is an open door here.
A shadow wraith comes into view.
A shadow wraith opens the door.
A bone dragon comes into view.
You barely miss the shadow wraith.
The shadow wraith gives a chilling moan.
You headbutt the shadow wraith!
The shadow wraith is moderately damaged.
You block the shadow wraith's attack.
You slash the shadow wraith!
The shadow wraith suddenly seems more resistant.
The shadow wraith is heavily damaged.
You slice the shadow wraith!! Your headbutt misses the shadow wraith.
The shadow wraith is severely damaged.
You block the shadow wraith's attack.
You cut the shadow wraith into ribbons!!!
You destroy the shadow wraith!
Xom calls forth mighty explosions.
The fireball engulfs the bone dragon.
The bone dragon resists.
A bone dragon comes into view.
There is an open door here.
You hit the bone dragon.
The bone dragon convulses.
You headbutt the bone dragon, but do no damage.
The bone dragon is lightly damaged.
The bone dragon bites you but does no damage.
You block the bone dragon's attack. The bone dragon tramples you!
You stumble backwards!
You slice the bone dragon!! You headbutt the bone dragon!
The bone dragon is moderately damaged.
You slash the bone dragon! You freeze the bone dragon.
You headbutt the bone dragon!
The bone dragon is heavily damaged.
The bone dragon completely misses you. You furiously retaliate!
You headbutt the bone dragon! You block the bone dragon's attack.
The bone dragon misses you.
You hit the bone dragon but do no damage.
You headbutt the bone dragon.
The bone dragon is heavily damaged.
The bone dragon completely misses you. You furiously retaliate!
You headbutt the bone dragon. You block the bone dragon's attack. x2
You hit the bone dragon but do no damage.
The bone dragon is heavily damaged.
You hit the bone dragon.
The bone dragon suddenly seems more resistant.
You headbutt the bone dragon, but do no damage.
The bone dragon is heavily damaged.
You block the bone dragon's attack. x3
You slash the bone dragon!
The bone dragon convulses!
The bone dragon is severely damaged.
The bone dragon barely misses you. You furiously retaliate!
You headbutt the bone dragon! You block the bone dragon's attack.
The bone dragon tramples you but does no damage.
You slash the bone dragon!
The bone dragon resists with almost no effort.
You headbutt the bone dragon, but do no damage.
The bone dragon is almost destroyed.
The bone dragon completely misses you. You block the bone dragon's attack. x2
You hit the bone dragon but do no damage.
You headbutt the bone dragon.
The bone dragon is almost destroyed.
You hit the bone dragon but do no damage.
The bone dragon seems to speed up.
You headbutt the bone dragon!
The bone dragon is almost destroyed.
You block the bone dragon's attack. The bone dragon barely misses you.
You block the bone dragon's attack.
You slice the bone dragon!!
You destroy the bone dragon!
You barely miss the bone dragon.
You headbutt the bone dragon, but do no damage.
You hit the bone dragon.
Space warps around the bone dragon.
You headbutt the bone dragon.
The bone dragon is lightly damaged.
You block the bone dragon's attack. x2; The bone dragon completely misses you.
You hit the bone dragon. Your headbutt misses the bone dragon.
The bone dragon is lightly damaged.
You block the bone dragon's attack. x2; The bone dragon misses you.
You hit the bone dragon but do no damage.
The bone dragon is lightly damaged.
You slash the bone dragon! You burn the bone dragon.
You headbutt the bone dragon, but do no damage.
The bone dragon is lightly damaged.
You block the bone dragon's attack.
The bone dragon claws you but does no damage.
The bone dragon misses you.
You slash the bone dragon!
You headbutt the bone dragon, but do no damage.
The bone dragon is lightly damaged.
You block the bone dragon's attack. x2; The bone dragon completely misses you.
You slice the bone dragon!!
The bone dragon suddenly seems more agile.
You headbutt the bone dragon, but do no damage.
The bone dragon is moderately damaged.
You slash the bone dragon!
The bone dragon is moderately damaged.
The bone dragon completely misses you. You furiously retaliate!
You headbutt the bone dragon! The bone dragon completely misses you.
You block the bone dragon's attack.
You slash the bone dragon!
The bone dragon resists with almost no effort.
You headbutt the bone dragon!
The bone dragon is heavily damaged.
You block the bone dragon's attack. The bone dragon completely misses you.
You block the bone dragon's attack.
You hit the bone dragon but do no damage.
You headbutt the bone dragon.
The bone dragon is severely damaged.
The bone dragon completely misses you. You block the bone dragon's attack. x2
You closely miss the bone dragon.
You headbutt the bone dragon, but do no damage.
The bone dragon is severely damaged.
You slash the bone dragon! You freeze the bone dragon.
You headbutt the bone dragon.
The bone dragon is severely damaged.
You block the bone dragon's attack. x3
You slice the bone dragon!! You freeze the bone dragon.
The bone dragon is almost destroyed.
You block the bone dragon's attack. x3
You slash the bone dragon! You burn the bone dragon.
Your headbutt misses the bone dragon.
The bone dragon is almost destroyed.
You barely miss the bone dragon.
The bone dragon is almost destroyed.
You block the bone dragon's attack. x2; The bone dragon completely misses you.
You slash the bone dragon! You freeze the bone dragon.
You destroy the bone dragon!
You slice the bone dragon!! Your headbutt misses the bone dragon.
The bone dragon is severely damaged.
You barely miss the bone dragon. Your headbutt misses the bone dragon.
The bone dragon is severely damaged.
You block the bone dragon's attack. x2; The bone dragon closely misses you.
You hit the bone dragon. You headbutt the bone dragon.
The bone dragon is severely damaged.
You block the bone dragon's attack. x2; The bone dragon completely misses you.
You slash the bone dragon!
The bone dragon appears confused.
You headbutt the bone dragon, but do no damage.
The bone dragon is almost destroyed.
There is an open door here.
You strike the helpless bone dragon from behind!
You slice the bone dragon!!
The bone dragon suddenly seems more agile.
You headbutt the bone dragon.
The bone dragon is almost destroyed.
You hit the bone dragon but do no damage.
You headbutt the bone dragon.
The bone dragon is almost destroyed.
The bone dragon seems less confused.
The bone dragon misses you. The bone dragon closely misses you.
The bone dragon completely misses you.
You slash the bone dragon!
You destroy the bone dragon!
Your Shields skill increases to level 25!
There is an open door here.
Found a stone staircase leading down.
A malevolent force fills Tartarus...
With a horrendous wail, an alarm goes off!
A sentinel's mark forms upon you.
You hear a chilling moan. x2
Aiming: Dig
Press: ? - help, Shift-Dir - straight line A rock wall.
The rock shatters into small pieces.
You start waiting.
A profane servitor comes into view. It is wielding a +1 whip.
You closely miss the profane servitor.
Your headbutt misses the profane servitor.
You block the profane servitor's attack. x2
You hit the profane servitor but do no damage.
Your headbutt misses the profane servitor.
You block the profane servitor's attack. x2
You miss the profane servitor.
Your headbutt misses the profane servitor.
You block the profane servitor's attack. x2
You slice the profane servitor!! You freeze the profane servitor.
You headbutt the profane servitor.
The profane servitor is moderately damaged.
The profane servitor hits you but does no damage.
You block the profane servitor's attack.
You miss the profane servitor. You headbutt the profane servitor!
The profane servitor is moderately damaged.
You block the profane servitor's attack.
The profane servitor misses you.
You slice the profane servitor!!
The profane servitor seems to grow stronger.
Your headbutt misses the profane servitor.
The profane servitor is heavily damaged.
You block the profane servitor's attack. x2
You miss the profane servitor.
Your headbutt misses the profane servitor.
The profane servitor is heavily damaged.
You block the profane servitor's attack. x2
You slash the profane servitor!
The profane servitor is heavily damaged.
You block the profane servitor's attack. x2
You completely miss the profane servitor.
You headbutt the profane servitor!
The profane servitor is severely damaged.
You block the profane servitor's attack. x2
The profane servitor completely misses you.
You block the profane servitor's attack.
You slash the profane servitor! You headbutt the profane servitor!
The profane servitor is severely damaged.
You block the profane servitor's attack. x2
You barely miss the profane servitor.
Your headbutt misses the profane servitor.
The profane servitor is severely damaged.
You block the profane servitor's attack. x2
You barely miss the profane servitor.
Your headbutt misses the profane servitor.
The profane servitor is severely damaged.
The profane servitor misses you.
You block the profane servitor's attack.
You hit the profane servitor.
The profane servitor is almost destroyed.
You block the profane servitor's attack. x2
You completely miss the profane servitor.
The profane servitor is severely damaged.
You block the profane servitor's attack. x2
You barely miss the profane servitor.
Your headbutt misses the profane servitor.
The profane servitor is severely damaged.
You block the profane servitor's attack. x2
You completely miss the profane servitor.
You headbutt the profane servitor.
The profane servitor is almost destroyed.
You block the profane servitor's attack.
The profane servitor hits you but does no damage.
You hit the profane servitor but do no damage.
The profane servitor suddenly seems more agile.
The profane servitor is almost destroyed.
You block the profane servitor's attack. x2
You completely miss the profane servitor.
You headbutt the profane servitor!
The profane servitor is almost destroyed.
You block the profane servitor's attack. x2
You miss the profane servitor.
You headbutt the profane servitor, but do no damage.
The profane servitor is almost destroyed.
The profane servitor hits you but does no damage.
The profane servitor completely misses you.
You hit the profane servitor.
The profane servitor is almost destroyed.
You block the profane servitor's attack. x2
A shadow wraith comes into view.
You hit the profane servitor.
The profane servitor is almost destroyed.
The profane servitor hits you but does no damage.
You block the profane servitor's attack.
You completely miss the profane servitor.
You headbutt the profane servitor.
The profane servitor is almost destroyed.
You block the profane servitor's attack.
The profane servitor hits you but does no damage.
You slash the profane servitor!
You destroy the profane servitor!
The sentinel's mark upon you fades away.
You slash the shadow wraith! You headbutt the shadow wraith!
The shadow wraith is moderately damaged.
You block the shadow wraith's attack.
You barely miss the shadow wraith. You headbutt the shadow wraith!
The shadow wraith is heavily damaged.
The shadow wraith completely misses you.
You furiously retaliate!
You headbutt the shadow wraith! You hit the shadow wraith.
The shadow wraith resists with almost no effort.
You headbutt the shadow wraith, but do no damage.
The shadow wraith is almost destroyed.
You hit the shadow wraith but do no damage.
The shadow wraith is almost destroyed.
You block the shadow wraith's attack.
You hit the shadow wraith. You burn the shadow wraith.
You destroy the shadow wraith!
An eidolon comes into view.
You see here a +1 whip.
You slice the eidolon!!
The eidolon convulses!
Your headbutt misses the eidolon.
The eidolon is heavily damaged.
You slice the eidolon!! You burn the eidolon! Your headbutt misses the eidolon.
The eidolon is almost destroyed.
The eidolon gestures.
The eidolon radiates an aura of fear!
You are terrified of the eidolon!
You barely miss the eidolon.
The eidolon is almost destroyed.
The eidolon stares piercingly at you.
The bolt of negative energy hits you but does no damage.
You resist.
You attempt to attack the eidolon, but flinch away in fear!
You block the eidolon's attack. x2
You slash the eidolon!
The eidolon convulses.
The eidolon is almost destroyed.
You slice the eidolon!!
You are no longer terrified.
You destroy the eidolon!
A spectral ettin comes into view.
A spectral harpy comes into view.
The spectral harpy moves out of view.
You block the spectral harpy's attack. x2
The spectral harpy attacks as it pursues you!
The spectral harpy completely misses you.
You block the spectral harpy's attack. x2
The spectral harpy completely misses you.
You block the spectral harpy's attack. x2
You slice the spectral harpy!! You headbutt the spectral harpy.
The spectral harpy is almost destroyed.
You block the spectral harpy's attack. x3
The spectral harpy completely misses you.
You slice the spectral harpy!!
You destroy the spectral harpy!
You block the spectral ettin's attack.
The spectral ettin completely misses you.
You slash the spectral ettin! You burn the spectral ettin.
You headbutt the spectral ettin.
The spectral ettin is moderately damaged.
You block the spectral ettin's attack. x2
You slice the spectral ettin!!
The spectral ettin is heavily damaged.
A spectral stone giant comes into view.
You block the spectral ettin's attack. x2
You hit the spectral ettin but do no damage.
The spectral ettin seems to speed up.
You headbutt the spectral ettin, but do no damage.
The spectral ettin is heavily damaged.
You block the spectral ettin's attack. The spectral ettin closely misses you.
You slice the spectral ettin!!
The spectral ettin is almost destroyed.
You block the spectral ettin's attack. The spectral ettin closely misses you.
You hit the spectral ettin.
The spectral ettin seems to grow stronger.
The spectral ettin is almost destroyed.
You block the spectral ettin's attack. x2
You slash the spectral ettin!
You destroy the spectral ettin!
You hit the spectral stone giant but do no damage.
You block the spectral stone giant's attack.
You slice the spectral stone giant!! You freeze the spectral stone giant.
The spectral stone giant is moderately damaged.
You hit the spectral stone giant but do no damage.
The spectral stone giant suddenly seems more agile.
The spectral stone giant is moderately damaged.
You block the spectral stone giant's attack.
You hit the spectral stone giant but do no damage.
The spectral stone giant is lightly damaged.
You block the spectral stone giant's attack.
You hit the spectral stone giant. You headbutt the spectral stone giant.
The spectral stone giant is moderately damaged.
The spectral stone giant misses you. You furiously retaliate!
You headbutt the spectral stone giant!
You hit the spectral stone giant but do no damage.
You headbutt the spectral stone giant.
The spectral stone giant is heavily damaged.
The spectral stone giant blinks!
You slash the spectral stone giant!
Nothing appears to happen.
You headbutt the spectral stone giant!
The spectral stone giant is severely damaged.
You block the spectral stone giant's attack.
You hit the spectral stone giant but do no damage.
Your headbutt misses the spectral stone giant.
The spectral stone giant is severely damaged.
You block the spectral stone giant's attack.
You slice the spectral stone giant!! You headbutt the spectral stone giant.
You destroy the spectral stone giant!
You open the door. You open the door.
There is an open door here.
You open the door.
There is an open door here.
A spectral alligator snapping turtle comes into view.
You completely miss the spectral alligator snapping turtle.
A spectral harpy comes into view.
You carve the spectral alligator snapping turtle like a ham!!!
The spectral alligator snapping turtle convulses!!
The spectral alligator snapping turtle is almost destroyed.
You block the spectral alligator snapping turtle's attack.
You slice the spectral alligator snapping turtle!!
You destroy the spectral alligator snapping turtle!
You slash the spectral harpy! You burn the spectral harpy.
You headbutt the spectral harpy!!
The spectral harpy is severely damaged.
You block the spectral harpy's attack. x2
You slash the spectral harpy! You freeze the spectral harpy.
You headbutt the spectral harpy, but do no damage.
The spectral harpy is almost destroyed.
You block the spectral harpy's attack.
The spectral harpy completely misses you.
The spectral harpy misses you. You furiously retaliate!
You headbutt the spectral harpy, but do no damage.
You block the spectral harpy's attack.
You slice the spectral harpy!!
You destroy the spectral harpy!
You open the door.
There is an open door here.
You open the door.
There is an open door here.
You open the door.
There is an open door here.
There is an open door here.
You open the door.
There is an open door here.
You open the door.
There is an open door here.
There is an open door here. "This place needs a little more atmosphere."
As you open the door, it creaks loudly!
There is an open door here.
You open the door.
There is an open door here.
A spectral anaconda comes into view.
You hit the spectral anaconda. You burn the spectral anaconda.
The spectral anaconda is lightly damaged.
You block the spectral anaconda's attack.
The spectral anaconda bites you but does no damage.
You closely miss the spectral anaconda.
The spectral anaconda is lightly damaged.
You block the spectral anaconda's attack.
The spectral anaconda barely misses you.
You hit the spectral anaconda.
Lightning courses through the spectral anaconda!
You headbutt the spectral anaconda.
The spectral anaconda is moderately damaged.
You block the spectral anaconda's attack. x2
You slice the spectral anaconda!!
The spectral anaconda is unaffected.
Your headbutt misses the spectral anaconda.
The spectral anaconda is severely damaged.
The spectral anaconda closely misses you.
You block the spectral anaconda's attack.
You slash the spectral anaconda!
The spectral anaconda is almost destroyed.
You block the spectral anaconda's attack. x4
You hit the spectral anaconda but do no damage.
Lightning courses through the spectral anaconda!!
You destroy the spectral anaconda!
You open the door. You open the door.
A spectral fenstrider witch comes into view.
A malevolent force fills Tartarus...
You fall into a shaft and drop 1 floor!
The shaft crumbles and collapses.
Xom shushes you conspicuously.
You feel stealthy.
A doom hound comes into view. "We will enjoy watching you die!"
You feel dopey.
Found a stone staircase leading down.
Unknown command.
Okay, then.
Unknown command.
Press: ? - help, v - describe, . - travel
Here: a doom hound (wandering, ready to howl, hasn't noticed you)
The floor.
You sense an unholy aura.
b - a +9 broad axe of draining (weapon)
You slash the doom hound!
The doom hound is lightly wounded.
You block the doom hound's attack.
The doom hound claws you but does no damage.
You barely miss the doom hound. You headbutt the doom hound.
The doom hound is lightly wounded.
The doom hound completely misses you. You block the doom hound's attack.
You barely miss the doom hound.
The doom hound is lightly wounded.
The doom hound completely misses you. You furiously retaliate!
You headbutt the doom hound. You block the doom hound's attack.
You slice the doom hound!! You headbutt the doom hound!
The doom hound is heavily wounded.
You hit the doom hound. Your headbutt misses the doom hound.
The doom hound is heavily wounded.
The doom hound unleashes a terrible howl, and it begins to echo in your mind!
You hear a hideous shriek!
You hear a roar!
You hear a shout!
You barely miss the doom hound. You headbutt the doom hound.
The doom hound is heavily wounded.
You block the doom hound's attack. x2
You barely miss the doom hound. You headbutt the doom hound.
The doom hound is severely wounded.
You block the doom hound's attack. x2
You chop the doom hound into pieces!!!
You kill the doom hound!
A tormentor comes into view.
You barely miss the tormentor. Your headbutt misses the tormentor.
Your magical effects are unravelling.
You feel magically purged.
The infernal howling subsides.
You block the tormentor's attack. x2; The tormentor completely misses you.
The tormentor closely misses you.
You slash the tormentor! Your headbutt misses the tormentor.
The tormentor is moderately wounded.
A hellion comes into view.
A tormentor comes into view.
The tormentor grins evilly.
The tormentor calls on the powers of darkness!
Your body is wracked with pain!
You slice the tormentor!!
You kill the tormentor!
An ancient lich comes into view.
You block the hellion's attack.
An ancient lich comes into view.
You block the hellion's attack.
Unknown command.
You closely miss the hellion. Your headbutt misses the hellion.
You hit the hellion. You headbutt the hellion!
The hellion is heavily wounded.
The hellion gestures at you.
The sphere of damnation explodes!
The damnation engulfs you!
The damnation engulfs the hellion.
The hellion completely resists.
The tormentor calls on the powers of darkness!
Your body is wracked with pain!
You hear a shout!
You hear a roar!
You hear a shout!
You hear a roar! x2
You hit the hellion but do no damage.
The hellion is heavily wounded.
The tormentor calls on the powers of darkness!
Your body is wracked with pain!
* * * LOW HITPOINT WARNING * * *
You block the hellion's attack.
The ancient lich gestures wildly while chanting.
The ancient lich seems to speed up.
You slice the hellion!!
The hellion is almost dead.
The hellion gestures at you.
The sphere of damnation explodes!
The damnation engulfs you!!
* * * LOW HITPOINT WARNING * * *
The damnation engulfs the hellion.
The hellion completely resists.
The ancient lich casts a spell.
The ancient lich seems to speed up.
You hear a roar!
You slice the hellion!!
You kill the hellion!
The tormentor calls on the powers of darkness!
Your body is wracked with pain!
* * * LOW HITPOINT WARNING * * *
The ancient lich casts a spell at you. The bolt of acid misses you.
As you read the scroll of teleportation, it crumbles to dust.
You feel strangely unstable.
Cast which spell? (? or * to list) Charge where?
Press: ? - help, Dir - move target, f - tormentor
Aim: a tormentor (85% to hit)
You charge forward with an electric crackle!
An ancient lich and a spectral ettin come into view.
You closely miss the tormentor. You slash the ancient lich!
The ancient lich gestures at you while chanting.
You are slowing down.
The tormentor misses you. You furiously retaliate!
You headbutt the tormentor!
The tormentor hits you but does no damage.
You block the ancient lich's attack. You block the tormentor's attack. x2
You slice the tormentor!!
You kill the tormentor!
You completely miss the ancient lich. You block the ancient lich's attack.
Your limbs are stiffening.
Your Fighting skill increases to level 26!
Unknown command.
You slash the ancient lich!
You headbutt the ancient lich, but do no damage.
The ancient lich is lightly damaged.
Your surroundings seem slightly different.
A tormentor comes into view.
The tormentor roars!
The ancient lich mumbles some strange words.
The ancient lich flickers and vanishes for a moment.
The ancient lich casts a spell.
The ancient lich seems to speed up.
You have turned to stone.
The teleport trap disappears.
The hellion disappears!
The ancient lich mumbles some strange words.
The ancient lich flickers and vanishes for a moment.
A putrid mouth comes into view.
The spectral ettin hits you but does no damage. x2
The ancient lich casts a spell at you. The crystal spear hits you!!!!
You die...
Xom is highly amused!

Skill      XL: |  1  2  3  4  5  6  7  8  9 10 11 12 13 14 15 16 17 18 19 20 21 22 23 24 25 26 27 |
---------------+----------------------------------------------------------------------------------+-----
Axes           | 4 5 6 7 8 9 11 14 15 16 17 18 20 | 20.0
Fighting       | 4 5 6 7 8 10 12 13 14 15 17 18 19 20 21 26 | 26.0
Armour         | 3 6 8 10 11 12 13 15 16 22 | 22.2
Evocations     | 1 4 6 8 9 10 11 12 13 15 18 | 18.1
Dodging        | 2 5 7 10 12 14 16 17 18 25 | 25.8
Shields        | 5 9 10 11 12 13 25 | 25.0
Throwing       | 1 6 10 12 15 18 21 27 | 27.0
Translocations | 4 8 11 12 13 | 13.0
Spellcasting   | 6 8 15 | 15.0
Transmutations | 8 |  8.0
Shapeshifting  | 23 | 23.0
Stealth        | 18 | 18.0
Air Magic      | 10 | 10.0
Earth Magic    | 8 |  8.0
Necromancy     | 15 | 15.0

Action                     |  1- 3 |  4- 6 |  7- 9 | 10-12 | 13-15 | 16-18 | 19-21 | 22-24 | 25-27 || total
---------------------------+-------+-------+-------+-------+-------+-------+-------+-------+-------++-------
  Melee: Hand axe          |    90 |   112 |   472 |   398 |       |       |       |       |       ||  1072
         Headbutt          |     5 |    16 |   117 |   181 |   360 |   403 |   520 |   560 |  5831 ||  7993
         Punch             |     1 |       |     4 |     3 |       |       |       |       |       ||     8
         Broad axe         |       |       |     2 |    56 |    66 |   176 |    18 |       |  6058 ||  6376
         War axe           |       |       |       |   165 |  1260 |  1032 |  1581 |  1542 |  8108 || 13688
         Unarmed           |       |       |       |       |       |       |       |       |     2 ||     2
         Kick              |       |       |       |       |       |       |       |       |     2 ||     2
  Throw: Dart              |       |     5 |    27 |    45 |     8 |       |       |       |       ||    85
         Javelin           |       |       |       |       |       |       |     3 |     8 |   268 ||   279
         Boomerang         |       |       |       |       |       |       |       |     2 |   779 ||   781
   Cast: Manifold Assault  |       |       |       |       |       |       |       |       |   144 ||   144
         Apportation       |       |       |       |       |       |       |       |       |   105 ||   105
         Vhi's Electric Ch |       |       |       |       |       |       |       |       |   137 ||   137
         Animate Dead      |       |       |       |       |       |       |       |       |    31 ||    31
         Summon Small Mamm |       |       |       |       |       |       |       |       |    13 ||    13
         Blink             |       |       |       |       |       |       |       |       |    13 ||    13
         Call Canine Famil |       |       |       |       |       |       |       |       |     9 ||     9
         Passwall          |       |       |       |       |       |       |       |       |     6 ||     6
         Wereblood         |       |       |       |       |       |       |       |       |     4 ||     4
         Death Channel     |       |       |       |       |       |       |       |       |     1 ||     1
Ability: Evoke Invisibilit |       |       |       |       |       |       |       |       |     7 ||     7
  Evoke: Wand              |       |       |     1 |     4 |    12 |     2 |       |       |    10 ||    29
         Tin of tremorston |       |       |       |       |       |     3 |     4 |     2 |     7 ||    16
         Lightning rod     |       |       |       |       |       |       |    13 |     3 |       ||    16
         Phantom mirror    |       |       |       |       |       |       |     2 |       |     4 ||     6
         Sack of spiders   |       |       |       |       |       |       |     1 |       |     1 ||     2
         Horn of Geryon    |       |       |       |       |       |       |       |       |     2 ||     2
    Use: Scroll            |       |       |     7 |     4 |    18 |     7 |     5 |    11 |    98 ||   150
         Potion            |       |       |       |     3 |     2 |     3 |     1 |     6 |    94 ||   109
   Stab: Sleeping          |       |     1 |       |     1 |     6 |       |       |       |    50 ||    58
         Invisible         |       |       |     3 |       |       |    14 |     2 |       |   138 ||   157
         Confused          |       |       |     1 |     3 |    19 |    15 |    12 |    25 |   250 ||   325
         Paralysed         |       |       |     8 |     9 |     6 |     8 |     5 |    14 |    36 ||    86
         Petrified         |       |       |       |     5 |     7 |     3 |     2 |     2 |    32 ||    51
         Petrifying        |       |       |       |     7 |     1 |     3 |     1 |     5 |    16 ||    33
         Distracted        |       |       |       |     1 |     1 |     2 |     3 |     3 |   130 ||   140
         Held in net/web   |       |       |       |       |       |       |     1 |       |       ||     1
 Armour: Leather armour    |    48 |    69 |   143 |       |       |       |       |       |       ||   260
         Acid dragon scale |       |       |    80 |    63 |       |       |       |       |       ||   143
         Troll leather arm |       |       |       |   250 |   370 |       |       |       |       ||   620
         Chain mail        |       |       |       |       |   347 |   982 |   750 |   951 |  1669 ||  4699
         Scale mail        |       |       |       |       |    10 |    53 |       |       |       ||    63
         Skin              |       |       |       |       |       |       |       |    11 |       ||    11
         Shadow dragon sca |       |       |       |       |       |       |       |       |  2966 ||  2966
  Dodge: Dodged            |    37 |    61 |   156 |   283 |   555 |   817 |   848 |   889 |  7196 || 10842
         Repelled          |       |       |       |       |       |       |     6 |       |       ||     6
  Block: Orb               |       |       |       |       |    12 |       |       |       |       ||    12
         Buckler           |       |       |       |       |   385 |   745 |   688 |   772 |    43 ||  2633
         Kite shield       |       |       |       |       |       |       |       |       |  2099 ||  2099
         Tower shield      |       |       |       |       |       |       |       |       | 13130 || 13130

Levels and vault maps discovered:
D:1:      dpeg_arrival_court, layout_basic
D:2:      minmay_chambers_of_twos, layout_rooms
D:3:      layout_loops_ring, grunt_temple_overflow_opulence,
          gammafunk_ghost_split, st_stairs_13, uniq_crazy_yiuf_cottage,
          uniq_sigmund
D:4:      layout_cave_pods, nicolae_uskayaw_en_pointe,
          grunt_temple_overflow_open, minmay_temple_entry_waves, uniq_edmund,
          uniq_grinder
D:5:      lemuel_ratsnest, layout_cave_pools, mainiacjoe_overflow_swirl,
          serial_shops, nicolae_shop_bloodbath_and_beyond, minmay_mini_ossuary
D:6:      layout_gridville, uniq_maggie
D:7:      layout_cave_pools, dreamdust_mushroom_princess
D:8:      layout_loops_ring, nicolae_ossuary_entry_catacombs, nrook_mini_vaults
D:9:      layout_small_grid, mainiacjoe_overflow_chevrons, erik_lair_island,
          serial_shops, nicolae_shop_advertising_works
          [nicolae_subvault_shop_adworks], uniq_amaemon
D:10:     layout_gridville, kennysheep_flooded_box
D:11:     layout_irregular_city, erik_orc_3, serial_rivers,
          chequers_serial_rivers_large_b, chequers_serial_rivers_micro_a,
          chequers_serial_rivers_small_a, chequers_serial_rivers_micro_e,
          chequers_serial_rivers_micro_e
D:12:     minmay_the_grid_octo_triangle [minmay_the_grid_octo_odd_swirl,
          minmay_the_grid_octo_prize_ultimate_mussel_roller,
          minmay_the_grid_octo_chip], layout_cave_pools
D:13:     minmay_gate_of_8, layout_rooms, serial_demonic, serial_demonic_g,
          serial_demonic_a, serial_demonic_c, serial_demonic_b
D:14:     layout_basic, david_vaults_4, minmay_misc_feat_x,
          bh_hangedman_babel_library
D:15:     gammafunk_enter_depths_forms, layout_irregular_city,
          serial_park_square1 [serial_park_minivault_5x5_3],
          chequers_serial_rivers_small_3
Lair:1:   layout_cave_pods, dpeg_stationary_puzzle, grunt_megastairs_4
Lair:2:   layout_gridlike, nicolae_shoals_entry_flooding,
          spider_nest_entry_rubble
Lair:3:   gammafunk_worm_tunnel, layout_big_grid
Lair:4:   layout_concentric_octagons, slime_entry_2,
          portal_ice_cave_entry_ice_simulacra, minmay_stone_trees_small,
          nicolae_quartered_pool_little
Lair:5:   hangedman_lair_tendril_chambers, layout_layer_cave, ice2_lemuel,
          serial_bayou_shore_a, infiniplex_staircase_pool, uniq_urug,
          uniq_josephine
Shoals:1: dreamdust_from_the_deep, layout_shoals
Shoals:2: layout_shoals, ebering_ghost_davey_jones, uniq_frances
Shoals:3: layout_shoals, serial_shops, shop, shop, nicolae_square_shop, shop,
          nicolae_shop_real_fake_doors
Shoals:4: shoals_end_grunt_ice, layout_shoals, serial_shops,
          nicolae_shop_industrial_runoff
Spider:1: layout_spider_delve, nicolae_spider_bug_shape
Spider:2: layout_spider_delve, uniq_nikola
Spider:3: layout_chambers
Spider:4: grunt_spider_rune_circles, nicolae_spider_webbed_stairs
Slime:1:  layout_caves
Slime:2:  layout_caves, nicolae_slime_phagocytosis
Slime:3:  layout_caves
Slime:4:  layout_caves
Slime:5:  slime_pit_nicolae_trefoil
Orc:1:    layout_caves, lightli_volcano_entry_magma_tube, basic_altar,
          serial_shops, nicolae_shop_trees, david_defended_altar_orc
Orc:2:    grunt_orc_gardens, layout_diamond_mine, grunt_orc_garden,
          grunt_orc_garden, grunt_orc_garden, grunt_orc_garden, serial_shops,
          nicolae_square_shop, nicolae_orc_flooded_monolith, elf_legates,
          uniq_jorgrun
Elf:1:    elf_arrival_002, layout_rooms, serial_shops, shop,
          hangedman_elf_represent, roderic_lattice_octagonal_star,
          grunt_megastairs_2
Elf:2:    nicolae_elf_blades_splatter_lattice
          [nicolae_blade_entry_floor_patterns], layout_loops_cross,
          serial_shops, nicolae_shop_tiny_statue_garden, guppyfry_elf_altar,
          uniq_louise
Elf:3:    grunt_elf_hall_asides, layout_geoelf_castle, trove_entry_hex_spiral,
          basic_altar, uniq_roxanne
Vaults:1: nicolae_vaults_tangram_1, v_alt_pattern_5, nicolae_vaults_shock_wave,
          vaults_dpeg_emergency_exit, nicolae_vaults_trapezoid_4,
          nicolae_vaults_lightning_bolt, nicolae_vaults_diagonal_hallway_8,
          v_rooms_1, nicolae_vaults_cochlea, nicolae_vaults_steering_wheel,
          hangedman_vaults_slice, ontoclasm_vaults_eye,
          nicolae_vaults_taking_the_gang_shopping, ontoclasm_vaults_gateway,
          layout_vaults_omnicross, serial_shops, shop
Vaults:2: nicolae_vaults_offset_grid_hallway_3,
          nicolae_vaults_closet_pinwheel_6, minmay_crypt_entry_simple_sparse,
          ontoclasm_vaults_shuriken, nicolae_vaults_closet_pinwheel_3,
          nicolae_vaults_tetromino_L_1, nicolae_vaults_little_guard_posts,
          vaults_mumra_hexcomb, nicolae_vaults_wine_cellar, v_pattern_3,
          vaults_standard_mumra_enter_the_diamond, v_misc_8,
          nicolae_vaults_little_squares_5, layout_vaults_big_room, uniq_jory
Vaults:3: v_misc_11, nicolae_vaults_tetromino_L_1, hangedman_vaults_slice,
          nicolae_vaults_network_quincunx
          [nicolae_vaults_network_quincunx_subvault,
          nicolae_vaults_network_quincunx_subvault,
          nicolae_vaults_network_quincunx_subvault,
          nicolae_vaults_network_quincunx_subvault,
          nicolae_vaults_network_quincunx_subvault], hangedman_vaults_stagger,
          v_misc_25, nicolae_vaults_storage_closets_3, v_misc_19,
          nicolae_vaults_ring_of_whatevers, ontoclasm_vaults_fault,
          vaults_room_hangedman_quadrants, hangedman_vaults_river_flow,
          ontoclasm_vaults_bender, vaults_dpeg_encased_lava,
          nicolae_vaults_layer_cake_slice, nicolae_vaults_tetromino_T_1,
          layout_vaults_maze_bifur, uniq_margery
Vaults:4: nicolae_vaults_storage_room_glass, nicolae_vaults_frosty_reception,
          ontoclasm_vaults_ring_large, nicolae_vaults_shipping_containers_6,
          nicolae_vaults_more_shelving_1, hangedman_vaults_trim,
          nicolae_vaults_doubleplus_tesselated, v_misc_31,
          layout_vaults_omnibox, serial_shops, shop, uniq_sojobo, uniq_xtahua
Vaults:5: serial_shops
Crypt:1:  layout_chaotic_city, mu_enter_wizlab_5, grunt_ministairs_7,
          grunt_crypt_arrival_split
Crypt:2:  layout_misc_corridors, special_room [special_room_morgue]
Crypt:3:  cryptofortress_bobbens
Tomb:1
Tomb:2
Tomb:3
Depths:1: layout_cave_pools, nicolae_hell_entry_hellmouth_sunbeams,
          minmay_mirror_moons_of_madness
Depths:2: grunt_profane_halls [grunt_profane_temple_coc,
          grunt_profane_temple_dis, grunt_profane_temple_geh,
          grunt_profane_temple_tar, grunt_profane_loot], hell_entry,
          serial_shops, pan_entry
Depths:3: kennysheep_cluttered_fort, layout_long_grid, nicolae_the_louvre,
          nicolae_abyss_entry_one_way_or_another, hell_entry,
          hellmonk_guarded_unrand_salamander, infiniplex_staircase_trident
Depths:4: evilmike_zot_entry_argh, layout_cave_shapes,
          abyss_entry_small_statue_room, nicolae_kikubaaqudgha_miasma_corner,
          hangedman_tar_grid_catacomb, zin_treasury, uniq_mennas,
          uniq_josephina, uniq_vv
Hell
Dis:1:    layout_jigsaw, serial_glass, glass_columns_a, glass_columns_b
Dis:2:    layout_subdivisions
Dis:3:    layout_gridville
Dis:4:    layout_gridville, nicolae_dis_metal_lava_thing
Dis:5:    layout_overlapping_boxes
Dis:6:    nicolae_dis_array, layout_gridville
Dis:7:    dis_st
Geh:1:    layout_gehenna_lava_caves
Geh:2:    nicolae_geh_realm_of_the_lava_sea
Geh:3:    layout_gehenna_lava_caves
Geh:4:    layout_gehenna_lava_caves
Geh:5:    layout_gehenna_lava_caves
Geh:6:    layout_gehenna_pools_basic
Geh:7:    geh_old
Coc:1:    layout_cocytus_water_paths
Coc:2:    layout_ice_bergs
Coc:3:    layout_cocytus_delve, nicolae_coc_icebean_singular
          [nicolae_sub_coc_subbean]
Coc:4:    nicolae_coc_city_of_iceburg
Coc:5:    layout_cocytus_delve
Coc:6:    layout_ice_bergs, serial_ice, serial_ice_e
Coc:7:    coc_grunt
Tar:1:    layout_honeycomb, nicolae_tar_cuneiform_bread
Tar:2:    layout_cathedral_of_symmetry, nicolae_tar_liches_on_tour
Zot:1:    layout_misc_corridors
Zot:2:    layout_cathedral_of_symmetry
Zot:3:    layout_onion_interference
Zot:4:    kennysheep_ambush_hall, layout_misc_corridors, basic_altar
Zot:5:    layout_twisted_circle, st_stairs_8

Notes
Turn   | Place    | Note
-------+----------+-------------------------------------------
     0 | D:1      | scionoferis the Minotaur Chaos Knight began the quest for
                  | the Orb.
     0 | D:1      | Reached XP level 1. HP: 19/19 MP: 0/0
    66 | D:1      | Reached skill level 4 in Axes
    89 | D:1      | Reached XP level 2. HP: 27/27 MP: 1/1
   122 | D:1      | Reached skill level 4 in Fighting
   131 | D:1      | XOM: divination: detect creatures
   303 | D:1      | XOM: divination: detect items
   354 | D:1      | XOM: noise
   392 | D:1      | Reached XP level 3. HP: 33/33 MP: 2/2
  1041 | D:1      | Reached skill level 5 in Axes
  1142 | D:2      | XOM: silly message
  1197 | D:2      | Reached XP level 4. HP: 41/41 MP: 3/3
  1257 | D:2      | XOM: noise
  1584 | D:2      | XOM: divination: magic mapping
  1804 | D:3      | Reached skill level 6 in Axes
  1805 | D:3      | Reached XP level 5. HP: 47/47 MP: 4/4
  1806 | D:3      | Found a runed translucent gate.
  1807 | D:3      | Found a runed translucent gate.
  1808 | D:3      | Found a runed translucent gate.
  1809 | D:3      | Noticed CowFu's ghost (weakling DrMo)
  1859 | D:3      | Reached skill level 5 in Fighting
  1864 | D:3      | XOM: cloud trail
  2145 | D:3      | Found a sparkling altar of Nemelex Xobeh.
  2145 | D:3      | Found an opulent altar of Gozag.
  2311 | D:3      | Noticed Sigmund
  2312 | D:3      | XOM: enchant monster (good)
  2319 | D:3      | XOM: noise
  2325 | D:3      | Killed Sigmund
  2326 | D:3      | Reached skill level 7 in Axes
  2326 | D:3      | Reached XP level 6. HP: 37/57 MP: 5/5
  2482 | D:3      | XOM: god gift: scroll labelled CAUKEPE CURID {god gift}
  2541 | D:3      | Found a runed translucent door.
  2542 | D:3      | Noticed Crazy Yiuf
  2601 | D:3      | Killed CowFu's ghost
  2602 | D:3      | Reached skill level 6 in Fighting
  2667 | D:3      | Killed Crazy Yiuf
  2795 | D:4      | Noticed Edmund
  2804 | D:3      | XOM: noise
  2822 | D:4      | Reached skill level 8 in Axes
  2822 | D:4      | Reached XP level 7. HP: 13/63 MP: 6/6
  2893 | D:3      | XOM: cloud trail
  3072 | D:4      | Found a basalt altar of Yredelemnul.
  3091 | D:4      | Found a shimmering blue altar of Sif Muna.
  3153 | D:4      | Noticed Grinder
  3167 | D:4      | Paralysed by Grinder for 5 turns
  3175 | D:4      | Killed Grinder
  3223 | D:4      | Reached skill level 9 in Axes
  3336 | D:4      | Found a staircase to the Ecumenical Temple.
  3448 | D:4      | Killed Edmund
  3449 | D:4      | Reached skill level 7 in Fighting
  3540 | D:4      | Noticed a +0 short sword
  3540 | D:4      | Noticed a +0 falchion
  3540 | D:4      | Noticed a +0 spear
  3541 | D:4      | Noticed a +0 spear
  3542 | D:4      | Noticed a +0 dagger
  3542 | D:4      | Noticed a +0 short sword
  3542 | D:4      | Noticed a +0 dagger
  3572 | D:4      | Noticed a +0 falchion
  3646 | D:4      | XOM: silly message
  3861 | D:4      | Found a shimmering altar of Xom.
  3864 | D:4      | Found a shadowy altar of Dithmenos.
  3967 | D:4      | Found a hide-covered altar of Uskayaw.
  4020 | D:5      | Entered Level 5 of the Dungeon
  4051 | D:5      | Reached XP level 8. HP: 47/73 MP: 7/7
  4072 | D:5      | Found a blossoming altar of Fedhas.
  4072 | D:5      | XOM: 6-stop teleportation journey
  4139 | D:5      | XOM: enchant monster (bad)
  4209 | D:4      | Reached skill level 10 in Axes
  4445 | D:5      | XOM: noise
  4454 | D:5      | XOM: confusion
  4491 | D:5      | XOM: divination: detect creatures
  4650 | D:5      | Found an ornate altar of the Wu Jian Council.
  4678 | D:5      | Found Lihiat's Weapon Shop.
  4723 | D:5      | XOM: 5-stop teleportation journey
  4898 | D:5      | Reached skill level 8 in Fighting
  4905 | D:5      | XOM: noise
  4937 | D:5      | Reached skill level 11 in Axes
  4945 | D:5      | XOM: cast spell 'Summon Small Mammal'
  5387 | D:6      | XOM: confuse monster(s)
  5432 | D:6      | XOM: silly message
  5461 | D:6      | XOM: potion effect (invisibility)
  5473 | D:6      | Reached XP level 9. HP: 82/82 MP: 8/8
  5550 | D:6      | Reached skill level 9 in Fighting
  5550 | D:6      | Reached skill level 12 in Axes
  5564 | D:6      | XOM: confuse monster(s)
  5675 | D:6      | Noticed Maggie
  5688 | D:6      | Killed Maggie
  6092 | D:7      | XOM: polymorph killer bee -> wolf
  6300 | D:7      | XOM: repel stairs
  6305 | D:7      | Reached skill level 13 in Axes
  6329 | D:7      | XOM: 3-stop teleportation journey
  6577 | D:7      | Reached skill level 10 in Fighting
  6775 | D:8      | XOM: 1-stop teleportation journey
  6954 | D:8      | XOM: 6-stop teleportation journey
  6998 | D:8      | Found a sand-covered staircase.
  7011 | Ossuary  | Entered an ossuary
  7125 | Ossuary  | Reached skill level 14 in Axes
  7250 | Ossuary  | Reached XP level 10. HP: 82/94 MP: 9/9
  7362 | Ossuary  | XOM: stat loss: -1 Int (8/9)
  7413 | Ossuary  | XOM: scenery: 2 doors close
  7538 | D:8      | XOM: chaos upgrade
  7845 | D:8      | XOM: enchant monster (good)
  7853 | D:8      | Reached skill level 11 in Fighting
  7908 | D:8      | XOM: god gift: silver javelin
  8114 | D:9      | Found Oweuch's Antique Armour Shoppe.
  8144 | D:9      | Reached skill level 15 in Axes
  8166 | D:9      | XOM: destruction
  8170 | D:9      | XOM: summons friendly iron imp
  8191 | D:9      | XOM: summons friendly quasit
  8231 | D:9      | Bought a pair of runed boots for 225 gold pieces
  8362 | D:9      | Found a radiant altar of Vehumet.
  8369 | D:9      | Noticed a two-headed ogre
  8377 | D:9      | Killed a two-headed ogre
  8407 | D:9      | Identified the +1 scimitar "Quas" {antimagic, rElec}
  8471 | D:9      | XOM: summons 6 hostile demons
  8562 | D:9      | XOM: give mutations
  8562 | D:9      | Gained mutation: You are somewhat resistant to further
                  | mutation. [Xom's grace]
  8562 | D:9      | Gained mutation: Your mind is acute. (Int +4, Str/Dex -1)
                  | [Xom's grace]
  8562 | D:9      | Gained mutation: Your mind is very acute. (Int +8, Str/Dex
                  | -2) [Xom's grace]
  8621 | D:9      | Reached skill level 3 in Armour
  8621 | D:9      | Reached skill level 1 in Evocations
  8656 | D:9      | XOM: give mutations
  8656 | D:9      | Gained mutation: You have sharp toenails. [Xom's grace]
  8656 | D:9      | Gained mutation: You have sharp fingernails. [Xom's grace]
  8656 | D:9      | Gained mutation: You are partially covered in iridescent
                  | scales. (AC +2) [Xom's grace]
  8685 | D:9      | XOM: divination: detect items
  8692 | D:9      | XOM: 1-stop teleportation journey
  8734 | D:9      | Found a staircase to the Lair.
  8742 | D:9      | Reached skill level 2 in Dodging
  8809 | D:9      | Noticed an orange demon
  8811 | D:9      | XOM: stat loss: -1 Int (16/17)
  8823 | D:9      | Noticed Amaemon
  8828 | D:9      | XOM: polymorph scorpion -> boggart
  8829 | D:9      | Killed an orange demon
  8830 | D:9      | Reached skill level 12 in Fighting
  8834 | D:9      | XOM: polymorph scorpion -> ice beast
  8842 | D:9      | Killed Amaemon
  8907 | D:9      | XOM: enchant monster (bad)
  8917 | D:9      | XOM: cast spell 'Chain of Chaos'
  8921 | D:9      | XOM: polymorph yak -> golden eye
  8924 | D:9      | Reached XP level 11. HP: 104/104 MP: 10/10
  8924 | D:9      | XOM: polymorph yak -> hog
  8933 | D:9      | Reached skill level 16 in Axes
  8939 | D:9      | Reached skill level 2 in Evocations
  9181 | D:10     | Entered Level 10 of the Dungeon
  9241 | D:10     | Reached skill level 4 in Armour
  9241 | D:10     | Reached skill level 3 in Dodging
  9270 | D:10     | Noticed a two-headed ogre
  9276 | D:10     | Killed a two-headed ogre
  9286 | D:10     | Identified a scarf of resistance
  9562 | D:10     | XOM: polymorph killer bee -> howler monkey
  9696 | D:10     | Reached skill level 3 in Evocations
  9705 | D:10     | Reached skill level 5 in Armour
  9705 | D:10     | Reached skill level 4 in Dodging
  9915 | D:11     | XOM: divination: detect creatures
  9916 | D:11     | XOM: enchant monster (good)
 10118 | D:11     | XOM: blink monster(s)
 10126 | D:11     | Found a staircase to the Orcish Mines.
 10195 | D:11     | XOM: 9-stop teleportation journey
 10241 | D:11     | XOM: divination: detect items
 10250 | D:11     | XOM: give mutations
 10250 | D:11     | Gained mutation: You passively dampen the noise of your
                  | surroundings. [Xom's grace]
 10250 | D:11     | Gained mutation: You are mostly covered in iridescent
                  | scales. (AC +4) [Xom's grace]
 10250 | D:11     | Gained mutation: You have a somewhat thin skeletal
                  | structure. (Dex +2, Stealth+) [Xom's grace]
 10679 | D:11     | Noticed a two-headed ogre
 10692 | D:11     | Killed a two-headed ogre
 10693 | D:11     | Reached skill level 6 in Armour
 10693 | D:11     | Reached skill level 5 in Dodging
 10693 | D:11     | Reached skill level 4 in Evocations
 10885 | D:12     | Identified the +4 war axe of the Exceptional God {chaos,
                  | rF+}
 10904 | D:12     | Reached skill level 13 in Fighting
 11020 | D:12     | Noticed a deep elf pyromancer
 11035 | D:12     | Killed a deep elf pyromancer
 11036 | D:12     | Reached XP level 12. HP: 113/115 MP: 11/11
 11152 | D:12     | XOM: scenery: create altars
 11305 | D:12     | Reached skill level 7 in Armour
 11321 | D:12     | Noticed a death knight
 11324 | D:12     | Reached skill level 6 in Dodging
 11331 | D:12     | XOM: summons 1 hostile demon
 11341 | D:12     | XOM: enchant monster (good)
 11344 | D:12     | XOM: summons 3 friendly demons
 11345 | D:12     | XOM: enchant monster (good)
 11346 | D:12     | Reached skill level 5 in Evocations
 11354 | D:12     | XOM: divination: detect items
 11356 | D:12     | XOM: potion effect (curing)
 11357 | D:12     | Reached skill level 17 in Axes
 11371 | D:12     | Killed a death knight
 11485 | D:12     | Noticed a two-headed ogre
 11490 | D:12     | XOM: potion effect (brilliance)
 11492 | D:12     | Killed a two-headed ogre
 11624 | D:12     | Reached skill level 8 in Armour
 11648 | D:12     | Reached skill level 7 in Dodging
 11721 | D:12     | XOM: give mutation
 11721 | D:12     | Lost mutation: You passively dampen the noise of your
                  | surroundings. [Xom's mischief]
 11789 | D:14     | Identified the "Loroepih"
 11789 | D:14     | Identified the "Tott"
 11789 | D:14     | Identified the "Wyogg"
 11789 | Lair:1   | Entered Level 1 of the Lair of Beasts
 11837 | Lair:1   | XOM: enchant monster (good)
 11971 | Lair:1   | XOM: summons friendly quasit
 12070 | Lair:1   | Reached skill level 14 in Fighting
 12365 | Lair:1   | XOM: noise
 12380 | Lair:1   | Reached skill level 6 in Evocations
 12494 | Lair:1   | XOM: give mutations
 12494 | Lair:1   | Gained mutation: You expend magic power (3 MP) to
                  | strengthen your wands. [Xom's mischief]
 12494 | Lair:1   | Gained mutation: You occasionally shout uncontrollably at
                  | your foes. [Xom's mischief]
 12823 | Lair:2   | XOM: noise
 12847 | Lair:2   | Reached XP level 13. HP: 44/124 MP: 12/12
 13022 | Lair:2   | XOM: chaos cloud
 13025 | Lair:2   | Reached skill level 9 in Armour
 13025 | Lair:2   | XOM: summons 7 hostile demons
 13042 | Lair:2   | Reached skill level 8 in Dodging
 13164 | Lair:2   | XOM: blink monster(s)
 13166 | Lair:2   | XOM: potion effect (berserk rage)
 13362 | Lair:2   | Found a hole to the Spider Nest.
 13373 | Lair:2   | Reached skill level 1 in Shields
 13813 | Lair:2   | XOM: god gift: 26 gold pieces
 13885 | Lair:3   | Found a transporter.
 13887 | Lair:3   | XOM: god gift: plate armour {god gift}
 13889 | Lair:3   | Reached skill level 18 in Axes
 13963 | Lair:3   | XOM: give mutations
 13963 | Lair:3   | Gained mutation: You passively dampen the noise of your
                  | surroundings. [Xom's grace]
 13963 | Lair:3   | Gained mutation: You passively map a small area around you.
                  | [Xom's grace]
 13963 | Lair:3   | Gained mutation: Your flesh is heat resistant. (rF+) [Xom's
                  | grace]
 13967 | Lair:3   | Reached skill level 2 in Shields
 13979 | Lair:3   | Reached skill level 10 in Armour
 14014 | Lair:3   | Reached skill level 9 in Dodging
 14018 | Lair:3   | Reached skill level 15 in Fighting
 14041 | Lair:3   | XOM: give mutations
 14041 | Lair:3   | Gained mutation: You are partially covered in large bone
                  | plates. (SH +4) [Xom's grace]
 14041 | Lair:3   | Gained mutation: Your flesh is cold resistant. (rC+) [Xom's
                  | grace]
 14041 | Lair:3   | Gained mutation: Your natural rate of healing is unusually
                  | fast. [Xom's grace]
 14041 | Lair:3   | Gained mutation: You are resistant to electric shocks.
                  | (rElec) [Xom's grace]
 14056 | Lair:3   | Reached skill level 3 in Shields
 14077 | Lair:3   | XOM: god gift: 500 gold pieces
 14134 | Lair:3   | XOM: summons friendly crimson imp
 14159 | Lair:3   | Found a transporter.
 14305 | Lair:3   | XOM: give mutation
 14305 | Lair:3   | Gained mutation: You have supernaturally acute eyesight.
                  | (SInv) [Xom's grace]
 14326 | Lair:3   | XOM: divination: magic mapping
 14522 | Lair:3   | XOM: scenery: summon butterflies
 14589 | Lair:3   | Reached skill level 4 in Shields
 14633 | Lair:3   | Identified the ring "Jautois" {rPois rCorr}
 14636 | Lair:3   | Identified the +1 cloak of Xufeih {Dex+2}
 14660 | Lair:4   | XOM: divination: detect items
 14678 | Lair:4   | Found a runed translucent door.
 14790 | Lair:4   | XOM: summons 4 hostile shadow creatures
 14794 | Lair:4   | XOM: fog
 14932 | Lair:4   | Found a frozen archway.
 14981 | Lair:4   | XOM: noise
 14985 | IceCv    | Entered an ice cave
 15059 | IceCv    | Reached skill level 5 in Shields
 15070 | IceCv    | XOM: polymorph ice beast -> water moccasin
 15139 | IceCv    | Noticed a white draconian
 15174 | IceCv    | XOM: cast spell 'Metabolic Englaciation'
 15179 | IceCv    | Killed a white draconian
 15183 | IceCv    | XOM: cast spell 'Cause Fear'
 15218 | IceCv    | XOM: noise
 15319 | IceCv    | Reached skill level 10 in Dodging
 15340 | IceCv    | Identified a +2 robe of resistance
 15344 | IceCv    | Identified a +0 leather armour of resistance
 15516 | Lair:4   | Found a viscous altar of Jiyva.
 15516 | Lair:4   | Found a staircase to the Slime Pits.
 15516 | Lair:4   | Noticed an azure jelly
 15517 | Lair:4   | Noticed an azure jelly
 15672 | Lair:2   | XOM: god gift: scroll of vulnerability
 15875 | Lair:4   | XOM: summons 6 friendly demons
 15877 | Lair:4   | XOM: divination: detect creatures
 15882 | Lair:4   | Reached XP level 14. HP: 118/136 MP: 13/13
 15917 | Lair:4   | XOM: 3-stop teleportation journey
 16071 | Lair:4   | XOM: give mutations
 16071 | Lair:4   | Lost mutation: You passively map a small area around you.
                  | [Xom's mischief]
 16071 | Lair:4   | Lost mutation: You have supernaturally acute eyesight.
                  | (SInv) [Xom's mischief]
 16271 | Lair:4   | XOM: summons 3 hostile demons
 16275 | Lair:4   | Reached skill level 6 in Shields
 16279 | Lair:4   | Killed an azure jelly
 16288 | Lair:4   | Killed an azure jelly
 16324 | Lair:5   | Entered Level 5 of the Lair of Beasts
 16326 | Lair:5   | XOM: summons 3 hostile shadow creatures
 16333 | Lair:5   | Reached skill level 16 in Fighting
 16351 | Lair:5   | XOM: confusion (+ monsters)
 16360 | Lair:5   | XOM: noise
 16386 | Lair:5   | Noticed Josephine
 16441 | Lair:5   | XOM: divination: detect creatures
 16454 | Lair:5   | Killed Josephine
 16455 | Lair:5   | Reached skill level 7 in Shields
 16558 | Lair:5   | XOM: torment (68/137 hp)
 16566 | Lair:5   | XOM: give mutations
 16566 | Lair:5   | Lost mutation: You have sharp fingernails. [Xom's mischief]
 16566 | Lair:5   | Lost mutation: You have a somewhat thin skeletal structure.
                  | (Dex +2, Stealth+) [Xom's mischief]
 16566 | Lair:5   | Lost mutation: You passively dampen the noise of your
                  | surroundings. [Xom's mischief]
 16566 | Lair:5   | Lost mutation: You occasionally shout uncontrollably at
                  | your foes. [Xom's mischief]
 16666 | Lair:5   | Reached skill level 11 in Dodging
 16681 | Lair:5   | XOM: summons 1 hostile demon
 16685 | Lair:5   | XOM: confusion (+ monsters)
 16736 | Lair:5   | XOM: polymorph water moccasin -> blink frog
 16744 | Lair:5   | XOM: swap monsters
 16751 | Lair:5   | Reached skill level 8 in Shields
 16831 | Lair:5   | XOM: swap monsters
 17015 | Lair:5   | XOM: swap monsters
 17143 | Lair:5   | XOM: chaos cloud
 17446 | Lair:5   | XOM: summons 2 hostile shadow creatures
 17706 | Lair:5   | XOM: chaos cloud
 17735 | Lair:5   | Reached skill level 17 in Fighting
 17735 | Lair:5   | Reached skill level 9 in Shields
 17736 | Lair:5   | Noticed Urug
 17743 | Lair:5   | XOM: noise
 17746 | Lair:5   | XOM: enchant monster (good)
 17752 | Lair:5   | Killed Urug
 17797 | Lair:5   | Reached skill level 12 in Dodging
 17814 | Lair:5   | XOM: fake destruction
 17841 | Lair:5   | XOM: summons 2 friendly demons
 17851 | Lair:5   | XOM: divination: detect creatures
 17966 | Lair:5   | XOM: polymorph lindwurm -> salamander
 18258 | Orc:1    | Entered Level 1 of the Orcish Mines
 18274 | Orc:1    | Found Yraonumi's Assorted Antiques.
 18290 | Orc:1    | Noticed an orc warlord
 18344 | Orc:1    | Killed an orc warlord
 18345 | Orc:1    | Reached skill level 1 in Throwing
 18395 | Orc:1    | Found a dark tunnel.
 18430 | Volcano  | Entered a volcano
 18466 | Volcano  | Reached XP level 15. HP: 147/147 MP: 14/14
 18497 | Volcano  | Reached skill level 2 in Throwing
 18502 | Volcano  | XOM: polymorph deep elf pyromancer -> yaktaur
 18525 | Volcano  | XOM: polymorph deep elf archer -> wolf spider
 18650 | Orc:1    | Bought a cyan potion for 28 gold pieces
 18650 | Orc:1    | Bought a cyan potion for 28 gold pieces
 18672 | Orc:1    | Reached skill level 10 in Shields
 18944 | Orc:1    | XOM: god gift: 2 potions of degeneration
 19005 | Orc:2    | Entered Level 2 of the Orcish Mines
 19008 | Orc:2    | Found Vupp's Antique Weapon Shop.
 19008 | Orc:2    | XOM: divination: detect items
 19010 | Orc:2    | XOM: cast spell 'Leda's Liquefaction'
 19141 | Orc:2    | Noticed Jorgrun
 19145 | Orc:2    | XOM: summons 2 hostile demons
 19148 | Orc:2    | Found a staircase to the Elven Halls.
 19164 | Orc:2    | Paralysed by an orc sorcerer for 2 turns
 19184 | Orc:2    | Reached skill level 3 in Throwing
 19197 | Orc:2    | XOM: confuse monster(s)
 19204 | Orc:2    | XOM: potion effect (attraction)
 19215 | Orc:2    | Killed Jorgrun
 19218 | Orc:2    | XOM: noise
 19222 | Orc:2    | XOM: noise
 19229 | Orc:2    | XOM: noise
 19233 | Orc:2    | XOM: polymorph orc knight -> shapeshifter
 19347 | Orc:2    | Found Nutwao Zees's Book Shop.
 19347 | Orc:2    | XOM: 1-stop teleportation journey
 19401 | Orc:2    | XOM: god gift: twisted coral ring {god gift}
 19421 | Orc:2    | Found Jetim's General Store.
 19439 | Orc:2    | Bought a potion of ambrosia for 112 gold pieces
 19439 | Orc:2    | Bought a potion of cancellation for 112 gold pieces
 19439 | Orc:2    | Bought a scroll of identify for 28 gold pieces
 19452 | Orc:2    | Found Xylas Nitt's Jewellery Boutique.
 19467 | Orc:2    | Found Fuixetis's Antique Armour Shoppe.
 19477 | Orc:2    | XOM: blink monster(s)
 19508 | Orc:2    | Reached skill level 4 in Throwing
 19528 | Orc:2    | XOM: 1-stop teleportation journey
 19534 | Orc:2    | Bought an amulet of regeneration for 420 gold pieces
 19552 | Orc:2    | Reached skill level 13 in Dodging
 19592 | Orc:2    | XOM: confuse monster(s)
 19610 | Orc:2    | Reached skill level 7 in Evocations
 19798 | Orc:2    | XOM: fog
 19809 | Orc:2    | XOM: butterfly on damage
 19925 | Orc:2    | XOM: summons 9 friendly demons
 19938 | Orc:2    | Reached skill level 18 in Fighting
 19987 | Orc:2    | Bought a bloodstained chain mail for 190 gold pieces
 19987 | Orc:2    | Identified the +6 chain mail of the Hart {*Slow rN+++
                  | Regen+ SInv} (You bought it in a shop on level 2 of the
                  | Orcish Mines)
 20370 | D:13     | XOM: summons friendly iron imp
 20450 | D:13     | XOM: 3-stop teleportation journey
 20464 | D:13     | XOM: 5-stop teleportation journey
 20511 | D:13     | Reached skill level 5 in Throwing
 20626 | D:13     | Noticed a storm dragon
 20626 | D:13     | Noticed a fire giant
 20627 | D:13     | Found a runed translucent door.
 20728 | D:13     | XOM: divination: magic mapping
 20734 | D:14     | XOM: blink monster(s)
 20872 | D:14     | XOM: confuse monster(s)
 21037 | D:14     | XOM: give mutations
 21037 | D:14     | Gained mutation: You passively map a small area around you.
                  | [Xom's grace]
 21037 | D:14     | Gained mutation: Your flesh is very cold resistant. (rC++)
                  | [Xom's grace]
 21091 | D:14     | Reached skill level 8 in Evocations
 21182 | D:14     | Found a gate to the Vaults.
 21182 | D:14     | XOM: 3-stop teleportation journey
 21383 | D:14     | XOM: scenery: create altars
 21396 | D:14     | XOM: divination: magic mapping
 21408 | D:14     | Reached skill level 6 in Throwing
 21470 | D:14     | XOM: cast spell 'Death Channel'
 21544 | D:15     | Entered Level 15 of the Dungeon
 21602 | D:15     | XOM: polymorph human -> shapeshifter
 21604 | D:15     | XOM: confuse monster(s)
 21611 | D:15     | XOM: divination: detect items
 21657 | D:15     | Reached skill level 14 in Dodging
 21734 | D:15     | Reached XP level 16. HP: 157/157 MP: 15/15
 21779 | D:15     | XOM: god gift: 34 gold pieces
 21905 | D:15     | XOM: potion effect (haste)
 21944 | D:15     | XOM: summons 14 friendly demons
 21997 | D:15     | XOM: summons 7 friendly demons
 22002 | D:15     | XOM: potion effect (invisibility)
 22009 | D:15     | Reached skill level 7 in Throwing
 22047 | D:15     | Found a staircase to the Depths.
 22446 | D:15     | XOM: cloud trail
 22527 | D:13     | Reached skill level 9 in Evocations
 22535 | D:13     | Killed a storm dragon
 22546 | D:13     | Identified the +7 dagger of Demonkind {speed, Int+5}
 22709 | Spider:1 | Entered Level 1 of the Spider Nest
 22715 | Spider:1 | XOM: blink monster(s)
 22736 | Spider:1 | XOM: 1-stop teleportation journey
 22739 | Spider:1 | XOM: polymorph culicivora -> redback
 22744 | Spider:1 | Reached skill level 8 in Throwing
 22832 | Spider:1 | XOM: confusion
 22951 | Spider:1 | Reached skill level 15 in Dodging
 22968 | Spider:1 | XOM: 1-stop teleportation journey
 23121 | Spider:1 | XOM: summons friendly iron imp
 23122 | Spider:1 | XOM: summons friendly iron imp
 23129 | Spider:1 | XOM: potion effect (might)
 23130 | Spider:1 | XOM: potion effect (berserk rage)
 23159 | Spider:1 | Reached skill level 9 in Throwing
 23294 | Spider:2 | XOM: silly message
 23305 | Spider:2 | XOM: potion effect (brilliance)
 23310 | Spider:2 | XOM: potion effect (haste)
 23422 | Spider:2 | XOM: divination: detect creatures
 23429 | Spider:2 | Noticed Nikola
 23433 | Spider:2 | XOM: potion effect (might)
 23440 | Spider:2 | XOM: divination: detect items
 23444 | Spider:2 | XOM: silly message
 23456 | Spider:2 | Killed Nikola
 23538 | Spider:2 | Reached skill level 10 in Throwing
 23549 | Spider:2 | Reached skill level 16 in Dodging
 23579 | Spider:2 | XOM: god gift: scroll of immolation
 23674 | Spider:2 | Identified the +8 great sword of Sloth {pain, *Noise rN+++
                  | rCorr SInv}
 23701 | Spider:2 | XOM: divination: magic mapping
 23708 | Spider:3 | XOM: cast spell 'Summon Ice Beast'
 23724 | Spider:3 | Identified the +3 scale mail of Cloud Cover {rF+ rN+}
 23790 | Spider:3 | XOM: stat loss: -1 Int (16/17)
 23805 | Spider:3 | XOM: fog
 23811 | Spider:3 | XOM: stat loss: -1 Dex (14/15)
 23813 | Spider:3 | XOM: noise
 23819 | Spider:3 | XOM: 2-stop teleportation journey
 23821 | Spider:3 | XOM: summons 9 hostile demons
 23822 | Spider:3 | XOM: cast spell 'Alistair's Intoxication'
 23848 | Spider:3 | XOM: silly message
 24221 | Spider:3 | XOM: divine lightning
 24224 | Spider:3 | XOM: summons friendly ufetubus
 24231 | Spider:3 | Reached XP level 17. HP: 124/163 MP: 16/16
 24258 | Spider:3 | XOM: 3-stop teleportation journey
 24629 | Spider:3 | XOM: fake destruction
 24713 | Spider:3 | XOM: god gift: ivory wand {god gift}
 24876 | Spider:4 | XOM: stealth player
 24876 | Spider:4 | Entered Level 4 of the Spider Nest
 24943 | Spider:4 | XOM: enchant monster (good)
 24994 | Spider:4 | XOM: give mutations
 24994 | Spider:4 | Gained mutation: You are agile. (Dex +4, Str/Int -1) [Xom's
                  | grace]
 24994 | Spider:4 | Gained mutation: You possess an exceptional clarity of
                  | mind. [Xom's grace]
 25083 | Spider:4 | XOM: fog
 25165 | Spider:4 | XOM: scenery: create altars
 25168 | Spider:4 | XOM: summons friendly ufetubus
 25253 | Spider:4 | XOM: 1-stop teleportation journey
 25265 | Spider:4 | XOM: silly message
 25352 | Spider:4 | XOM: divine lightning
 25387 | Spider:4 | Reached skill level 11 in Throwing
 25395 | Spider:4 | XOM: enchant monster (good)
 25401 | Spider:4 | XOM: divination: magic mapping
 25405 | Spider:4 | Reached skill level 11 in Armour
 25424 | Spider:4 | Reached skill level 11 in Shields
 25424 | Spider:4 | XOM: divination: detect items
 25438 | Spider:4 | Found the -2 hat of the Alchemist {rElec rPois rF+ rC+ rN+
                  | Will+ rMut rCorr}
 25496 | Spider:4 | Got a gossamer rune of Zot
 25555 | Spider:4 | XOM: divination: detect items
 25622 | Spider:4 | Identified the ring of Fagrysi {Contam rC+ Str+3 Int+3
                  | Dex+6 SInv}
 25891 | Spider:4 | XOM: noise
 26126 | Spider:4 | XOM: give mutation
 26126 | Spider:4 | Gained mutation: You are robust. (+10% HP) [Xom's grace]
 26212 | Spider:4 | XOM: enchant monster (bad)
 26302 | Spider:4 | XOM: potion effect (curing)
 26679 | Lair:2   | XOM: stat loss: -1 Int (18/19)
 26710 | Shoals:1 | Identified the "Beod"
 26710 | Shoals:1 | Entered Level 1 of the Shoals
 26757 | Shoals:1 | Identified the +5 chain mail "Rassom" {rN+ Str+4 Int+2}
 26841 | Shoals:1 | Reached skill level 10 in Evocations
 26960 | Shoals:1 | XOM: give mutations
 26960 | Shoals:1 | Lost mutation: You are somewhat resistant to further
                  | mutation. [Xom's mischief]
 26960 | Shoals:1 | Lost mutation: You are agile. (Dex +4, Str/Int -1) [Xom's
                  | mischief]
 26960 | Shoals:1 | Lost mutation: Your flesh is heat resistant. (rF+) [Xom's
                  | mischief]
 27020 | Shoals:1 | XOM: enchant monster (bad)
 27366 | Shoals:1 | Noticed a kraken
 27367 | Shoals:1 | XOM: potion effect (haste)
 27389 | Shoals:1 | Killed a kraken
 27426 | Shoals:1 | Noticed a tentacled monstrosity
 27426 | Shoals:1 | XOM: confuse monster(s)
 27434 | Shoals:1 | Killed a tentacled monstrosity
 27435 | Shoals:1 | Reached skill level 12 in Throwing
 27436 | Shoals:1 | Identified the ring of Autotheism {rPois rF++ Will+ rCorr
                  | SInv}
 27437 | Shoals:1 | XOM: fog
 27468 | Shoals:1 | Paralysed by a great orb of eyes for 2 turns
 27760 | Shoals:1 | XOM: cloud trail
 27770 | Shoals:2 | XOM: summons 2 friendly demons
 27780 | Shoals:2 | XOM: enchant monster (good)
 27827 | Shoals:2 | Noticed Frances
 27842 | Shoals:2 | Killed Frances
 27924 | Shoals:2 | Identified the +6 plate armour of Bubiyxt {Int+3}
 27925 | Shoals:2 | Noticed Zays's ghost (adept GrEE)
 27927 | Shoals:2 | Found a transporter.
 27936 | Shoals:2 | Found a transporter.
 27942 | Shoals:2 | XOM: cast spell 'Dispersal'
 27948 | Shoals:2 | XOM: scenery: summon butterflies
 28113 | Shoals:2 | XOM: confuse monster(s)
 28169 | Shoals:2 | Reached XP level 18. HP: 180/189 MP: 17/17
 28174 | Shoals:2 | Reached skill level 17 in Dodging
 28204 | Shoals:2 | Identified a scroll of acquirement
 28568 | Shoals:3 | Found Fuwop's Book Boutique.
 28607 | Shoals:3 | Found Eduessoo's Magic Scroll Boutique.
 28617 | Shoals:3 | Bought a scroll of identify for 32 gold pieces
 28617 | Shoals:3 | Bought a scroll of identify for 32 gold pieces
 28617 | Shoals:3 | Bought a scroll of identify for 32 gold pieces
 28617 | Shoals:3 | Bought a scroll of revelation for 120 gold pieces
 28618 | Shoals:3 | Identified 3 potions of resistance
 28645 | Shoals:3 | XOM: cleaving
 28650 | Shoals:3 | Reached skill level 12 in Armour
 28671 | Shoals:3 | XOM: summons 9 friendly demons
 28710 | Shoals:3 | Found Fangeur's Weapon Emporium.
 28722 | Shoals:3 | Found Laih's Antique Weapon Shoppe.
 28729 | Shoals:3 | XOM: polymorph harpy -> jumping spider
 28737 | Shoals:3 | Reached skill level 12 in Shields
 28780 | Shoals:3 | Identified a potion of experience
 28783 | Shoals:3 | Reached XP level 19. HP: 188/196 MP: 18/18
 28821 | Shoals:3 | Reached skill level 13 in Throwing
 28865 | Shoals:3 | XOM: divination: detect items
 28886 | Shoals:3 | XOM: chaos upgrade
 28892 | Shoals:3 | XOM: noise
 28903 | Shoals:3 | Paralysed by you for 5 turns
 28941 | Shoals:3 | XOM: swap monsters
 28946 | Shoals:3 | XOM: swap monsters
 28971 | Shoals:3 | Found Acurar's General Store.
 29035 | Shoals:3 | XOM: 1-stop teleportation journey
 29206 | Shoals:3 | XOM: summons 3 hostile shadow creatures
 29250 | Shoals:3 | XOM: summons 2 hostile demons
 29255 | Shoals:3 | XOM: stat loss: -1 Str (24/25)
 29457 | Shoals:4 | Entered Level 4 of the Shoals
 29458 | Shoals:4 | XOM: swap monsters
 29466 | Shoals:4 | Identified the +2 pair of gloves "Gisysm" {Dex+2}
 29489 | Shoals:4 | XOM: repel stairs
 29492 | Shoals:4 | XOM: swap monsters
 29498 | Shoals:4 | XOM: enchant monster (bad)
 29578 | Shoals:4 | Found Agoafeut's Distillery.
 29603 | Shoals:4 | XOM: 2-stop teleportation journey
 29607 | Shoals:4 | XOM: summons 2 hostile demons
 29709 | Shoals:4 | XOM: chaos cloud
 29722 | Shoals:4 | Reached skill level 11 in Evocations
 29726 | Shoals:4 | XOM: enchant monster (bad)
 29829 | Shoals:4 | Bought a potion of haste for 100 gold pieces
 29896 | Shoals:4 | Reached skill level 13 in Armour
 29943 | Shoals:4 | Identified the +9 rapier "Mimm" {venom, rC+ Will- Int+10
                  | Stlth+}
 29984 | Shoals:4 | Got a barnacled rune of Zot
 30129 | Shoals:4 | XOM: give mutations
 30129 | Shoals:4 | Lost mutation: You are resistant to electric shocks.
                  | (rElec) [Xom's mischief]
 30129 | Shoals:4 | Gained mutation: Your flesh is heat resistant. (rF+) [Xom's
                  | mischief]
 30129 | Shoals:4 | Lost mutation: You have sharp toenails. [Xom's mischief]
 30129 | Shoals:4 | Lost mutation: You expend magic power (3 MP) to strengthen
                  | your wands. [Xom's mischief]
 30159 | Shoals:4 | XOM: summons 4 friendly demons
 30322 | Shoals:4 | XOM: smoke on damage
 30350 | Shoals:4 | Reached skill level 14 in Throwing
 30499 | Shoals:4 | XOM: cloud trail
 30752 | Shoals:4 | Acquired the +2 pair of boots "Ominerph" {Str+3}
 30928 | Vaults:5 | Identified the "Depniy"
 30928 | Crypt:2  | Identified the "Arif"
 30928 | Crypt:3  | Identified the "Rakosep"
 30928 | Depths:1 | Identified the "Iprock"
 30928 | Depths:2 | Identified the "Vicrelax"
 30928 | Elf:1    | Identified the "Guipn"
 30928 | Elf:1    | Entered Level 1 of the Elven Halls
 31025 | Elf:1    | XOM: give mutations
 31025 | Elf:1    | Gained mutation: A frigid envelope surrounds you and
                  | freezes all who hurt you. [Xom's grace]
 31025 | Elf:1    | Gained mutation: You heal very quickly. [Xom's grace]
 31025 | Elf:1    | Gained mutation: You have large cloven feet. [Xom's grace]
 31101 | Elf:1    | Found Xysi's Distillery.
 31110 | Elf:1    | Bought a potion of heal wounds for 65 gold pieces
 31110 | Elf:1    | Bought a potion of haste for 130 gold pieces
 31110 | Elf:1    | Bought a potion of curing for 39 gold pieces
 31141 | Elf:1    | XOM: summons friendly white imp
 31386 | Orc:2    | XOM: give mutations
 31386 | Orc:2    | Lost mutation: You have large cloven feet. [Xom's grace]
 31386 | Orc:2    | Gained mutation: You have sharp toenails. [Xom's grace]
 31386 | Orc:2    | Gained mutation: You have a pair of large horns on your
                  | head. [Xom's grace]
 31522 | Elf:1    | XOM: 2-stop teleportation journey
 31598 | Elf:1    | XOM: repel stairs
 31856 | Elf:2    | XOM: summons 8 hostile demons
 31892 | Elf:2    | XOM: blink monster(s)
 31911 | Elf:2    | Paralysed by an air elemental for 1 turns
 31912 | Elf:2    | XOM: divination: magic mapping
 31984 | Elf:2    | Found Sazum's Antique Armour Emporium.
 31995 | Elf:2    | Reached skill level 18 in Dodging
 32003 | Elf:2    | XOM: silly message
 32019 | Elf:2    | Bought a shiny buckler for 247 gold pieces
 32019 | Elf:2    | Bought a crude chain mail for 313 gold pieces
 32019 | Elf:2    | Identified the +0 chain mail of Plasticity {Int+2} (You
                  | bought it in a shop on level 2 of the Elven Halls)
 32084 | Elf:2    | Found an ancient bone altar of Kikubaaqudgha.
 32084 | Elf:2    | XOM: potion effect (berserk rage)
 32112 | Elf:2    | XOM: potion effect (attraction)
 32175 | Elf:2    | XOM: potion effect (brilliance)
 32295 | Elf:2    | Reached skill level 15 in Throwing
 32395 | Elf:2    | Found a runed translucent gate.
 32395 | Elf:2    | Found a runed translucent gate.
 32397 | Elf:2    | Found a runed translucent gate.
 32401 | Elf:2    | Reached XP level 20. HP: 205/205 MP: 19/19
 32558 | Elf:3    | Entered Level 3 of the Elven Halls
 32675 | Elf:3    | Reached skill level 14 in Armour
 32723 | Elf:3    | Noticed Roxanne
 32875 | Elf:3    | XOM: potion effect (invisibility)
 32878 | Elf:3    | Killed Roxanne
 33059 | Elf:3    | Found a portal to a secret trove of treasure.
 33239 | Elf:3    | XOM: silly message
 33267 | Elf:3    | Found an ancient bone altar of Kikubaaqudgha.
 33344 | Elf:3    | XOM: silly message
 33485 | Elf:3    | Identified the ring "Vesue" {+Blink rElec Will+ Dex-5
                  | Stlth-}
 33531 | Elf:3    | Reached skill level 12 in Evocations
 33563 | Elf:3    | XOM: divination: detect creatures
 33564 | Elf:3    | XOM: butterfly on damage
 33567 | Elf:3    | XOM: cast spell 'Summon Small Mammal'
 33597 | Elf:3    | Identified the +9 rapier of Letweugg {drain, rElec rF++
                  | Int-5}
 33633 | Elf:3    | XOM: blink monster(s)
 33649 | Elf:3    | XOM: cast spell 'Call Canine Familiar'
 33709 | Elf:3    | Reached skill level 16 in Throwing
 33759 | Elf:3    | XOM: confuse monster(s)
 33788 | Elf:3    | XOM: noise
 33834 | Elf:3    | Reached skill level 15 in Armour
 33835 | Elf:3    | Sirjeffry24: darn elves
 33871 | Elf:3    | XOM: silly message
 33876 | Elf:3    | XOM: enchant monster (bad)
 33913 | Elf:3    | Found the +3 crown of Dyrovepreva {rElec Int+2 SInv}
 33939 | Elf:3    | Sirjeffry24: cool crown
 34181 | Elf:3    | scionoferis: eh, already have hat of alchemis, which is
                  | awesome... except Xom gave me giant horns so it fell
                  | off....
 34311 | Elf:2    | XOM: 2-stop teleportation journey
 34381 | Elf:2    | Sirjeffry24: hey, at least he might shrink them agian
 34391 | Elf:2    | XOM: fog
 34408 | Elf:2    | XOM: cleaving
 34425 | Elf:2    | Reached skill level 17 in Throwing
 34866 | Vaults:1 | XOM: stealth player
 34866 | Vaults:1 | Entered Level 1 of the Vaults
 35013 | Vaults:1 | XOM: divination: magic mapping
 35069 | Vaults:1 | XOM: stat loss: -1 Int (21/22)
 35218 | Vaults:1 | Learned a level 1 spell: Apportation
 35221 | Vaults:1 | Learned a level 2 spell: Blink
 35224 | Vaults:1 | Learned a level 2 spell: Lesser Beckoning
 35229 | Vaults:1 | Learned a level 4 spell: Manifold Assault
 35371 | Vaults:1 | Identified the +3 mace of the Dwarven Hall {heavy, rElec
                  | rF+ rC+ Str-4}
 35442 | Vaults:1 | Found Satiggol's Weapon Emporium.
 35453 | Vaults:1 | XOM: cast spell 'Metabolic Englaciation'
 35504 | Vaults:1 | XOM: enchant monster (good)
 35658 | Vaults:1 | Found Kaul's Armour Boutique.
 35699 | Vaults:1 | XOM: god gift: scroll of teleportation
 35831 | Vaults:1 | XOM: silly message
 35845 | Vaults:1 | XOM: summons 1 hostile demon
 35861 | Vaults:1 | Reached skill level 19 in Fighting
 35896 | Vaults:1 | Reached skill level 18 in Throwing
 35964 | Vaults:1 | Reached XP level 21. HP: 217/217 MP: 20/20
 36098 | Vaults:2 | XOM: confuse monster(s)
 36108 | Vaults:2 | Noticed Jory
 36124 | Vaults:2 | Killed Jory
 36183 | Vaults:2 | XOM: enchant monster (good)
 36186 | Vaults:2 | XOM: cast spell 'Cause Fear'
 36188 | Vaults:2 | XOM: summons 2 friendly demons
 36203 | Vaults:2 | XOM: summons 9 friendly demons
 36262 | Vaults:2 | Identified the +7 war axe of Myiddyov {antimagic, Will+
                  | Int-2 Dex+9}
 36432 | Vaults:2 | XOM: 4-stop teleportation journey
 36478 | Vaults:2 | XOM: silly message
 36483 | Vaults:2 | Reached skill level 19 in Throwing
 36599 | Vaults:2 | XOM: potion effect (haste)
 36611 | Vaults:2 | Found a staircase to the Crypt.
 36613 | Vaults:2 | XOM: silly message
 36634 | Vaults:2 | XOM: silly message
 36802 | Vaults:2 | XOM: divination: detect creatures
 36874 | Vaults:2 | XOM: summons 1 hostile demon
 37039 | Vaults:2 | XOM: cleaving
 37115 | Vaults:2 | XOM: cast spell 'Dispersal'
 37502 | Vaults:3 | Reached skill level 20 in Fighting
 37512 | Vaults:3 | Identified the +6 hand axe of Coyqenorch {flame, Int+2}
 37529 | Vaults:3 | Identified the +0 robe of Restlessness {rPois Will+ Dex+4}
 37561 | Vaults:3 | XOM: 3-stop teleportation journey
 37985 | Vaults:3 | Reached skill level 20 in Throwing
 37997 | Vaults:3 | XOM: polymorph deep troll -> death drake
 38134 | Vaults:3 | XOM: destruction
 38424 | Vaults:3 | XOM: give mutations
 38424 | Vaults:3 | Gained mutation: You are covered in fur. (AC +1) [Xom's
                  | grace]
 38424 | Vaults:3 | Gained mutation: You are strong-willed. (Will+) [Xom's
                  | grace]
 38424 | Vaults:3 | Gained mutation: You have a somewhat thin skeletal
                  | structure. (Dex +2, Stealth+) [Xom's grace]
 38508 | Vaults:4 | Noticed Xtahua
 38516 | Vaults:4 | Killed Xtahua
 38617 | Vaults:4 | XOM: cast spell 'Summon Small Mammal'
 38639 | Vaults:4 | Noticed Sojobo
 38661 | Vaults:4 | XOM: cast spell 'Call Canine Familiar'
 38664 | Vaults:4 | Paralysed by an air elemental for 1 turns
 38669 | Vaults:4 | Killed Sojobo
 38673 | Vaults:4 | Reached skill level 21 in Throwing
 38756 | Vaults:4 | Found Agyx's Weapon Boutique.
 38756 | Vaults:4 | XOM: 10-stop teleportation journey
 38802 | Vaults:4 | XOM: potion effect (berserk rage)
 38807 | Vaults:4 | Reached skill level 1 in Translocations
 38876 | Vaults:4 | Reached skill level 2 in Translocations
 38916 | Vaults:4 | XOM: divination: detect items
 39077 | Vaults:4 | XOM: potion effect (experience)
 39077 | Vaults:4 | Reached skill level 4 in Translocations
 39077 | Vaults:4 | Reached XP level 22. HP: 229/229 MP: 21/21
 39155 | Vaults:4 | Reached XP level 23. HP: 217/236 MP: 22/22
 39159 | Vaults:4 | XOM: noise
 39226 | Vaults:4 | Reached skill level 5 in Translocations
 39579 | Vaults:4 | XOM: god gift: amulet of magic regeneration
 39738 | D:14     | Learned a level 4 spell: Passage of Golubria
 39794 | Vaults:2 | XOM: confuse monster(s)
 40251 | D:15     | XOM: divination: detect items
 40366 | Orc:2    | Bought 3 javelins for 126 gold pieces
 40366 | Orc:2    | Bought 2 boomerangs for 56 gold pieces
 40366 | Orc:2    | Bought a scroll of brand weapon for 133 gold pieces
 40393 | Orc:1    | XOM: silly message
 40401 | Orc:1    | Bought 2 potions of heal wounds for 320 gold pieces
 40502 | Lair:2   | XOM: torment (131/236 hp)
 40543 | Shoals:3 | Bought a scroll of brand weapon for 152 gold pieces
 40804 | Crypt:1  | Entered Level 1 of the Crypt
 40853 | Crypt:1  | Reached skill level 1 in Spellcasting
 40856 | Crypt:1  | XOM: 3-stop teleportation journey
 40874 | Crypt:1  | Found a magical portal.
 40874 | Crypt:1  | XOM: 5-stop teleportation journey
 40881 | Crypt:1  | XOM: stat loss: -1 Int (21/22)
 40898 | Crypt:1  | XOM: scenery: summon butterflies
 40908 | Crypt:1  | XOM: divination: detect items
 40909 | Crypt:1  | XOM: 4-stop teleportation journey
 40926 | WizLab   | Entered Maxwell's Workshop
 41080 | WizLab   | XOM: divine lightning
 41102 | WizLab   | Reached skill level 2 in Spellcasting
 41110 | WizLab   | Identified the ring of Zoysyus Qyo {Fire SInv}
 41112 | WizLab   | Identified the ring of Otsav {Ice rN+ Str+3 Int+5}
 41130 | WizLab   | Reached skill level 6 in Translocations
 41208 | WizLab   | XOM: cast spell 'Death Channel'
 41295 | WizLab   | XOM: divination: detect items
 41310 | WizLab   | Reached skill level 3 in Spellcasting
 41374 | WizLab   | Identified the +10 sling "Niyggaf" {freeze, rPois rF++
                  | Dex+3}
 41383 | WizLab   | XOM: enchant monster (good)
 41414 | WizLab   | Noticed an electric golem
 41416 | WizLab   | XOM: fog
 41418 | WizLab   | XOM: destruction
 41434 | WizLab   | Killed an electric golem
 41457 | WizLab   | Identified the ring "Kareb" {Ice rPois rN+ Will+ rCorr}
 41674 | Crypt:1  | XOM: summons friendly white imp
 41696 | Crypt:1  | XOM: blink monster(s)
 41699 | Crypt:1  | XOM: silly message
 41705 | Crypt:1  | XOM: give mutation
 41705 | Crypt:1  | Lost mutation: You are mostly covered in iridescent scales.
                  | (AC +4) [Xom's mischief]
 41706 | Crypt:1  | Reached skill level 7 in Translocations
 41710 | Crypt:1  | XOM: stat loss: -1 Dex (18/19)
 41751 | Crypt:1  | XOM: chaos upgrade
 41760 | Crypt:1  | Reached skill level 4 in Spellcasting
 41933 | Crypt:1  | XOM: 4-stop teleportation journey
 42029 | Crypt:1  | XOM: stat loss: -1 Int (21/22)
 42370 | Crypt:2  | XOM: give mutation
 42370 | Crypt:2  | Lost mutation: You have a somewhat thin skeletal structure.
                  | (Dex +2, Stealth+) [Xom's mischief]
 42387 | Crypt:2  | XOM: chaos cloud
 42388 | Crypt:2  | Paralysed by you for 3 turns
 42396 | Crypt:2  | Paralysed by you for 4 turns
 42396 | Crypt:2  | XOM: stat loss: -1 Int (20/22)
 42456 | Crypt:2  | XOM: enchant monster (good)
 42477 | Crypt:2  | XOM: 10-stop teleportation journey
 42527 | Crypt:2  | XOM: cleaving
 42590 | Crypt:2  | XOM: summons 7 friendly demons
 42600 | Crypt:2  | Reached skill level 5 in Spellcasting
 42635 | Crypt:1  | Reached skill level 8 in Translocations
 42711 | Crypt:2  | XOM: give mutations
 42711 | Crypt:2  | Gained mutation: You expend magic power (3 MP) to
                  | strengthen your wands. [Xom's grace]
 42711 | Crypt:2  | Gained mutation: You passively dampen the noise of your
                  | surroundings. [Xom's grace]
 42711 | Crypt:2  | Gained mutation: You are mostly covered in iridescent
                  | scales. (AC +4) [Xom's grace]
 42918 | Crypt:2  | XOM: scenery: summon butterflies
 42959 | Crypt:2  | XOM: summons 2 hostile demons
 43069 | Crypt:2  | XOM: give mutations
 43069 | Crypt:2  | Gained mutation: Your muscles are strong. (Str +4, Int/Dex
                  | -1) [Xom's grace]
 43069 | Crypt:2  | Gained mutation: Your skin changes colour to match your
                  | surroundings (Stealth+). [Xom's grace]
 43084 | Crypt:2  | XOM: give mutations
 43084 | Crypt:2  | Lost mutation: You passively map a small area around you.
                  | [Xom's mischief]
 43084 | Crypt:2  | Lost mutation: Your skin changes colour to match your
                  | surroundings (Stealth+). [Xom's mischief]
 43084 | Crypt:2  | Lost mutation: You possess an exceptional clarity of mind.
                  | [Xom's mischief]
 43214 | Crypt:2  | XOM: scenery: summon butterflies
 43272 | Crypt:3  | Entered Level 3 of the Crypt
 43325 | Crypt:3  | XOM: cleaving
 43348 | Crypt:3  | XOM: summons 4 friendly demons
 43426 | Crypt:3  | Found a staircase to the Tomb.
 43490 | Crypt:3  | Reached skill level 13 in Evocations
 43531 | Crypt:3  | XOM: divination: detect creatures
 43554 | Crypt:3  | XOM: scenery: summon butterflies
 43593 | Crypt:3  | Reached skill level 6 in Spellcasting
 43659 | Crypt:3  | Reached XP level 24. HP: 246/246 MP: 31/31
 43670 | Crypt:3  | Found a basalt altar of Yredelemnul.
 43670 | Crypt:3  | Noticed a dread lich
 43684 | Crypt:3  | Killed a dread lich
 43823 | Crypt:3  | Identified the ring of Piyloc {rF+ rN+}
 43823 | Crypt:3  | Identified the ring "Kuaxor" {rPois rF+ rN+ Will+ Dex+4}
 43823 | Crypt:3  | Identified the ring "Weozuem" {Contam rC+ rN+ Int+7}
 43832 | Crypt:3  | XOM: scenery: 2 doors close
 43839 | Crypt:3  | Identified the +5 short sword of Papruxew {freeze, *Slow
                  | rN+ MP+9}
 43876 | Crypt:3  | XOM: god gift: pair of gloves {god gift}
 43975 | Crypt:3  | Reached skill level 9 in Translocations
 44084 | Crypt:3  | XOM: summons 3 friendly demons
 44136 | Crypt:3  | XOM: enchant monster (good)
 44263 | Crypt:3  | XOM: silly message
 44310 | Crypt:3  | XOM: divination: magic mapping
 44472 | Crypt:3  | XOM: scenery: summon butterflies
 44766 | Depths:1 | Entered Level 1 of the Depths
 44871 | Depths:1 | XOM: destruction
 44975 | Depths:1 | Found a gateway to Hell.
 44979 | Depths:1 | Reached skill level 7 in Spellcasting
 45009 | Depths:1 | XOM: summons 13 hostile demons
 45010 | Depths:1 | XOM: confuse monster(s)
 45014 | Depths:1 | XOM: torment (120/246 hp)
 45020 | Depths:1 | XOM: silly message
 45215 | Depths:1 | Reached skill level 14 in Evocations
 45244 | Depths:1 | Noticed a caustic shrike
 45280 | Depths:1 | Killed a caustic shrike
 45363 | Depths:1 | XOM: 2-stop teleportation journey
 45554 | Depths:1 | XOM: enchant monster (good)
 45599 | Depths:2 | XOM: chaos upgrade
 45635 | Depths:2 | Found an ancient bone altar of Kikubaaqudgha.
 45647 | Depths:2 | XOM: silly message
 45648 | Depths:2 | XOM: 1-stop teleportation journey
 45654 | Depths:2 | XOM: destruction
 45662 | Depths:2 | Reached skill level 10 in Translocations
 45713 | Depths:2 | Found a broken altar of Ashenzari.
 45715 | Depths:2 | Found a one-way gate leading to the halls of Pandemonium.
 45782 | Depths:2 | Found a shadowy altar of Dithmenos.
 45828 | Depths:2 | XOM: polymorph tengu warrior -> anaconda
 45838 | Depths:2 | XOM: blink monster(s)
 45845 | Depths:2 | XOM: blink monster(s)
 45851 | Depths:2 | Identified the +6 orcbow of the Two Names {flame, rCorr}
 45873 | Depths:2 | Reached skill level 8 in Spellcasting
 45990 | Depths:2 | Noticed a caustic shrike
 45992 | Depths:2 | Noticed a caustic shrike
 45993 | Depths:2 | XOM: confusion (+ monsters)
 45993 | Depths:2 | Noticed a caustic shrike
 45994 | Depths:2 | Noticed a caustic shrike
 45994 | Depths:2 | Noticed a caustic shrike
 45996 | Depths:2 | XOM: destruction
 45998 | Depths:2 | Killed a caustic shrike
 46007 | Depths:2 | Killed a caustic shrike
 46009 | Depths:2 | Killed a caustic shrike
 46010 | Depths:2 | Killed a caustic shrike
 46012 | Depths:2 | XOM: summons friendly iron imp
 46018 | Depths:2 | Killed a caustic shrike
 46039 | Depths:2 | Reached skill level 15 in Evocations
 46044 | Depths:2 | XOM: potion effect (attraction)
 46096 | Depths:2 | Reached skill level 11 in Translocations
 46230 | Depths:2 | XOM: confuse monster(s)
 46247 | Depths:2 | XOM: potion effect (curing)
 46351 | Depths:2 | XOM: fake destruction
 46543 | Depths:2 | Reached XP level 25. HP: 250/254 MP: 34/34
 46582 | Depths:2 | XOM: enchant monster (bad)
 46674 | Depths:2 | XOM: silly message
 46704 | Depths:2 | Found a stormy altar of Qazlal.
 46706 | Depths:2 | Found a one-way gateway to a ziggurat.
 46850 | Depths:2 | Reached skill level 12 in Translocations
 47050 | Depths:2 | XOM: give mutation
 47050 | Depths:2 | Lost mutation: You are partially covered in large bone
                  | plates. (SH +4) [Xom's mischief]
 47072 | Depths:2 | XOM: noise
 47431 | Depths:3 | Identified the +4 plate armour "Puhop" {*Slow +Inv rElec
                  | Regen+}
 47497 | Depths:3 | Found a one-way gate to the infinite horrors of the Abyss.
 47497 | Depths:3 | Noticed Louise
 47504 | Depths:3 | Killed Louise
 47663 | Depths:3 | XOM: noise
 47928 | Depths:3 | XOM: summons 13 hostile demons
 48117 | Depths:3 | Found the +3 salamander hide armour {Flames, rFlCloud rF++
                  | rC--}
 48237 | Depths:4 | Entered Level 4 of the Depths
 48257 | Depths:4 | XOM: potion effect (heal wounds)
 48287 | Depths:4 | XOM: silly message
 48365 | Depths:4 | XOM: potion effect (might)
 48385 | Depths:4 | Reached XP level 26. HP: 264/264 MP: 34/34
 48470 | Depths:4 | Found an ancient bone altar of Kikubaaqudgha.
 48522 | Depths:4 | Noticed Vv
 48526 | Depths:4 | XOM: silly message
 48537 | Depths:4 | XOM: silly message
 48539 | Depths:4 | XOM: potion effect (curing)
 48553 | Depths:4 | XOM: divination: detect creatures
 48569 | Depths:4 | Killed Vv
 48669 | Depths:4 | XOM: cast spell 'Olgreb's Toxic Radiance'
 48842 | Depths:4 | XOM: noise
 48936 | Depths:4 | XOM: divination: detect creatures
 48979 | Depths:4 | Found a gate to the Realm of Zot.
 49191 | Depths:4 | XOM: swap monsters
 49664 | Depths:4 | XOM: swap monsters
 49666 | Depths:4 | Noticed Mennas
 49684 | Depths:4 | XOM: enchant monster (good)
 49699 | Depths:4 | Killed Mennas
 49708 | Depths:4 | XOM: divine lightning
 49762 | Depths:4 | XOM: summons 16 friendly demons
 49772 | Depths:4 | Reached skill level 13 in Shields
 49859 | Depths:4 | Found a glowing silver altar of Zin.
 50028 | Depths:4 | XOM: god gift: 18 gold pieces
 50037 | Depths:4 | XOM: smoke on damage
 50643 | D:11     | XOM: give mutations
 50643 | D:11     | Gained mutation: You passively map a small area around you.
                  | [Xom's grace]
 50643 | D:11     | Gained mutation: Your system is resistant to poisons.
                  | (rPois) [Xom's grace]
 50749 | Slime:1  | Entered Level 1 of the Pits of Slime
 50772 | Slime:1  | XOM: confusion (+ monsters)
 50841 | Slime:1  | XOM: divination: detect items
 50855 | Slime:1  | XOM: polymorph slime creature -> death drake
 51119 | Slime:1  | XOM: scenery: summon butterflies
 51336 | Slime:2  | XOM: fog
 51429 | Slime:3  | Reached skill level 16 in Armour
 51438 | Slime:3  | XOM: silly message
 51439 | Slime:3  | XOM: blink monster(s)
 51531 | Slime:3  | XOM: summons friendly shadow imp
 51996 | Slime:2  | XOM: noise
 52047 | Slime:2  | Paralysed by a formless jellyfish for 1 turns
 52428 | Slime:4  | Paralysed by a formless jellyfish for 1 turns
 52859 | Slime:5  | Identified the of Miuf
 52859 | Slime:5  | Identified the of Ziesyx
 52859 | Slime:5  | Entered Level 5 of the Pits of Slime
 52960 | Slime:5  | XOM: potion effect (haste)
 53151 | Slime:5  | XOM: silly message
 53286 | Slime:5  | XOM: divination: detect items
 53291 | Slime:5  | XOM: silly message
 53400 | Slime:5  | XOM: potion effect (attraction)
 53464 | Slime:5  | Reached skill level 21 in Fighting
 53464 | Slime:5  | Reached XP level 27. HP: 275/275 MP: 34/34
 53540 | Slime:5  | Found a viscous altar of Jiyva.
 53563 | Slime:5  | XOM: silly message
 53608 | Slime:5  | XOM: cast spell 'Summon Dragon'
 53859 | Slime:5  | Reached skill level 19 in Dodging
 53909 | Slime:5  | XOM: cleaving
 54028 | Slime:5  | Reached skill level 13 in Translocations
 54199 | Slime:5  | XOM: confusion
 54284 | Slime:4  | XOM: fog
 54326 | Slime:4  | XOM: god gift: +2 buckler of fire resistance
 54442 | Slime:5  | Noticed the Royal Jelly
 54446 | Slime:5  | XOM: scenery: summon butterflies
 54452 | Slime:5  | XOM: enchant monster (good)
 54460 | Slime:5  | Killed the Royal Jelly
 54461 | Slime:5  | Reached skill level 14 in Shields
 54522 | Slime:5  | Identified a scarf of resistance
 54635 | Slime:5  | Got a slimy rune of Zot
 54737 | Slime:5  | Acquired a manual of Spellcasting
 54795 | Slime:5  | XOM: give mutations
 54795 | Slime:5  | Gained mutation: You are completely covered in iridescent
                  | scales. (AC +6) [Xom's grace]
 54795 | Slime:5  | Gained mutation: You are somewhat resistant to further
                  | mutation. [Xom's grace]
 54822 | Slime:1  | XOM: divination: detect creatures
 54940 | D:11     | XOM: give mutations
 54940 | D:11     | Lost mutation: You are completely covered in iridescent
                  | scales. (AC +6) [Xom's mischief]
 54940 | D:11     | Lost mutation: You passively map a small area around you.
                  | [Xom's mischief]
 54940 | D:11     | Lost mutation: You are covered in fur. (AC +1) [Xom's
                  | mischief]
 54940 | D:11     | Lost mutation: Your muscles are strong. (Str +4, Int/Dex
                  | -1) [Xom's mischief]
 55327 | Shoals:2 | Killed Zays's ghost
 55349 | Shoals:2 | Identified the ring of Vyvuskol {rF- rN+ Will+ SInv}
 55356 | Shoals:2 | XOM: torment (147/264 hp)
 55707 | Zot:1    | Entered Level 1 of the Realm of Zot
 55713 | Zot:1    | Reached skill level 16 in Evocations
 55776 | Zot:1    | XOM: cast spell 'Cause Fear'
 55830 | Zot:1    | Noticed an orb of fire
 55830 | Zot:1    | Noticed an electric golem
 55830 | Zot:1    | XOM: 6-stop teleportation journey
 55875 | Zot:1    | XOM: summons 4 hostile shadow creatures
 56062 | Zot:1    | XOM: chaos cloud
 56069 | Zot:1    | XOM: blink monster(s)
 56123 | Zot:1    | XOM: summons 16 friendly demons
 56130 | Zot:1    | Killed an orb of fire
 56158 | Zot:1    | XOM: silly message
 56159 | Zot:1    | XOM: cleaving
 56220 | Zot:1    | XOM: cleaving
 56250 | Zot:1    | XOM: destruction
 56267 | Zot:1    | Reached skill level 17 in Armour
 56269 | Zot:1    | XOM: confuse monster(s)
 56276 | Zot:1    | XOM: silly message
 56285 | Zot:1    | XOM: noise
 56293 | Zot:1    | XOM: summons friendly ufetubus
 56295 | Zot:1    | Upgraded the game from 0.31-a0-889-g1a8549509d to
                  | 0.31-a0-920-g28cbb04a8c
 56304 | Depths:4 | Learned a level 2 spell: Wereblood
 56329 | Zot:1    | Reached skill level 1 in Transmutations
 56356 | Zot:1    | XOM: give mutation
 56356 | Zot:1    | Lost mutation: You are somewhat resistant to further
                  | mutation. [Xom's mischief]
 56413 | Zot:1    | Reached skill level 2 in Transmutations
 56420 | Zot:1    | Killed an electric golem
 56441 | Zot:1    | Reached skill level 9 in Spellcasting
 56720 | Zot:1    | XOM: stat loss: -1 Str (28/29)
 56749 | Zot:1    | XOM: scenery: create altars
 56777 | Zot:1    | XOM: divination: detect items
 56791 | Zot:1    | XOM: polymorph wind drake -> manticore
 56807 | Zot:1    | Reached skill level 3 in Transmutations
 56925 | Zot:1    | XOM: cloud trail
 57064 | Zot:2    | XOM: give mutations
 57064 | Zot:2    | Lost mutation: You are mostly covered in iridescent scales.
                  | (AC +4) [Xom's mischief]
 57064 | Zot:2    | Lost mutation: You expend magic power (3 MP) to strengthen
                  | your wands. [Xom's mischief]
 57111 | Zot:2    | XOM: summons 1 hostile demon
 57151 | Zot:2    | XOM: enchant monster (good)
 57155 | Zot:2    | XOM: polymorph tentacled monstrosity -> tentacled
                  | monstrosity
 57161 | Zot:2    | XOM: enchant monster (bad)
 57162 | Zot:2    | Reached skill level 4 in Transmutations
 57163 | Zot:2    | XOM: chaos upgrade
 57165 | Zot:2    | XOM: polymorph storm dragon -> storm dragon
 57273 | Zot:2    | XOM: 3-stop teleportation journey
 57315 | Zot:2    | XOM: 4-stop teleportation journey
 57318 | Zot:2    | Noticed a curse toe
 57323 | Zot:2    | XOM: butterfly on damage
 57326 | Zot:2    | Killed a curse toe
 57327 | Zot:2    | Reached skill level 5 in Transmutations
 57328 | Zot:2    | XOM: divination: detect items
 57340 | Zot:2    | XOM: confusion
 57754 | Zot:2    | Reached skill level 10 in Spellcasting
 57792 | Zot:2    | Noticed an electric golem
 57803 | Zot:2    | Reached skill level 1 in Shapeshifting
 57822 | Zot:2    | XOM: chaos upgrade
 57898 | Zot:2    | Killed an electric golem
 57899 | Zot:2    | Reached skill level 2 in Shapeshifting
 58208 | Zot:3    | XOM: confusion (+ monsters)
 58223 | Zot:3    | Reached skill level 6 in Transmutations
 58348 | Zot:3    | XOM: give mutation
 58348 | Zot:3    | Lost mutation: Your system is resistant to poisons. (rPois)
                  | [Xom's mischief]
 58355 | Zot:3    | Reached skill level 3 in Shapeshifting
 58479 | Zot:3    | XOM: silly message
 58491 | Zot:3    | XOM: swap monsters
 58492 | Zot:3    | XOM: blink monster(s)
 58799 | Zot:4    | Reached skill level 4 in Shapeshifting
 59000 | Zot:4    | Noticed an orb of fire
 59002 | Zot:4    | Gained mutation: You are clumsy. (Dex -2) [an orb of fire]
 59005 | Zot:4    | Killed an orb of fire
 59006 | Zot:4    | Reached skill level 11 in Spellcasting
 59051 | Zot:4    | Noticed an orb of fire
 59055 | Zot:4    | Killed an orb of fire
 59056 | Zot:4    | Reached skill level 7 in Transmutations
 59056 | Zot:4    | Reached skill level 5 in Shapeshifting
 59085 | Zot:4    | XOM: cast spell 'Summon Cactus Giant'
 59093 | Zot:4    | XOM: smoke on damage
 59120 | Zot:4    | Found an ancient bone altar of Kikubaaqudgha.
 59163 | Zot:4    | XOM: 3-stop teleportation journey
 59359 | Zot:4    | XOM: swap monsters
 59404 | Zot:4    | Identified the +0 orcbow of Suifegg {heavy, Dex+4}
 59630 | Zot:4    | Reached skill level 6 in Shapeshifting
 59639 | Zot:4    | XOM: give mutations
 59639 | Zot:4    | Lost mutation: You are clumsy. (Dex -2) [Xom's mischief]
 59639 | Zot:4    | Lost mutation: Your mind is very acute. (Int +8, Str/Dex
                  | -2) [Xom's mischief]
 59639 | Zot:4    | Lost mutation: You heal very quickly. [Xom's mischief]
 59639 | Zot:4    | Lost mutation: Your mind is acute. (Int +4, Str/Dex -1)
                  | [Xom's mischief]
 59997 | D:15     | XOM: summons 13 hostile demons
 60167 | Vaults:5 | Entered Level 5 of the Vaults
 60168 | Vaults:5 | XOM: blink monster(s)
 60199 | Vaults:5 | XOM: 1-stop teleportation journey
 60239 | Vaults:5 | XOM: summons friendly white imp
 60276 | Vaults:5 | Reached skill level 7 in Shapeshifting
 60277 | Vaults:5 | XOM: enchant monster (good)
 60289 | Vaults:5 | XOM: divination: detect creatures
 60301 | Vaults:5 | Reached skill level 8 in Transmutations
 60355 | Vaults:5 | Noticed a dread lich
 60363 | Vaults:5 | XOM: confuse monster(s)
 60373 | Vaults:5 | Killed a dread lich
 60374 | Vaults:5 | Reached skill level 12 in Spellcasting
 60410 | Vaults:5 | XOM: silly message
 60421 | Vaults:5 | Identified the +6 great sword "Beall" {freeze, rF- rCorr
                  | Str-2 Int+8}
 60479 | Vaults:5 | XOM: confuse monster(s)
 60503 | Vaults:5 | Identified the ring "Wucketig" {rF+ rC+++ EV+5 Str-3 SInv}
 60520 | Vaults:5 | XOM: noise
 60565 | Vaults:5 | XOM: cast spell 'Leda's Liquefaction'
 60574 | Vaults:5 | Reached skill level 8 in Shapeshifting
 60656 | Vaults:5 | XOM: silly message
 60661 | Vaults:5 | XOM: divination: magic mapping
 60685 | Vaults:5 | Identified the +7 short sword "Kiufier" {heavy, rF- Str+4
                  | Int+4}
 60691 | Vaults:5 | XOM: potion effect (brilliance)
 60783 | Vaults:5 | Reached skill level 9 in Shapeshifting
 60846 | Vaults:5 | XOM: blink monster(s)
 61131 | Vaults:5 | XOM: cast spell 'Metabolic Englaciation'
 61174 | Vaults:5 | Reached skill level 10 in Shapeshifting
 61250 | Vaults:5 | Identified the +8 long sword "Muanaowk" {heavy, rF+ Int+2
                  | Stlth-}
 61254 | Vaults:5 | XOM: silly message
 61464 | Vaults:5 | Identified the +1 broad axe "Ogre's Regret" {antimagic,
                  | *Corrode rC- Str+3 Dex+6}
 61571 | Vaults:5 | Noticed a dread lich
 61584 | Vaults:5 | XOM: summons 5 friendly demons
 61595 | Vaults:5 | Killed a dread lich
 61596 | Vaults:5 | Reached skill level 11 in Shapeshifting
 61608 | Vaults:5 | XOM: fog
 61677 | Vaults:5 | XOM: summons 3 hostile shadow creatures
 61708 | Vaults:5 | Got a silver rune of Zot
 61792 | Vaults:5 | Acquired a manual of Dodging
 62358 | Elf:3    | XOM: give mutations
 62358 | Elf:3    | Gained mutation: You have hidden genetic potential. [Xom's
                  | mischief]
 62358 | Elf:3    | Lost mutation: Your natural rate of healing is unusually
                  | fast. [Xom's mischief]
 62358 | Elf:3    | Lost mutation: You passively dampen the noise of your
                  | surroundings. [Xom's mischief]
 62358 | Elf:3    | Gained mutation: You are occasionally teleported next to
                  | monsters. [Xom's mischief]
 62456 | Elf:3    | You paid a toll of 5 scrolls of blinking to enter a
                  | treasure trove
 62457 | Trove    | Entered a treasure trove
 62462 | Trove    | Found the dreamshard necklace {Acrobat *Dream}
 62468 | Trove    | Identified the +1 pair of boots of Fofyiq {Fly rC+}
 62477 | Trove    | Identified the +2 robe "Qahiobb" {Rampage rF++ Regen+
                  | Str+3}
 62478 | Trove    | Identified the +6 tower shield of Yesterday {rC- rN+
                  | Regen+}
 62557 | Elf:3    | Learned a level 2 spell: Passwall
 63048 | Zot:5    | Entered Level 5 of the Realm of Zot
 63049 | Zot:5    | Noticed a curse toe
 63061 | Zot:5    | Killed a curse toe
 63062 | Zot:5    | Reached skill level 22 in Throwing
 63147 | Zot:5    | XOM: silly message
 63256 | Zot:5    | XOM: swap monsters
 63258 | Zot:5    | XOM: polymorph Orb Guardian -> minotaur
 63260 | Zot:5    | Noticed an orb of fire
 63261 | Zot:5    | XOM: polymorph minotaur -> catoblepas
 63264 | Zot:5    | Noticed an electric golem
 63275 | Zot:5    | Lost mutation: You are robust. (+10% HP) [an orb of fire]
 63279 | Zot:5    | XOM: summons 10 friendly demons
 63282 | Zot:5    | Gained mutation: Your spells are a little easier to cast,
                  | but a little less powerful. [an orb of fire]
 63284 | Zot:5    | Killed an orb of fire
 63292 | Zot:5    | Noticed an electric golem
 63301 | Zot:5    | Noticed an orb of fire
 63302 | Zot:5    | Noticed a dread lich
 63302 | Zot:5    | Noticed an orb of fire
 63302 | Zot:5    | XOM: 2-stop teleportation journey
 63305 | Zot:5    | XOM: cleaving
 63315 | Zot:5    | XOM: confusion
 63322 | Zot:5    | XOM: summons 4 hostile shadow creatures
 63328 | Zot:5    | Noticed an ancient lich
 63834 | Zot:5    | Reached skill level 15 in Shields
 63845 | Zot:5    | XOM: draining
 63849 | Zot:5    | Noticed a dread lich
 63854 | Zot:5    | Noticed an orb of fire
 63854 | Zot:5    | XOM: confusion (+ monsters)
 63867 | Zot:5    | XOM: polymorph Killer Klown -> shard shrike
 63875 | Zot:5    | XOM: divine lightning
 63902 | Zot:5    | XOM: chaos cloud
 63902 | Zot:5    | Gained mutation: You occasionally lose the ability to read
                  | scrolls when taking damage. [an orb of fire]
 63913 | Zot:5    | HP: 7/241 [red draconian scorcher/damnation[a yellow
                  | draconian annihilator] (33)]
 63921 | Zot:5    | HP: 23/241 [electric golem (9)]
 63934 | Zot:5    | HP: 18/241 [orb of fire/fireball (13)]
 64224 | Zot:4    | Lost mutation: You have sharp toenails. [potion of
                  | mutation]
 64224 | Zot:4    | Lost mutation: You have hidden genetic potential. [potion
                  | of mutation]
 64224 | Zot:4    | Lost mutation: You are strong-willed. (Will+) [potion of
                  | mutation]
 64224 | Zot:4    | Gained mutation: You are dopey. (Int -2) [potion of
                  | mutation]
 64224 | Zot:4    | Lost mutation: You are occasionally teleported next to
                  | monsters. [potion of mutation]
 64225 | Zot:4    | Lost mutation: You occasionally lose the ability to read
                  | scrolls when taking damage. [potion of mutation]
 64225 | Zot:4    | Lost mutation: Your spells are a little easier to cast, but
                  | a little less powerful. [potion of mutation]
 64225 | Zot:4    | Gained mutation: You expend magic power (3 MP) to
                  | strengthen your wands. [potion of mutation]
 64324 | Zot:5    | XOM: swap monsters
 64336 | Zot:5    | Killed an electric golem
 64563 | Zot:5    | Killed a dread lich
 64564 | Zot:5    | Reached skill level 20 in Dodging
 64598 | Zot:5    | XOM: noise
 64603 | Zot:5    | Lost mutation: You are partially covered in iridescent
                  | scales. (AC +2) [an orb of fire]
 64604 | Zot:5    | Killed an orb of fire
 64608 | Zot:5    | Killed an ancient lich
 64971 | Zot:5    | Gained mutation: Your magical capacity is low. (-10% MP)
                  | [an orb of fire]
 64972 | Zot:5    | Killed an orb of fire
 65059 | Zot:5    | XOM: enchant monster (bad)
 65078 | Zot:5    | XOM: confusion
 65099 | Zot:5    | XOM: chaos cloud
 65128 | Zot:5    | HP: 22/251 [electric golem (11)]
 65133 | Zot:5    | HP: 24/251 [electric golem/bolt of lightning (13)]
 65133 | Zot:5    | HP: 8/251 [electric golem (6)]
 65147 | Zot:5    | HP: 23/251 [electric golem (7)]
 65149 | Zot:5    | Killed an electric golem
 65586 | Zot:5    | Gained mutation: You have hidden genetic defects. [an orb
                  | of fire]
 65590 | Zot:5    | Gained mutation: Armour fits poorly on your strangely
                  | shaped body. [an orb of fire]
 65594 | Zot:5    | XOM: torment (90/251 hp)
 65596 | Zot:5    | XOM: draining
 65628 | Zot:5    | Killed an orb of fire
 65630 | Zot:5    | XOM: summons 6 hostile demons
 65658 | Zot:5    | XOM: blink monster(s)
 65664 | Zot:5    | Reached skill level 18 in Armour
 65700 | Zot:4    | Lost mutation: Your flesh is very cold resistant. (rC++)
                  | [potion of mutation]
 65700 | Zot:4    | Lost mutation: You have hidden genetic defects. [potion of
                  | mutation]
 65700 | Zot:4    | Lost mutation: You are dopey. (Int -2) [potion of mutation]
 66246 | Zot:5    | XOM: give mutations
 66246 | Zot:5    | Lost mutation: Your flesh is cold resistant. (rC+) [Xom's
                  | mischief]
 66246 | Zot:5    | Gained mutation: You have sharp fingernails. [Xom's
                  | mischief]
 66246 | Zot:5    | Lost mutation: You have a pair of large horns on your head.
                  | [Xom's mischief]
 66355 | Zot:5    | XOM: chaos cloud
 66356 | Zot:5    | XOM: stat loss: -1 Dex (30/31)
 66416 | Zot:5    | XOM: torment (104/254 hp)
 66525 | Zot:5    | XOM: give mutations
 66525 | Zot:5    | Gained mutation: You occasionally lose the ability to read
                  | scrolls when taking damage. [Xom's mischief]
 66525 | Zot:5    | Gained mutation: Your spells are a little easier to cast,
                  | but a little less powerful. [Xom's mischief]
 66525 | Zot:5    | Gained mutation: You have large cloven feet. [Xom's
                  | mischief]
 66525 | Zot:5    | Lost mutation: Your flesh is heat resistant. (rF+) [Xom's
                  | mischief]
 66525 | Zot:5    | Gained mutation: You are vulnerable to heat. (rF-) [Xom's
                  | mischief]
 66706 | Zot:5    | XOM: confusion
 66714 | Zot:5    | Killed a dread lich
 66715 | Zot:5    | Reached skill level 12 in Shapeshifting
 66724 | Zot:5    | a Killer Klown changed into a juggernaut
 66724 | Zot:5    | Noticed a juggernaut
 66724 | Zot:5    | XOM: polymorph Killer Klown -> juggernaut
 66739 | Zot:5    | Killed a juggernaut
 66740 | Zot:5    | Reached skill level 21 in Dodging
 66740 | Zot:5    | Reached skill level 16 in Shields
 67182 | Depths:1 | XOM: silly message
 67263 | Depths:3 | Voluntarily entered the Abyss.
 67264 | Abyss:1  | Found a corrupted altar of Lugonu.
 67276 | Abyss:1  | XOM: enchant monster (bad)
 67451 | Abyss:1  | Reached skill level 1 in Stealth
 67553 | Abyss:1  | XOM: scenery: create altars
 67639 | Abyss:1  | XOM: silly message
 67645 | Abyss:1  | XOM: enchant monster (good)
 67647 | Abyss:1  | Reached skill level 22 in Fighting
 67647 | Abyss:1  | Reached skill level 2 in Stealth
 67688 | Abyss:1  | XOM: noise
 67929 | Abyss:2  | XOM: divination: detect creatures
 67931 | Abyss:2  | Paralysed by accursed screaming for 1 turns
 67934 | Abyss:2  | XOM: enchant monster (bad)
 67948 | Abyss:2  | XOM: blink monster(s)
 67953 | Abyss:2  | HP: 11/254 [Hell Sentinel/damnation (48)]
 68071 | Abyss:2  | XOM: divination: detect items
 68200 | Abyss:2  | XOM: silly message
 68239 | Abyss:2  | XOM: enchant monster (good)
 68268 | Abyss:2  | Reached skill level 3 in Stealth
 68283 | Abyss:2  | Found a corrupted altar of Lugonu.
 68308 | Abyss:2  | Found a corrupted altar of Lugonu.
 68341 | Abyss:2  | Found a corrupted altar of Lugonu.
 68367 | Abyss:2  | Found a corrupted altar of Lugonu.
 68373 | Abyss:2  | Found a corrupted altar of Lugonu.
 68373 | Abyss:2  | Found a corrupted altar of Lugonu.
 68399 | Abyss:2  | XOM: enchant monster (bad)
 68411 | Abyss:2  | Found a corrupted altar of Lugonu.
 68480 | Abyss:2  | XOM: enchant monster (good)
 68488 | Abyss:2  | XOM: summons 8 hostile demons
 68540 | Depths:3 | You pass through the gate.
 68540 | Depths:3 | Escaped the Abyss
 68655 | Depths:3 | Voluntarily entered the Abyss.
 68696 | Abyss:2  | XOM: give mutations
 68696 | Abyss:2  | Lost mutation: Armour fits poorly on your strangely shaped
                  | body. [Xom's mischief]
 68696 | Abyss:2  | Lost mutation: You have large cloven feet. [Xom's mischief]
 68696 | Abyss:2  | Lost mutation: You expend magic power (3 MP) to strengthen
                  | your wands. [Xom's mischief]
 68696 | Abyss:2  | Lost mutation: You have sharp fingernails. [Xom's mischief]
 68798 | Abyss:2  | Reached skill level 4 in Stealth
 68839 | Abyss:2  | XOM: potion effect (invisibility)
 68844 | Abyss:2  | Reached skill level 23 in Throwing
 68861 | Abyss:2  | XOM: polymorph yellow draconian -> formless jellyfish
 68919 | Abyss:2  | XOM: give mutations
 68919 | Abyss:2  | Lost mutation: You occasionally lose the ability to read
                  | scrolls when taking damage. [Xom's mischief]
 68919 | Abyss:2  | Gained mutation: Your spells are easier to cast, but less
                  | powerful. [Xom's mischief]
 68919 | Abyss:2  | Gained mutation: You are frail. (-10% HP) [Xom's mischief]
 68919 | Abyss:2  | Gained mutation: You have large cloven feet. [Xom's
                  | mischief]
 68979 | Abyss:2  | Found a corrupted altar of Lugonu.
 68983 | Abyss:2  | Found a corrupted altar of Lugonu.
 68996 | Abyss:2  | XOM: polymorph large abomination -> large abomination
 69044 | Abyss:2  | XOM: chaos cloud
 69103 | Abyss:2  | Found a corrupted altar of Lugonu.
 69103 | Abyss:2  | Found a corrupted altar of Lugonu.
 69108 | Abyss:2  | Found a corrupted altar of Lugonu.
 69117 | Abyss:2  | XOM: give mutations
 69117 | Abyss:2  | Lost mutation: You are frail. (-10% HP) [Xom's mischief]
 69117 | Abyss:2  | Lost mutation: Your magical capacity is low. (-10% MP)
                  | [Xom's mischief]
 69147 | Abyss:2  | Found a corrupted altar of Lugonu.
 69162 | Abyss:2  | XOM: polymorph raiju -> jumping spider
 69169 | Abyss:2  | XOM: polymorph brown very ugly thing -> green very ugly
                  | thing
 69171 | Abyss:2  | XOM: polymorph brown very ugly thing -> red very ugly thing
 69175 | Abyss:2  | XOM: polymorph quasit -> cerulean imp
 69217 | Abyss:2  | XOM: chaos cloud
 69420 | Abyss:2  | Found a corrupted altar of Lugonu.
 69501 | Abyss:2  | XOM: swap monsters
 69516 | Abyss:2  | Reached skill level 5 in Stealth
 69518 | Abyss:2  | Learned a level 1 spell: Summon Small Mammal
 69587 | Abyss:2  | XOM: chaos cloud
 69597 | Abyss:2  | Found a hazy altar of Hepliaklqana.
 69654 | Abyss:2  | XOM: polymorph rat -> wolf
 69775 | Abyss:2  | XOM: noise
 69796 | Abyss:2  | Found an ornate altar of the Wu Jian Council.
 69820 | Abyss:2  | XOM: chaos upgrade
 69848 | Abyss:2  | XOM: confuse monster(s)
 69928 | Abyss:2  | Learned a level 3 spell: Call Canine Familiar
 69967 | Abyss:2  | Found a corrupted altar of Lugonu.
 69980 | Abyss:2  | XOM: potion effect (brilliance)
 69987 | Abyss:2  | XOM: cast spell 'Summon Ice Beast'
 69988 | Abyss:2  | XOM: silly message
 70099 | Abyss:2  | XOM: enchant monster (good)
 70204 | Abyss:3  | Found a glowing golden altar of the Shining One.
 70209 | Abyss:3  | XOM: cast spell 'Death Channel'
 70225 | Abyss:3  | XOM: blink monster(s)
 70246 | Abyss:3  | Reached skill level 22 in Dodging
 70281 | Abyss:3  | Noticed a juggernaut
 70283 | Abyss:3  | XOM: divination: detect creatures
 70293 | Abyss:3  | Killed a juggernaut
 70294 | Abyss:3  | Reached skill level 6 in Stealth
 70296 | Abyss:3  | Got an abyssal rune of Zot
 70370 | Abyss:3  | XOM: god gift: 9 stones
 70425 | Abyss:3  | XOM: swap monsters
 70430 | Abyss:3  | XOM: cast spell 'Death Channel'
 70508 | Abyss:3  | XOM: polymorph raiju -> shapeshifter
 70528 | Abyss:3  | XOM: potion effect (curing)
 70563 | Abyss:3  | XOM: divination: detect items
 70598 | Abyss:3  | Identified the of Sodingushel
 70598 | Abyss:3  | Identified the "Izits"
 70598 | Abyss:3  | Identified the of Jiynent
 70598 | Abyss:3  | Identified the "Ykergher"
 70598 | Abyss:3  | Identified the of Ysear
 70598 | Abyss:3  | Identified the "Omexig"
 70598 | Abyss:3  | Identified the "Fosown"
 70598 | Abyss:3  | Identified the "Jitiumul"
 70611 | Abyss:3  | Found a corrupted altar of Lugonu.
 70725 | Abyss:3  | Reached skill level 17 in Shields
 70940 | Abyss:3  | Reached skill level 7 in Stealth
 70979 | Abyss:3  | Found a corrupted altar of Lugonu.
 71050 | Abyss:3  | XOM: potion effect (invisibility)
 71103 | Abyss:3  | XOM: divine lightning
 71128 | Abyss:3  | Found a corrupted altar of Lugonu.
 71137 | Abyss:3  | XOM: enchant monster (good)
 71150 | Abyss:3  | XOM: god gift: potion of heal wounds
 71190 | Abyss:3  | XOM: silly message
 71191 | Abyss:3  | XOM: destruction
 71192 | Abyss:3  | XOM: confusion (+ monsters)
 71197 | Abyss:3  | XOM: potion effect (curing)
 71207 | Abyss:3  | XOM: potion effect (heal wounds)
 71209 | Depths:3 | You pass through the gate.
 71209 | Depths:3 | Escaped the Abyss
 71226 | Depths:3 | Voluntarily entered the Abyss.
 71269 | Abyss:3  | XOM: silly message
 71293 | Abyss:3  | XOM: silly message
 71318 | Abyss:3  | XOM: polymorph rakshasa -> hell hog
 71320 | Abyss:3  | Found a corrupted altar of Lugonu.
 71363 | Abyss:3  | XOM: confusion
 71462 | Abyss:3  | XOM: confusion
 71491 | Abyss:3  | XOM: stat loss: -1 Int (8/12)
 71493 | Abyss:3  | Noticed a dread lich
 71501 | Depths:3 | You pass through the gate.
 71501 | Depths:3 | Escaped the Abyss
 71865 | Depths:3 | Voluntarily entered the Abyss.
 71907 | Abyss:3  | Found a corrupted altar of Lugonu.
 71909 | Abyss:3  | XOM: enchant monster (bad)
 71912 | Abyss:3  | Found a corrupted altar of Lugonu.
 71914 | Abyss:3  | XOM: confusion
 71956 | Abyss:3  | XOM: divination: magic mapping
 71958 | Abyss:3  | XOM: god gift: 6 boomerangs
 71969 | Abyss:3  | XOM: noise
 71975 | Abyss:3  | XOM: summons 13 hostile demons
 71979 | Abyss:3  | Killed a dread lich
 71980 | Abyss:3  | Reached skill level 8 in Stealth
 72044 | Abyss:3  | XOM: confusion
 72155 | Abyss:3  | XOM: blink monster(s)
 72208 | Abyss:3  | Reached skill level 23 in Fighting
 72208 | Abyss:3  | Reached skill level 24 in Throwing
 72268 | Abyss:3  | XOM: noise
 72461 | Abyss:3  | XOM: blink monster(s)
 72506 | Abyss:3  | Gained mutation: Your magical capacity is low. (-10% MP) [a
                  | neqoxec]
 72507 | Abyss:3  | Gained mutation: You are dopey. (Int -2) [a neqoxec]
 72531 | Abyss:3  | XOM: repel stairs
 72540 | Abyss:3  | XOM: torment (135/206 hp)
 72550 | Abyss:3  | XOM: polymorph neqoxec -> ynoxinul
 72552 | Abyss:3  | Reached skill level 23 in Dodging
 72559 | Abyss:3  | XOM: divine lightning
 72565 | Abyss:3  | XOM: fog
 72567 | Abyss:3  | Found a corrupted altar of Lugonu.
 72573 | Abyss:3  | XOM: enchant monster (good)
 72579 | Depths:3 | You pass through the gate.
 72579 | Depths:3 | Escaped the Abyss
 72646 | Tomb:3   | Identified the of Kasuog Ofen
 72646 | Tomb:3   | Identified the of Cualamie
 72646 | Tar:7    | Identified the "Osuamunt"
 72646 | Dis:7    | Identified the of Saxila
 72646 | Dis:7    | Identified the "Horoim"
 72646 | Geh:7    | Identified the of Punuujaicw
 72646 | Pan      | Entered Pandemonium
 72656 | Pan      | XOM: scenery: summon butterflies
 72673 | Pan      | XOM: scenery: create altars
 72682 | Pan      | Found an exit through the horrors of the Abyss.
 72728 | Pan      | XOM: polymorph ynoxinul -> neqoxec
 72732 | Pan      | XOM: fog
 72734 | Pan      | Reached skill level 9 in Stealth
 72738 | Pan      | XOM: summons 3 friendly demons
 72751 | Pan      | XOM: enchant monster (good)
 72766 | Pan      | Gained mutation: Your body sometimes deteriorates upon
                  | taking damage. [a cacodemon]
 72839 | Pan      | Learned a level 4 spell: Vhi's Electric Charge
 72893 | Pan      | XOM: silly message
 72910 | Pan      | XOM: summons friendly quasit
 72951 | Pan      | XOM: cast spell 'Summon Dragon'
 72972 | Pan      | Noticed Qirhow the pandemonium lord
 72984 | Pan      | XOM: cast spell 'Alistair's Intoxication'
 72985 | Pan      | XOM: confuse monster(s)
 73005 | Pan      | Reached skill level 1 in Air Magic
 73015 | Pan      | Killed Qirhow the pandemonium lord
 73393 | Pan      | Got a demonic rune of Zot
 73407 | Pan      | XOM: summons 1 hostile demon
 73460 | Pan      | Reached skill level 2 in Air Magic
 73543 | Pan      | Reached skill level 3 in Air Magic
 73576 | Pan      | XOM: cast spell 'Discord'
 73580 | Pan      | XOM: enchant monster (good)
 73582 | Pan      | Noticed Jiriruyd the pandemonium lord
 73590 | Pan      | Killed Jiriruyd the pandemonium lord
 73591 | Pan      | Reached skill level 4 in Air Magic
 73606 | Pan      | XOM: give mutation
 73606 | Pan      | Gained mutation: You expend magic power (3 MP) to
                  | strengthen your wands. [Xom's grace]
 73698 | Pan      | Found an exit through the horrors of the Abyss.
 73794 | Pan      | Entered the realm of Gloorx Vloq.
 73798 | Pan      | XOM: summons friendly red devil
 73805 | Pan      | Noticed a curse skull
 73820 | Pan      | Reached skill level 5 in Air Magic
 74007 | Pan      | Found an exit through the horrors of the Abyss.
 74195 | Pan      | Reached skill level 6 in Air Magic
 74404 | Pan      | XOM: scenery: create altars
 74413 | Pan      | XOM: enchant monster (good)
 74447 | Pan      | XOM: scenery: summon butterflies
 74554 | Pan      | Noticed a curse skull
 74557 | Pan      | Killed a curse skull
 74561 | Pan      | Reached skill level 7 in Air Magic
 74587 | Pan      | Killed a curse skull
 74676 | Pan      | Noticed Gloorx Vloq
 74694 | Pan      | Killed Gloorx Vloq
 74709 | Pan      | Got a dark rune of Zot
 74795 | Pan      | XOM: cloud trail
 74836 | Pan      | Reached skill level 8 in Air Magic
 74944 | Pan      | Reached skill level 18 in Shields
 75006 | Pan      | Noticed Fyonulej the pandemonium lord
 75016 | Pan      | Killed Fyonulej the pandemonium lord
 75118 | Pan      | XOM: scenery: create altars
 75152 | Pan      | XOM: cleaving
 75180 | Pan      | XOM: god gift: wand of charming (7)
 75243 | Pan      | XOM: scenery: create altars
 75254 | Pan      | XOM: cloud trail
 75309 | Pan      | XOM: polymorph green death -> cacodemon
 75310 | Pan      | XOM: cleaving
 75450 | Pan      | XOM: god gift: potion of curing
 75466 | Pan      | Found an exit through the horrors of the Abyss.
 75487 | Pan      | XOM: god gift: 24 gold pieces
 75513 | Pan      | XOM: summons friendly crimson imp
 75698 | Pan      | XOM: polymorph ynoxinul -> sixfirhy
 75699 | Pan      | Noticed Fatid the pandemonium lord
 75702 | Pan      | XOM: cleaving
 75712 | Pan      | XOM: summons friendly white imp
 75713 | Pan      | XOM: enchant monster (good)
 75725 | Pan      | Gained mutation: You occasionally lose the ability to drink
                  | potions when taking damage. [a cacodemon]
 75726 | Pan      | XOM: blink monster(s)
 75731 | Pan      | Killed Fatid the pandemonium lord
 75907 | Pan      | XOM: silly message
 76029 | Pan      | Identified the "Kames Xoi"
 76029 | Pan      | Identified the "Sefeb"
 76029 | Pan      | XOM: noise
 76126 | Pan      | XOM: enchant monster (bad)
 76142 | Pan      | Reached skill level 9 in Air Magic
 76174 | Pan      | XOM: silly message
 76235 | Pan      | XOM: 2-stop teleportation journey
 76237 | Pan      | Found an exit through the horrors of the Abyss.
 76279 | Pan      | XOM: confuse monster(s)
 76534 | Pan      | Found a transporter.
 76612 | Pan      | XOM: god gift: battleaxe {god gift}
 76707 | Pan      | Found a transporter.
 76763 | Pan      | XOM: divination: magic mapping
 76831 | Pan      | Reached skill level 24 in Dodging
 76834 | Pan      | XOM: cleaving
 76933 | Pan      | XOM: summons 5 friendly demons
 77004 | Pan      | Identified the ring of Wicrif {Ice rN+ rCorr SInv}
 77021 | Pan      | Identified the amulet "Lon Ajam" {Acrobat +Inv Will+ Regen+
                  | rCorr}
 77182 | Pan      | XOM: enchant monster (bad)
 77210 | Pan      | XOM: chaos cloud
 77333 | Pan      | Identified a +0 robe of resistance
 77350 | Pan      | XOM: enchant monster (good)
 77359 | Pan      | XOM: scenery: create altars
 77377 | Pan      | Noticed Hoaplief the pandemonium lord
 77389 | Pan      | Killed Hoaplief the pandemonium lord
 77496 | Pan      | XOM: confusion (+ monsters)
 77621 | Pan      | XOM: summons friendly quasit
 77641 | Pan      | Reached skill level 10 in Air Magic
 77645 | Pan      | Reached skill level 24 in Fighting
 77745 | Pan      | XOM: potion effect (might)
 77796 | Pan      | Reached skill level 19 in Shields
 77835 | Pan      | Noticed Ignacio
 77841 | Pan      | Ignacio changed into Ignacio the Ice Fiend
 77841 | Pan      | Noticed Ignacio
 77841 | Pan      | XOM: polymorph Ignacio -> Ignacio the Ice Fiend
 77850 | Pan      | Killed Ignacio the Ice Fiend
 77851 | Pan      | Reached skill level 17 in Evocations
 77995 | Pan      | XOM: polymorph large abomination -> large abomination
 78088 | Pan      | XOM: swap monsters
 78092 | Pan      | XOM: summons 2 friendly demons
 78098 | Pan      | Reached skill level 13 in Shapeshifting
 78245 | Depths:2 | You pass through the gate.
 78245 | Depths:2 | Escaped Pandemonium
 78304 | Hell     | Entered the Vestibule of Hell
 78304 | Hell     | Noticed Geryon
 78321 | Hell     | XOM: enchant monster (good)
 78333 | Hell     | Killed Geryon
 78334 | Hell     | XOM: fake destruction
 78450 | Depths:2 | XOM: cast spell 'Summon Mana Viper'
 78504 | Depths:2 | XOM: summons friendly iron imp
 78674 | Depths:2 | XOM: cleaving
 78965 | Hell     | XOM: potion effect (invisibility)
 79051 | Hell     | XOM: enchant monster (bad)
 79056 | Hell     | XOM: polymorph smoke demon -> sixfirhy
 79060 | Hell     | XOM: scenery: create altars
 79211 | Hell     | XOM: scenery: create altars
 79220 | Hell     | Reached skill level 20 in Shields
 79318 | Hell     | Found a gateway to the decaying netherworld of Tartarus.
 79377 | Hell     | Found a gateway to the freezing wastes of Cocytus.
 79377 | Hell     | XOM: noise
 79504 | Hell     | Found a gateway to the Iron City of Dis.
 79515 | Hell     | XOM: cast spell 'Summon Mana Viper'
 79544 | Hell     | XOM: confusion
 79571 | Hell     | XOM: give mutations
 79571 | Hell     | Lost mutation: Your magical capacity is low. (-10% MP)
                  | [Xom's mischief]
 79571 | Hell     | Lost mutation: You have large cloven feet. [Xom's mischief]
 79571 | Hell     | Gained mutation: Your spells are much easier to cast, but
                  | much less powerful. [Xom's mischief]
 79571 | Hell     | Gained mutation: Your natural rate of healing is unusually
                  | fast. [Xom's mischief]
 79665 | Hell     | XOM: cast spell 'Leda's Liquefaction'
 79706 | Hell     | Found a gateway to the ashen valley of Gehenna.
 79796 | Depths:2 | XOM: give mutation
 79796 | Depths:2 | Lost mutation: Your natural rate of healing is unusually
                  | fast. [Xom's mischief]
 79820 | Depths:2 | XOM: give mutation
 79820 | Depths:2 | Gained mutation: You have large cloven feet. [Xom's
                  | mischief]
 79846 | Pan      | Entered the realm of Lom Lobon.
 79846 | Pan      | Entered Pandemonium
 79874 | Pan      | Identified the +0 leather armour "Taog" {rN+++ Str+5 Int-5
                  | Stlth-}
 79884 | Pan      | XOM: 8-stop teleportation journey
 80014 | Pan      | XOM: noise
 80032 | Pan      | XOM: summons 9 hostile demons
 80186 | Pan      | Found an exit through the horrors of the Abyss.
 80198 | Pan      | XOM: 4-stop teleportation journey
 80231 | Pan      | XOM: torment (171/261 hp)
 80355 | Pan      | XOM: summons 1 hostile shadow creature
 80386 | Pan      | XOM: silly message
 80510 | Pan      | XOM: enchant monster (bad)
 80557 | Pan      | XOM: polymorph green death -> cacodemon
 80639 | Pan      | Reached skill level 18 in Evocations
 80648 | Pan      | Noticed Lom Lobon
 80649 | Pan      | XOM: chaos cloud
 80652 | Pan      | XOM: swap monsters
 80675 | Pan      | XOM: confusion
 80685 | Pan      | Killed Lom Lobon
 80686 | Pan      | Reached skill level 10 in Stealth
 80693 | Pan      | Got a magical rune of Zot
 80968 | Pan      | XOM: summons friendly white imp
 80970 | Pan      | XOM: butterfly on damage
 80994 | Pan      | XOM: potion effect (haste)
 81003 | Pan      | XOM: cleaving
 81005 | Pan      | Reached skill level 14 in Shapeshifting
 81010 | Pan      | XOM: confusion
 81011 | Pan      | XOM: chaos cloud
 81022 | Pan      | XOM: stat loss: -1 Str (26/27)
 81023 | Pan      | Noticed Ibuop the pandemonium lord
 81240 | Pan      | XOM: give mutations
 81240 | Pan      | Lost mutation: A frigid envelope surrounds you and freezes
                  | all who hurt you. [Xom's mischief]
 81240 | Pan      | Lost mutation: You have large cloven feet. [Xom's mischief]
 81240 | Pan      | Lost mutation: Your spells are much easier to cast, but
                  | much less powerful. [Xom's mischief]
 81240 | Pan      | Gained mutation: You are partially covered in iridescent
                  | scales. (AC +2) [Xom's mischief]
 81275 | Pan      | XOM: destruction
 81319 | Pan      | XOM: confuse monster(s)
 81337 | Pan      | Killed Ibuop the pandemonium lord
 81360 | Pan      | XOM: god gift: 41 gold pieces
 81398 | Pan      | XOM: summons 11 friendly demons
 81405 | Pan      | XOM: divination: detect creatures
 81414 | Pan      | XOM: destruction
 81415 | Pan      | XOM: destruction
 81450 | Pan      | XOM: god gift: battleaxe {god gift}
 81459 | Pan      | XOM: divination: magic mapping
 81460 | Pan      | Found a runed translucent door.
 81492 | Pan      | XOM: scenery: create altars
 81503 | Pan      | XOM: fog
 81657 | Pan      | XOM: fog
 81732 | Pan      | XOM: scenery: create altars
 81735 | Pan      | XOM: fog
 81764 | Pan      | XOM: scenery: summon butterflies
 81818 | Pan      | XOM: cleaving
 81825 | Pan      | XOM: scenery: 1 doors close
 81827 | Pan      | Reached skill level 21 in Shields
 81838 | Pan      | XOM: summons friendly crimson imp
 81859 | Pan      | XOM: divination: magic mapping
 81921 | Pan      | XOM: 5-stop teleportation journey
 81927 | Pan      | XOM: destruction
 81947 | Pan      | XOM: confuse monster(s)
 82003 | Pan      | XOM: divine lightning
 82090 | Pan      | XOM: 2-stop teleportation journey
 82199 | Pan      | Found an exit through the horrors of the Abyss.
 82277 | Pan      | Reached skill level 11 in Stealth
 82294 | Pan      | Noticed Enkibb the pandemonium lord
 82317 | Pan      | Killed Enkibb the pandemonium lord
 82447 | Pan      | XOM: noise
 82679 | Pan      | XOM: 9-stop teleportation journey
 82688 | Pan      | XOM: polymorph ufetubus -> shadow imp
 82766 | Pan      | XOM: give mutations
 82766 | Pan      | Gained mutation: You have very sharp teeth. [Xom's
                  | mischief]
 82766 | Pan      | Lost mutation: You have very sharp teeth. [Xom's mischief]
 83031 | Pan      | Identified the +7 spear of Niocusm {vamp, rC+}
 83231 | Pan      | XOM: butterfly on damage
 83312 | Pan      | XOM: blink monster(s)
 83342 | Pan      | XOM: noise
 83357 | Pan      | XOM: enchant monster (good)
 83369 | Pan      | XOM: divination: magic mapping
 83372 | Pan      | XOM: divination: detect items
 83377 | Pan      | XOM: confusion (+ monsters)
 83568 | Pan      | Noticed Biur the pandemonium lord
 83591 | Pan      | Killed Biur the pandemonium lord
 83672 | Pan      | Identified the "Hoerohim"
 83741 | Pan      | Noticed Tozier the pandemonium lord
 83782 | Pan      | Killed Tozier the pandemonium lord
 83796 | Pan      | XOM: summons friendly white imp
 83911 | Pan      | Identified the +10 hand axe "scionoferis's Bane" {freeze,
                  | rCorr Stlth+}
 83941 | Pan      | XOM: destruction
 84007 | Pan      | XOM: god gift: scroll of fog
 84365 | Pan      | XOM: enchant monster (good)
 84369 | Pan      | XOM: polymorph lorocyproca -> cacodemon
 84376 | Pan      | Reached skill level 12 in Stealth
 84581 | Pan      | Reached skill level 22 in Shields
 84582 | Pan      | XOM: summons 6 friendly demons
 84706 | Pan      | XOM: smoke on damage
 84708 | Pan      | Reached skill level 15 in Shapeshifting
 84738 | Pan      | XOM: potion effect (brilliance)
 85023 | Pan      | XOM: enchant monster (good)
 85035 | Pan      | XOM: blink monster(s)
 85041 | Pan      | XOM: polymorph reaper -> lorocyproca
 85059 | Pan      | Found an exit through the horrors of the Abyss.
 85338 | Pan      | XOM: confusion (+ monsters)
 85563 | Pan      | XOM: fog
 85578 | Pan      | XOM: enchant monster (good)
 85677 | Pan      | XOM: torment (171/261 hp)
 85800 | Pan      | XOM: summons 1 hostile shadow creature
 85805 | Pan      | XOM: blink monster(s)
 85984 | Pan      | XOM: summons 1 hostile demon
 86081 | Pan      | XOM: summons 2 hostile demons
 86106 | Pan      | Noticed Ysuda the pandemonium lord
 86108 | Pan      | Reached skill level 23 in Shields
 86184 | Pan      | XOM: noise
 86184 | Pan      | XOM: butterfly on damage
 86197 | Pan      | XOM: chaos cloud
 86202 | Pan      | XOM: polymorph butterfly -> endoplasm
 86203 | Pan      | Killed Ysuda the pandemonium lord
 86241 | Pan      | Found an exit through the horrors of the Abyss.
 86289 | Pan      | XOM: chaos cloud
 86343 | Pan      | XOM: 3-stop teleportation journey
 86711 | Pan      | Entered the realm of Cerebov.
 86719 | Pan      | Found an exit through the horrors of the Abyss.
 86778 | Pan      | XOM: potion effect (might)
 86915 | Pan      | XOM: 1-stop teleportation journey
 86983 | Pan      | XOM: swap monsters
 86989 | Pan      | XOM: summons 4 hostile shadow creatures
 87159 | Pan      | XOM: 2-stop teleportation journey
 87268 | Pan      | Identified the ring of Temptation {Contam Str+4 SInv
                  | Stlth+}
 87269 | Pan      | XOM: destruction
 87278 | Pan      | Reached skill level 1 in Earth Magic
 87301 | Pan      | XOM: polymorph balrug -> reaper
 87316 | Pan      | XOM: chaos upgrade
 87530 | Pan      | XOM: enchant monster (bad)
 87534 | Pan      | Reached skill level 2 in Earth Magic
 87587 | Pan      | Identified the staff "Wupsioz" {rPois rC+++ rN+ rCorr Str+2
                  | Poison}
 87623 | Pan      | Identified the ring "Miune" {rElec rN+ rCorr Str-2 SInv}
 87651 | Pan      | Identified the +2 dagger "Boatasche" {heavy, Int+3}
 87688 | Pan      | Identified the ring "Soq Zedi" {rC+ Will+}
 87729 | Pan      | XOM: give mutations
 87729 | Pan      | Gained mutation: You are very dopey. (Int -4) [Xom's
                  | mischief]
 87729 | Pan      | Gained mutation: You are weak. (Str -2) [Xom's mischief]
 87729 | Pan      | Lost mutation: You are partially covered in iridescent
                  | scales. (AC +2) [Xom's mischief]
 87766 | Pan      | Reached skill level 25 in Throwing
 87774 | Pan      | Found the +6 sword of Cerebov {flame}
 87774 | Pan      | Noticed Cerebov
 87774 | Pan      | XOM: confuse monster(s)
 87795 | Pan      | XOM: chaos cloud
 87840 | Pan      | Killed Cerebov
 87841 | Pan      | Reached skill level 16 in Shapeshifting
 87869 | Pan      | Got a fiery rune of Zot
 87899 | Pan      | XOM: polymorph balrug -> reaper
 87934 | Pan      | XOM: 1-stop teleportation journey
 87936 | Pan      | Found an exit through the horrors of the Abyss.
 87936 | Pan      | XOM: enchant monster (bad)
 87944 | Pan      | XOM: 1-stop teleportation journey
 87950 | Pan      | XOM: blink monster(s)
 87965 | Pan      | Gained mutation: You are very vulnerable to heat. (rF--) [a
                  | cacodemon]
 88017 | Pan      | XOM: stat loss: -1 Str (24/25)
 88117 | Pan      | XOM: butterfly on damage
 88121 | Pan      | XOM: 2-stop teleportation journey
 88122 | Pan      | XOM: enchant monster (bad)
 88130 | Pan      | Noticed Ytotuehi the pandemonium lord
 88131 | Pan      | XOM: summons friendly white imp
 88154 | Pan      | Killed Ytotuehi the pandemonium lord
 88322 | Pan      | XOM: enchant monster (bad)
 88329 | Pan      | Reached skill level 3 in Earth Magic
 88333 | Pan      | XOM: confusion (+ monsters)
 88481 | Pan      | Entered the realm of Mnoleg.
 88481 | Pan      | Noticed Mnoleg
 88483 | Pan      | XOM: polymorph neqoxec -> smoke demon
 88632 | Pan      | Gained mutation: You are clumsy. (Dex -2) [a cacodemon]
 88648 | Pan      | XOM: silly message
 88666 | Pan      | Found an exit through the horrors of the Abyss.
 88666 | Pan      | XOM: 2-stop teleportation journey
 88691 | Pan      | XOM: noise
 88703 | Pan      | Paralysed by a floating eye for 2 turns
 88705 | Pan      | XOM: polymorph floating eye -> fire crab
 88708 | Pan      | XOM: enchant monster (bad)
 88710 | Pan      | Gained mutation: You do not regenerate when monsters are
                  | visible. [a cacodemon]
 88725 | Pan      | Lost mutation: You are very dopey. (Int -4) [potion of
                  | mutation]
 88725 | Pan      | Lost mutation: You are weak. (Str -2) [potion of mutation]
 88732 | Pan      | Lost mutation: You occasionally lose the ability to drink
                  | potions when taking damage. [potion of mutation]
 88732 | Pan      | Lost mutation: You are very vulnerable to heat. (rF--)
                  | [potion of mutation]
 88732 | Pan      | Gained mutation: You are frail. (-10% HP) [potion of
                  | mutation]
 88732 | Pan      | Gained mutation: You are partially covered in iridescent
                  | scales. (AC +2) [potion of mutation]
 88733 | Pan      | Lost mutation: Your body sometimes deteriorates upon taking
                  | damage. [potion of mutation]
 88733 | Pan      | Lost mutation: You are dopey. (Int -2) [potion of mutation]
 88733 | Pan      | Lost mutation: You expend magic power (3 MP) to strengthen
                  | your wands. [potion of mutation]
 88733 | Pan      | Gained mutation: You have hidden genetic potential. [potion
                  | of mutation]
 88734 | Pan      | Lost mutation: You do not regenerate when monsters are
                  | visible. [potion of mutation]
 88734 | Pan      | Lost mutation: You are partially covered in iridescent
                  | scales. (AC +2) [potion of mutation]
 88734 | Pan      | Lost mutation: You are frail. (-10% HP) [potion of
                  | mutation]
 88806 | Pan      | XOM: blink monster(s)
 88839 | Pan      | XOM: give mutations
 88839 | Pan      | Gained mutation: You are vulnerable to cold. (rC-) [Xom's
                  | mischief]
 88839 | Pan      | Gained mutation: A frigid envelope surrounds you and
                  | freezes all who hurt you. [Xom's mischief]
 88839 | Pan      | Gained mutation: You passively map a small area around you.
                  | [Xom's mischief]
 88839 | Pan      | Lost mutation: You have hidden genetic potential. [Xom's
                  | mischief]
 88868 | Pan      | XOM: give mutations
 88868 | Pan      | Gained mutation: You are very clumsy. (Dex -4) [Xom's
                  | mischief]
 88868 | Pan      | Lost mutation: A frigid envelope surrounds you and freezes
                  | all who hurt you. [Xom's mischief]
 88962 | Pan      | XOM: god gift: scroll of acquirement
 88963 | Pan      | XOM: confusion (+ monsters)
 88965 | Pan      | XOM: destruction
 88984 | Pan      | Gained mutation: You are frail. (-10% HP) [a neqoxec]
 89012 | Pan      | XOM: summons 1 friendly demon
 89029 | Pan      | Killed Mnoleg
 89030 | Pan      | Got a glowing rune of Zot
 89042 | Pan      | XOM: polymorph golden eye -> blink frog
 89060 | Pan      | Acquired a manual of Earth Magic
 89108 | Pan      | XOM: scenery: create altars
 89321 | Pan      | Learned a level 4 spell: Animate Dead
 89329 | Pan      | Found a huge runed translucent gate.
 89329 | Pan      | XOM: 7-stop teleportation journey
 89356 | Pan      | Reached skill level 4 in Earth Magic
 89393 | Pan      | Found a huge runed translucent gate.
 89394 | Pan      | Found a huge runed translucent gate.
 89394 | Pan      | Found a huge runed translucent gate.
 89412 | Pan      | XOM: silly message
 89414 | Pan      | XOM: divination: detect creatures
 89448 | Pan      | XOM: divination: magic mapping
 89502 | Pan      | XOM: divination: detect creatures
 89522 | Pan      | XOM: divination: detect items
 89564 | Pan      | XOM: divination: detect creatures
 89605 | Pan      | Reached skill level 1 in Necromancy
 89679 | Pan      | XOM: divination: detect items
 89788 | Pan      | XOM: give mutation
 89788 | Pan      | Lost mutation: You are frail. (-10% HP) [Xom's grace]
 89945 | Pan      | Reached skill level 26 in Throwing
 89997 | Pan      | XOM: god gift: staff of air
 90080 | Pan      | XOM: god gift: javelin
 90093 | Pan      | Found a huge runed translucent gate.
 90093 | Pan      | Found a huge runed translucent gate.
 90094 | Pan      | Found a huge runed translucent gate.
 90097 | Pan      | Noticed Ytteihim the pandemonium lord
 90138 | Pan      | XOM: summons 2 friendly demons
 90140 | Pan      | XOM: scenery: create altars
 90141 | Pan      | XOM: cleaving
 90152 | Pan      | Killed Ytteihim the pandemonium lord
 90259 | Pan      | Reached skill level 2 in Necromancy
 90301 | Pan      | XOM: potion effect (might)
 90358 | Pan      | XOM: confusion
 90431 | Pan      | Noticed Nouw the pandemonium lord
 90434 | Pan      | XOM: 2-stop teleportation journey
 90438 | Pan      | XOM: smoke on damage
 90446 | Pan      | XOM: blink monster(s)
 90464 | Pan      | XOM: confusion
 90468 | Pan      | XOM: polymorph Nouw -> Nouw
 90473 | Pan      | Killed Nouw the pandemonium lord
 90474 | Pan      | Reached skill level 5 in Earth Magic
 90550 | Pan      | XOM: cast spell 'Disjunction'
 90552 | Pan      | XOM: destruction
 90582 | Pan      | XOM: scenery: 1 doors close
 90628 | Pan      | Found an exit through the horrors of the Abyss.
 90792 | Pan      | Found a glowing silver altar of Zin.
 90842 | Pan      | XOM: summons friendly ufetubus
 90851 | Pan      | HP: 66/264 [daeva/divine providence (14)]
 90855 | Pan      | Found a glowing golden altar of the Shining One.
 90855 | Pan      | Identified +1 pearl dragon scales
 90855 | Pan      | Noticed a seraph
 90855 | Pan      | Identified a +0 robe of resistance
 90869 | Pan      | HP: 60/264 [ophan/bolt of fire (9)]
 91016 | Pan      | XOM: scenery: 3 doors close
 91017 | Pan      | XOM: enchant monster (good)
 91021 | Pan      | XOM: cast spell 'Cause Fear'
 91058 | Pan      | Reached skill level 3 in Necromancy
 91259 | Pan      | XOM: cleaving
 91296 | Pan      | XOM: give mutations
 91296 | Pan      | Gained mutation: Your mind is acute. (Int +4, Str/Dex -1)
                  | [Xom's grace]
 91296 | Pan      | Gained mutation: You are strong-willed. (Will+) [Xom's
                  | grace]
 91368 | Pan      | Identified the +0 chain mail of the Marlin {Str+6}
 91379 | Pan      | XOM: god gift: scroll of fear
 91425 | Pan      | Reached skill level 24 in Shields
 91455 | Pan      | XOM: give mutation
 91455 | Pan      | Lost mutation: You passively map a small area around you.
                  | [Xom's mischief]
 91528 | Pan      | XOM: enchant monster (bad)
 91635 | Pan      | XOM: 1-stop teleportation journey
 91654 | Pan      | XOM: blink monster(s)
 91724 | Pan      | XOM: torment (124/264 hp)
 91725 | Pan      | XOM: confusion (+ monsters)
 91739 | Pan      | Reached skill level 6 in Earth Magic
 91745 | Pan      | Reached skill level 19 in Armour
 91810 | Pan      | XOM: stat loss: -1 Str (25/26)
 91823 | Pan      | XOM: polymorph apis -> daeva
 91829 | Pan      | XOM: polymorph cherub -> holy swine
 91850 | Pan      | Identified the +5 tower shield "Deiz" {+Inv rF+ Str-5}
 91853 | Pan      | XOM: noise
 91902 | Pan      | Reached skill level 4 in Necromancy
 91927 | Pan      | XOM: 1-stop teleportation journey
 91930 | Pan      | XOM: enchant monster (bad)
 91931 | Pan      | XOM: divination: detect items
 91936 | Pan      | Identified the ring "Ziuralic" {rF- Str+5 Int+6}
 91938 | Pan      | XOM: divination: detect creatures
 91948 | Pan      | XOM: silly message
 91949 | Pan      | XOM: silly message
 91956 | Pan      | XOM: divination: detect creatures
 92026 | Pan      | XOM: noise
 92054 | Pan      | XOM: silly message
 92194 | Pan      | XOM: divination: detect creatures
 92294 | Pan      | Found a white marble altar of Elyvilon.
 92345 | Pan      | XOM: potion effect (brilliance)
 92615 | Pan      | XOM: stat loss: -1 Dex (25/26)
 92698 | Pan      | XOM: scenery: summon butterflies
 92841 | Pan      | XOM: enchant monster (good)
 92880 | Pan      | Killed a seraph
 92899 | Pan      | Reached skill level 5 in Necromancy
 92910 | Pan      | XOM: summons friendly crimson imp
 92928 | Pan      | Reached skill level 7 in Earth Magic
 92933 | Pan      | XOM: scenery: 1 doors close
 92968 | Pan      | Identified the +0 pair of boots of Miracles {Contam +Blink
                  | rC+ Str+3}
 92971 | Pan      | Identified the ring of Kapputh {rN+ MP+9 Str+3 Slay+2}
 93000 | Depths:2 | You pass through the gate.
 93000 | Depths:2 | Escaped Pandemonium
 93169 | Depths:4 | Voluntarily entered the Abyss.
 93187 | Abyss:3  | XOM: enchant monster (good)
 93201 | Abyss:3  | XOM: potion effect (invisibility)
 93217 | Abyss:3  | XOM: silly message
 93246 | Abyss:3  | Found a corrupted altar of Lugonu.
 93281 | Abyss:3  | Reached skill level 6 in Necromancy
 93289 | Abyss:3  | XOM: potion effect (brilliance)
 93318 | Abyss:3  | XOM: potion effect (attraction)
 93344 | Abyss:3  | XOM: silly message
 93388 | Abyss:3  | XOM: enchant monster (good)
 93423 | Abyss:3  | XOM: stat loss: -1 Str (25/26)
 93432 | Abyss:3  | XOM: fog
 93441 | Abyss:3  | XOM: cast spell 'Summon Cactus Giant'
 93558 | Abyss:3  | XOM: swap monsters
 93587 | Abyss:3  | XOM: confuse monster(s)
 93602 | Abyss:3  | Reached skill level 7 in Necromancy
 93638 | Abyss:3  | XOM: divination: detect items
 93657 | Abyss:3  | XOM: blink monster(s)
 93662 | Abyss:3  | XOM: blink monster(s)
 93670 | Abyss:3  | XOM: summons 12 friendly demons
 93724 | Abyss:3  | XOM: summons 6 hostile demons
 93754 | Abyss:3  | Found a corrupted altar of Lugonu.
 93762 | Abyss:3  | Found a corrupted altar of Lugonu.
 93810 | Abyss:3  | Gained mutation: You have hidden genetic defects. [a
                  | neqoxec]
 93840 | Abyss:3  | XOM: summons 4 hostile demons
 93844 | Abyss:3  | XOM: noise
 93861 | Abyss:3  | Found a corrupted altar of Lugonu.
 93886 | Abyss:3  | Found a corrupted altar of Lugonu.
 93887 | Abyss:3  | XOM: silly message
 93939 | Abyss:3  | Reached skill level 8 in Necromancy
 94003 | Abyss:3  | XOM: summons 2 friendly demons
 94013 | Abyss:3  | XOM: noise
 94021 | Abyss:3  | XOM: cleaving
 94035 | Abyss:3  | XOM: blink monster(s)
 94057 | Abyss:3  | XOM: confusion
 94097 | Abyss:3  | XOM: silly message
 94103 | Abyss:3  | Found a corrupted altar of Lugonu.
 94105 | Abyss:3  | XOM: summons 2 friendly demons
 94107 | Abyss:3  | XOM: repel stairs
 94140 | Abyss:3  | XOM: give mutations
 94140 | Abyss:3  | Lost mutation: Your spells are easier to cast, but less
                  | powerful. [Xom's mischief]
 94140 | Abyss:3  | Lost mutation: Your mind is acute. (Int +4, Str/Dex -1)
                  | [Xom's mischief]
 94140 | Abyss:3  | Lost mutation: You have hidden genetic defects. [Xom's
                  | mischief]
 94140 | Abyss:3  | Lost mutation: You are vulnerable to heat. (rF-) [Xom's
                  | mischief]
 94170 | Abyss:3  | XOM: confusion
 94184 | Abyss:3  | Reached skill level 9 in Necromancy
 94204 | Abyss:3  | XOM: polymorph green very ugly thing -> purple very ugly
                  | thing
 94214 | Abyss:3  | XOM: polymorph green very ugly thing -> red very ugly thing
 94235 | Abyss:3  | XOM: noise
 94308 | Abyss:3  | Found a corrupted altar of Lugonu.
 94347 | Abyss:3  | Found a corrupted altar of Lugonu.
 94353 | Abyss:3  | XOM: divination: detect creatures
 94375 | Abyss:3  | Found a corrupted altar of Lugonu.
 94434 | Abyss:3  | XOM: polymorph large abomination -> large abomination
 94451 | Abyss:3  | XOM: summons friendly crimson imp
 94460 | Abyss:3  | XOM: confusion (+ monsters)
 94533 | Abyss:3  | XOM: enchant monster (good)
 94541 | Abyss:3  | Reached skill level 10 in Necromancy
 94609 | Abyss:3  | XOM: potion effect (berserk rage)
 94682 | Abyss:3  | XOM: cast spell 'Dispersal'
 94787 | Abyss:3  | XOM: noise
 94870 | Abyss:3  | XOM: give mutations
 94870 | Abyss:3  | Gained mutation: You passively dampen the noise of your
                  | surroundings. [Xom's mischief]
 94870 | Abyss:3  | Lost mutation: You are strong-willed. (Will+) [Xom's
                  | mischief]
 95041 | Abyss:3  | XOM: scenery: create altars
 95049 | Depths:4 | You pass through the gate.
 95049 | Depths:4 | Escaped the Abyss
 95202 | Dis:1    | Entered Level 1 of the Iron City of Dis
 95202 | Dis:1    | Noticed a caustic shrike
 95202 | Dis:1    | Noticed a caustic shrike
 95202 | Dis:1    | Noticed a caustic shrike
 95204 | Dis:1    | XOM: noise
 95211 | Dis:1    | Killed a caustic shrike
 95214 | Dis:1    | Killed a caustic shrike
 95216 | Dis:1    | Killed a caustic shrike
 95233 | Dis:1    | XOM: cast spell 'Dispersal'
 95260 | Dis:1    | XOM: smoke on damage
 95272 | Dis:1    | XOM: 4-stop teleportation journey
 95403 | Dis:1    | XOM: confuse monster(s)
 95546 | Dis:2    | Reached skill level 11 in Necromancy
 95567 | Dis:2    | Noticed a caustic shrike
 95569 | Dis:2    | Noticed a caustic shrike
 95569 | Dis:2    | Noticed a caustic shrike
 95575 | Dis:2    | Noticed a caustic shrike
 95590 | Dis:2    | Killed a caustic shrike
 95594 | Dis:2    | Killed a caustic shrike
 95602 | Dis:2    | Killed a caustic shrike
 95603 | Dis:2    | Reached skill level 25 in Fighting
 95606 | Dis:2    | Killed a caustic shrike
 95730 | Dis:2    | XOM: 4-stop teleportation journey
 95811 | Dis:3    | Noticed a caustic shrike
 95813 | Dis:3    | Reached skill level 8 in Earth Magic
 95814 | Dis:3    | Noticed a caustic shrike
 95817 | Dis:3    | Noticed a caustic shrike
 95817 | Dis:3    | Noticed a caustic shrike
 95817 | Dis:3    | Noticed a caustic shrike
 95827 | Dis:3    | XOM: cast spell 'Summon Small Mammal'
 95829 | Dis:3    | Killed a caustic shrike
 95833 | Dis:3    | Killed a caustic shrike
 95839 | Dis:3    | Killed a caustic shrike
 95845 | Dis:3    | Killed a caustic shrike
 95847 | Dis:3    | Killed a caustic shrike
 95848 | Dis:3    | Reached skill level 27 in Throwing
 95884 | Dis:3    | Noticed a caustic shrike
 95884 | Dis:3    | Noticed a caustic shrike
 95885 | Dis:3    | Noticed a caustic shrike
 95896 | Dis:3    | XOM: scenery: 1 doors close
 95900 | Dis:3    | Killed a caustic shrike
 95903 | Dis:3    | Killed a caustic shrike
 95904 | Dis:3    | Reached skill level 25 in Dodging
 95906 | Dis:3    | Killed a caustic shrike
 95973 | Dis:4    | Noticed a caustic shrike
 95973 | Dis:4    | Noticed a caustic shrike
 95976 | Dis:4    | XOM: divination: detect items
 95984 | Dis:4    | HP: 50/232 [??? (25)]
 95984 | Dis:4    | Killed a caustic shrike
 95986 | Dis:4    | Killed a caustic shrike
 96003 | Dis:4    | HP: 47/238 [??? (23)]
 96003 | Dis:4    | HP: 12/238 [Hell Sentinel/damnation (35)]
 96005 | Dis:4    | Saved by the dreamshard amulet
 96017 | Dis:4    | HP: 59/240 [??? (30)]
 96019 | Dis:4    | HP: 6/242 [Hell Sentinel/damnation (31)]
 96022 | Dis:4    | XOM: scenery: 1 doors open
 96108 | Dis:5    | XOM: cast spell 'Alistair's Intoxication'
 96109 | Dis:5    | Noticed a caustic shrike
 96111 | Dis:5    | Noticed a caustic shrike
 96112 | Dis:5    | XOM: confuse monster(s)
 96113 | Dis:5    | Noticed a caustic shrike
 96115 | Dis:5    | Noticed a caustic shrike
 96117 | Dis:5    | Noticed a caustic shrike
 96122 | Dis:5    | Killed a caustic shrike
 96122 | Dis:5    | Killed a caustic shrike
 96123 | Dis:5    | Reached skill level 20 in Armour
 96125 | Dis:5    | Killed a caustic shrike
 96127 | Dis:5    | Killed a caustic shrike
 96135 | Dis:5    | Killed a caustic shrike
 96136 | Dis:5    | Reached skill level 17 in Shapeshifting
 96137 | Dis:5    | XOM: summons 2 hostile shadow creatures
 96149 | Dis:5    | XOM: 1-stop teleportation journey
 96151 | Dis:5    | HP: 62/264 [Hell Sentinel/damnation (34)]
 96180 | Dis:5    | HP: 54/264 [iron giant/+0 giant club[Xom] (43)]
 96199 | Dis:5    | HP: 64/264 [Hell Sentinel/iron shot (15)]
 96221 | Dis:5    | HP: 62/266 [iron golem[an iron giant] (18)]
 96251 | Dis:5    | XOM: give mutations
 96251 | Dis:5    | Gained mutation: You expend magic power (3 MP) to
                  | strengthen your wands. [Xom's mischief]
 96251 | Dis:5    | Lost mutation: You expend magic power (3 MP) to strengthen
                  | your wands. [Xom's mischief]
 96251 | Dis:5    | Lost mutation: You passively dampen the noise of your
                  | surroundings. [Xom's mischief]
 96276 | Dis:5    | XOM: repel stairs
 96280 | Dis:5    | XOM: enchant monster (bad)
 96285 | Dis:5    | XOM: chaos upgrade
 96296 | Dis:5    | XOM: summons friendly quasit
 96300 | Dis:5    | XOM: fog
 96311 | Dis:5    | XOM: noise
 96315 | Dis:5    | XOM: silly message
 96329 | Dis:5    | XOM: confusion
 96357 | Dis:5    | an iron giant changed into a caustic shrike
 96357 | Dis:5    | Noticed a caustic shrike
 96357 | Dis:5    | XOM: polymorph iron giant -> caustic shrike
 96362 | Dis:5    | XOM: confuse monster(s)
 96378 | Dis:5    | XOM: cast spell 'Summon Horrible Things'
 96386 | Dis:5    | Killed a caustic shrike
 96809 | Dis:6    | XOM: summons friendly shadow imp
 96845 | Dis:6    | XOM: confusion (+ monsters)
 96867 | Dis:6    | Noticed a caustic shrike
 96867 | Dis:6    | Noticed a caustic shrike
 96867 | Dis:6    | Noticed a caustic shrike
 96867 | Dis:6    | Noticed a caustic shrike
 96867 | Dis:6    | Noticed a caustic shrike
 96879 | Dis:6    | Killed a caustic shrike
 96882 | Dis:6    | XOM: silly message
 96883 | Dis:6    | XOM: divination: detect creatures
 96884 | Dis:6    | Killed a caustic shrike
 96889 | Dis:6    | Killed a caustic shrike
 96890 | Dis:6    | Reached skill level 12 in Necromancy
 96892 | Dis:6    | Killed a caustic shrike
 96904 | Dis:6    | Killed a caustic shrike
 96912 | Dis:6    | Upgraded the game from 0.31-a0-920-g28cbb04a8c to
                  | 0.31-a0-925-g0a390f2509
 96916 | Dis:6    | Noticed a dread lich
 96921 | Dis:6    | Killed a dread lich
 97079 | Dis:7    | Entered Level 7 of the Iron City of Dis
 97169 | Dis:7    | XOM: cast spell 'Olgreb's Toxic Radiance'
 97251 | Dis:7    | XOM: cast spell 'Summon Mana Viper'
 97379 | Dis:7    | XOM: god gift: ring of fire
 97400 | Dis:7    | Reached skill level 21 in Armour
 97476 | Dis:7    | XOM: give mutation
 97476 | Dis:7    | Gained mutation: Your mind is acute. (Int +4, Str/Dex -1)
                  | [Xom's grace]
 97488 | Dis:7    | XOM: cleaving
 97510 | Dis:7    | XOM: summons friendly ice devil
 97663 | Dis:7    | Noticed a caustic shrike
 97666 | Dis:7    | Noticed a caustic shrike
 97667 | Dis:7    | Noticed a caustic shrike
 97668 | Dis:7    | Noticed a caustic shrike
 97687 | Dis:7    | Killed a caustic shrike
 97692 | Dis:7    | Killed a caustic shrike
 97703 | Dis:7    | Killed a caustic shrike
 97719 | Dis:7    | XOM: summons 5 friendly demons
 97723 | Dis:7    | Killed a caustic shrike
 97731 | Dis:7    | XOM: summons friendly iron imp
 97936 | Dis:7    | XOM: divination: magic mapping
 98072 | Dis:7    | Noticed a caustic shrike
 98087 | Dis:7    | Killed a caustic shrike
 98246 | Dis:7    | Reached skill level 13 in Necromancy
 98289 | Dis:7    | Noticed a juggernaut
 98290 | Dis:7    | XOM: divination: detect creatures
 98303 | Dis:7    | Killed a juggernaut
 98322 | Dis:7    | Found the +9 sword of Zonguldrok {reap}
 98473 | Dis:7    | Reached skill level 18 in Shapeshifting
 98552 | Dis:7    | Noticed a caustic shrike
 98588 | Dis:7    | XOM: smoke on damage
 98592 | Dis:7    | Killed a caustic shrike
 98636 | Dis:7    | Noticed a caustic shrike
 98640 | Dis:7    | XOM: noise
 98642 | Dis:7    | Noticed a caustic shrike
 98644 | Dis:7    | Noticed a caustic shrike
 98645 | Dis:7    | Noticed a caustic shrike
 98647 | Dis:7    | XOM: polymorph Hell Sentinel -> Brimstone Fiend
 98648 | Dis:7    | XOM: swap monsters
 98651 | Dis:7    | Noticed a caustic shrike
 98656 | Dis:7    | Killed a caustic shrike
 98658 | Dis:7    | Killed a caustic shrike
 98663 | Dis:7    | Killed a caustic shrike
 98669 | Dis:7    | Killed a caustic shrike
 98678 | Dis:7    | XOM: confusion (+ monsters)
 98749 | Dis:7    | Killed a caustic shrike
 98773 | Dis:7    | Noticed a caustic shrike
 98786 | Dis:7    | Killed a caustic shrike
 98878 | Dis:7    | XOM: noise
 98880 | Dis:7    | XOM: confusion (+ monsters)
 99052 | Dis:7    | XOM: noise
 99339 | Dis:7    | XOM: confusion
 99437 | Dis:7    | XOM: noise
 99468 | Dis:7    | Reached skill level 14 in Necromancy
 99482 | Dis:7    | Noticed a caustic shrike
 99497 | Dis:7    | a caustic shrike changed into an acid blob
 99497 | Dis:7    | XOM: polymorph caustic shrike -> acid blob
 99638 | Dis:7    | XOM: scenery: 4 doors close
 99786 | Dis:7    | Noticed a juggernaut
 99787 | Dis:7    | XOM: swap monsters
 99806 | Dis:7    | Killed a juggernaut
 99809 | Dis:7    | Noticed Dispater
 99824 | Dis:7    | XOM: polymorph Dispater -> Dispater
 99829 | Dis:7    | XOM: smoke on damage
 99863 | Dis:7    | Killed Dispater
 99932 | Dis:7    | Identified the +9 short sword of Indignation {freeze, rElec
                  | Will- Int+3 Dex+2}
 99933 | Dis:7    | Identified the +2 halberd of the Kissing Butterfly {drain,
                  | rC+ SInv}
 99939 | Dis:7    | Got an iron rune of Zot
100576 | Geh:1    | Entered Level 1 of Gehenna
100641 | Geh:1    | XOM: 1-stop teleportation journey
100890 | Geh:2    | XOM: cleaving
101123 | Geh:2    | Noticed an ancient lich
101132 | Geh:2    | XOM: silly message
101141 | Geh:2    | XOM: 3-stop teleportation journey
101143 | Geh:2    | XOM: 1-stop teleportation journey
101159 | Geh:2    | Killed an ancient lich
101326 | Geh:3    | Reached skill level 19 in Shapeshifting
101327 | Geh:3    | XOM: enchant monster (bad)
101331 | Geh:3    | XOM: noise
101333 | Geh:3    | XOM: stat loss: -1 Int (15/16)
101339 | Geh:3    | XOM: confuse monster(s)
101363 | Geh:3    | Reached skill level 13 in Spellcasting
101386 | Geh:3    | XOM: stat loss: -1 Dex (25/26)
101525 | Geh:4    | XOM: stealth player
101812 | Geh:5    | XOM: potion effect (might)
101814 | Geh:5    | XOM: potion effect (berserk rage)
102042 | Geh:6    | XOM: summons 6 friendly demons
102059 | Geh:6    | XOM: summons 6 hostile demons
102096 | Geh:6    | XOM: noise
102102 | Geh:6    | HP: 56/245 [spore (16)]
102104 | Geh:6    | XOM: cast spell 'Summon Hydra'
102119 | Geh:6    | HP: 60/250 [searing wretch (18)]
102202 | Geh:6    | Reached skill level 19 in Axes
102391 | Geh:6    | XOM: give mutations
102391 | Geh:6    | Gained mutation: You expend magic power (3 MP) to
                  | strengthen your wands. [Xom's mischief]
102391 | Geh:6    | Gained mutation: You are weak. (Str -2) [Xom's mischief]
102415 | Geh:7    | Entered Level 7 of Gehenna
102517 | Geh:7    | XOM: fake destruction
102551 | Geh:7    | XOM: god gift: 31 gold pieces
102555 | Geh:7    | XOM: 1-stop teleportation journey
102572 | Geh:7    | XOM: god gift: robe {god gift}
102580 | Geh:7    | XOM: noise
102585 | Geh:7    | XOM: enchant monster (good)
102593 | Geh:7    | XOM: scenery: summon butterflies
102609 | Geh:7    | XOM: give mutations
102609 | Geh:7    | Lost mutation: You are weak. (Str -2) [Xom's mischief]
102609 | Geh:7    | Lost mutation: You are vulnerable to cold. (rC-) [Xom's
                  | mischief]
102709 | Geh:7    | Reached skill level 15 in Necromancy
102729 | Geh:7    | XOM: 3-stop teleportation journey
102739 | Geh:7    | XOM: confusion (+ monsters)
102758 | Geh:7    | XOM: noise
102808 | Geh:7    | XOM: 1-stop teleportation journey
102835 | Geh:7    | Identified the +2 ring mail "Qiurelas" {rC+}
102876 | Geh:7    | Identified the +0 robe of Verdant Brilliance {Int+6}
103144 | Geh:7    | Noticed an ancient lich
103164 | Geh:7    | Killed an ancient lich
103343 | Geh:7    | XOM: summons 7 hostile demons
103410 | Geh:7    | XOM: stat loss: -1 Str (25/26)
103643 | Geh:7    | XOM: give mutation
103643 | Geh:7    | Gained mutation: You are strong-willed. (Will+) [Xom's
                  | mischief]
103669 | Geh:7    | Found the +13 sceptre of Asmodeus
103669 | Geh:7    | Noticed Asmodeus
103685 | Geh:7    | Killed Asmodeus
103686 | Geh:7    | Reached skill level 20 in Axes
103691 | Geh:7    | Got an obsidian rune of Zot
104054 | Vaults:2 | XOM: summons 5 hostile demons
104609 | Coc:1    | Entered Level 1 of Cocytus
104609 | Coc:1    | Noticed a dread lich
104625 | Coc:1    | XOM: divination: detect creatures
104627 | Coc:1    | Noticed a dread lich
104634 | Coc:1    | XOM: divination: magic mapping
104641 | Coc:1    | XOM: divination: detect items
104643 | Coc:1    | Killed a dread lich
104644 | Coc:1    | Reached skill level 14 in Spellcasting
104695 | Coc:1    | XOM: potion effect (might)
104700 | Coc:1    | XOM: divination: magic mapping
104709 | Coc:1    | Killed a dread lich
104749 | Coc:1    | XOM: potion effect (might)
104879 | Coc:2    | Noticed a dread lich
104885 | Coc:2    | XOM: silly message
104898 | Coc:2    | Killed a dread lich
104991 | Coc:2    | XOM: silly message
105004 | Coc:2    | XOM: potion effect (brilliance)
105051 | Coc:2    | Reached skill level 20 in Shapeshifting
105064 | Coc:2    | XOM: silly message
105140 | Coc:2    | Learned a level 6 spell: Death Channel
105182 | Coc:3    | Noticed an ancient lich
105189 | Coc:3    | XOM: potion effect (curing)
105190 | Coc:3    | XOM: potion effect (invisibility)
105300 | Coc:3    | XOM: summons 15 friendly demons
105308 | Coc:3    | XOM: destruction
105319 | Coc:3    | Killed an ancient lich
105339 | Coc:3    | Paralysed by a wendigo for 1 turns
105702 | Coc:4    | XOM: noise
105703 | Coc:4    | XOM: summons 11 friendly demons
105712 | Coc:4    | XOM: cleaving
105714 | Coc:4    | XOM: fake destruction
105738 | Coc:4    | Noticed a dread lich
105744 | Coc:4    | XOM: 5-stop teleportation journey
105749 | Coc:4    | XOM: enchant monster (good)
105782 | Coc:4    | Killed a dread lich
105792 | Coc:4    | XOM: polymorph frost giant -> fire giant
105912 | Coc:4    | XOM: 3-stop teleportation journey
105974 | Coc:4    | XOM: silly message
106019 | Coc:4    | XOM: silly message
106023 | Coc:4    | Reached skill level 15 in Spellcasting
106428 | Coc:6    | XOM: silly message
106435 | Coc:6    | XOM: silly message
106452 | Coc:6    | XOM: silly message
106479 | Coc:6    | XOM: potion effect (curing)
106481 | Coc:6    | Reached skill level 21 in Shapeshifting
106584 | Coc:6    | XOM: noise
106626 | Coc:6    | XOM: silly message
106784 | Coc:7    | Entered Level 7 of Cocytus
106805 | Coc:7    | XOM: give mutations
106805 | Coc:7    | Lost mutation: Your mind is acute. (Int +4, Str/Dex -1)
                  | [Xom's mischief]
106805 | Coc:7    | Gained mutation: You have a pair of large horns on your
                  | head. [Xom's mischief]
106805 | Coc:7    | Gained mutation: You are somewhat resistant to further
                  | mutation. [Xom's mischief]
106805 | Coc:7    | Lost mutation: You are very clumsy. (Dex -4) [Xom's
                  | mischief]
106868 | Coc:7    | XOM: cleaving
106893 | Coc:7    | Noticed the Serpent of Hell
106897 | Coc:7    | XOM: butterfly on damage
106904 | Coc:7    | XOM: blink monster(s)
106917 | Coc:7    | XOM: destruction
106921 | Coc:7    | Killed the Serpent of Hell
106925 | Coc:7    | XOM: summons 1 hostile demon
107057 | Coc:7    | XOM: confusion
107081 | Coc:7    | XOM: chaos cloud
107102 | Coc:7    | Reached skill level 22 in Shapeshifting
107121 | Coc:7    | XOM: give mutations
107121 | Coc:7    | Lost mutation: You have a pair of large horns on your head.
                  | [Xom's mischief]
107121 | Coc:7    | Gained mutation: You occasionally shout uncontrollably at
                  | your foes. [Xom's mischief]
107121 | Coc:7    | Lost mutation: You expend magic power (3 MP) to strengthen
                  | your wands. [Xom's mischief]
107174 | Coc:7    | XOM: enchant monster (good)
107214 | Coc:7    | XOM: confusion (+ monsters)
107221 | Coc:7    | XOM: fog
107518 | Coc:7    | XOM: fog
107574 | Coc:7    | Identified the +5 great sword "Worm's Wrath" {drain, Will+
                  | Str+4}
107580 | Coc:7    | Identified the ring of the Wereyak {rPois rC+ Dex+3 Slay-4}
107583 | Coc:7    | Identified the +3 trident of Gokhleff {flame, *Slow rF++
                  | rC+ MP+9}
107641 | Coc:7    | XOM: confuse monster(s)
107734 | Coc:7    | XOM: scenery: summon butterflies
107744 | Coc:7    | XOM: enchant monster (good)
107767 | Coc:7    | Noticed an ancient lich
107769 | Coc:7    | Killed an ancient lich
107811 | Coc:7    | XOM: god gift: glowing battleaxe {god gift}
107844 | Coc:7    | Paralysed by a wendigo for 1 turns
107849 | Coc:7    | Paralysed by a wendigo for 1 turns
107853 | Coc:7    | Reached skill level 23 in Shapeshifting
107973 | Coc:7    | Noticed Antaeus
107999 | Coc:7    | Identified a +1 robe of resistance
108005 | Coc:7    | Identified the ring of Gahiov {rPois rF+ Will+ Str+6}
108009 | Coc:7    | Got an icy rune of Zot
108078 | Coc:7    | XOM: cast spell 'Summon Mana Viper'
108113 | Coc:7    | XOM: summons friendly white imp
108126 | Coc:7    | Killed Antaeus
108395 | Vaults:2 | XOM: scenery: 2 doors close
108463 | Crypt:3  | XOM: cloud trail
108490 | Tomb:1   | Entered Level 1 of the Tomb of the Ancients
108549 | Tomb:1   | XOM: summons 4 hostile shadow creatures
108588 | Tomb:1   | XOM: give mutations
108588 | Tomb:1   | Gained mutation: Your flesh is cold resistant. (rC+) [Xom's
                  | mischief]
108588 | Tomb:1   | Gained mutation: You are very clumsy. (Dex -4) [Xom's
                  | mischief]
108836 | Tomb:1   | Reached skill level 13 in Stealth
108844 | Tomb:1   | XOM: summons 4 hostile shadow creatures
108851 | Tomb:1   | XOM: confusion (+ monsters)
108936 | Tomb:1   | Noticed a royal mummy
109022 | Tomb:1   | XOM: silly message
109023 | Tomb:1   | XOM: confuse monster(s)
109031 | Tomb:1   | Killed a royal mummy
109042 | Tomb:1   | XOM: blink monster(s)
109400 | Tomb:1   | Reached skill level 14 in Stealth
109693 | Tomb:1   | Noticed a royal mummy
109693 | Tomb:1   | Noticed a royal mummy
109694 | Tomb:1   | Noticed a royal mummy
109694 | Tomb:1   | Noticed a royal mummy
109700 | Tomb:1   | Killed a royal mummy
109700 | Tomb:1   | Noticed a royal mummy
109700 | Tomb:1   | Noticed a royal mummy
109707 | Tomb:1   | Killed a royal mummy
109707 | Tomb:1   | HP: 58/266 [something (14)]
109707 | Tomb:1   | Killed a royal mummy
109709 | Tomb:1   | Killed a royal mummy
109709 | Tomb:1   | Killed a royal mummy
109712 | Tomb:1   | Killed a royal mummy
109712 | Tomb:1   | HP: 37/266 [cloud of flame (7)]
109713 | Tomb:1   | Reached skill level 15 in Stealth
109716 | Tomb:1   | Noticed a royal mummy
109717 | Tomb:1   | XOM: summons 9 hostile demons
109819 | Tomb:1   | Noticed a royal mummy
109826 | Tomb:1   | XOM: cleaving
109827 | Tomb:1   | Killed a royal mummy
109834 | Tomb:1   | Noticed a royal mummy
109834 | Tomb:1   | Noticed a royal mummy
109838 | Tomb:1   | XOM: confusion (+ monsters)
109847 | Tomb:1   | Killed a royal mummy
109848 | Tomb:1   | Killed a royal mummy
109864 | Tomb:1   | XOM: 1-stop teleportation journey
109920 | Tomb:1   | XOM: give mutations
109920 | Tomb:1   | Lost mutation: You occasionally shout uncontrollably at
                  | your foes. [Xom's mischief]
109920 | Tomb:1   | Lost mutation: Your flesh is cold resistant. (rC+) [Xom's
                  | mischief]
109920 | Tomb:1   | Lost mutation: Your spells are a little easier to cast, but
                  | a little less powerful. [Xom's mischief]
110033 | Tomb:2   | Noticed a royal mummy
110033 | Tomb:2   | Noticed a royal mummy
110045 | Tomb:2   | Killed a royal mummy
110054 | Tomb:2   | XOM: enchant monster (bad)
110064 | Tomb:2   | Killed a royal mummy
110070 | Tomb:2   | Noticed a royal mummy
110146 | Tomb:2   | Noticed a royal mummy
110146 | Tomb:2   | XOM: chaos upgrade
110274 | Tomb:2   | Killed a royal mummy
110275 | Tomb:2   | Reached skill level 16 in Stealth
110286 | Tomb:2   | Killed a royal mummy
110328 | Tomb:2   | XOM: enchant monster (good)
110345 | Tomb:2   | XOM: silly message
110504 | Tomb:2   | XOM: 2-stop teleportation journey
110625 | Tomb:1   | Noticed a royal mummy
110625 | Tomb:1   | Noticed a royal mummy
110627 | Tomb:1   | XOM: cleaving
110642 | Tomb:1   | XOM: potion effect (invisibility)
110647 | Tomb:1   | XOM: enchant monster (good)
110649 | Tomb:1   | Killed a royal mummy
110650 | Tomb:1   | Killed a royal mummy
110661 | Tomb:1   | Noticed a royal mummy
110672 | Tomb:1   | Killed a royal mummy
110705 | Tomb:1   | Noticed a royal mummy
110715 | Tomb:1   | Killed a royal mummy
110762 | Tomb:1   | Noticed a royal mummy
110774 | Tomb:1   | XOM: destruction
110775 | Tomb:1   | Killed a royal mummy
110778 | Tomb:1   | Killed a royal mummy
110779 | Tomb:1   | Reached skill level 17 in Stealth
111021 | Tomb:3   | Entered Level 3 of the Tomb of the Ancients
111057 | Tomb:3   | Noticed a royal mummy
111064 | Tomb:3   | Killed a royal mummy
111070 | Tomb:3   | HP: 49/236 [torment (24)]
111075 | Tomb:2   | HP: 55/238 [poison (dark miasma)]
111152 | Tomb:3   | Noticed a royal mummy
111153 | Tomb:3   | Noticed a royal mummy
111160 | Tomb:3   | HP: 59/243 [??? (29)]
111161 | Tomb:3   | Noticed a royal mummy
111161 | Tomb:3   | Noticed a royal mummy
111162 | Tomb:3   | Killed a royal mummy
111165 | Tomb:3   | HP: 48/253 [??? (23)]
111166 | Tomb:3   | Noticed a royal mummy
111172 | Tomb:2   | HP: 55/253 [bennu (14)]
111173 | Tomb:2   | XOM: confuse monster(s)
111174 | Tomb:2   | Killed a royal mummy
111197 | Tomb:2   | XOM: divination: magic mapping
111277 | Tomb:3   | XOM: butterfly on damage
111284 | Tomb:3   | XOM: potion effect (attraction)
111290 | Tomb:3   | Killed a royal mummy
111291 | Tomb:3   | Reached skill level 18 in Stealth
111296 | Tomb:3   | Killed a royal mummy
111296 | Tomb:3   | HP: 59/246 [torment (29)]
111301 | Tomb:2   | HP: 58/253 [poisoned by an ushabti (dark miasma)]
111406 | Tomb:3   | XOM: torment (153/233 hp)
111409 | Tomb:3   | XOM: potion effect (berserk rage)
111490 | Tomb:3   | Killed a royal mummy
111534 | Tomb:3   | Identified the +1 fire dragon scales "Peuck" {Rampage rF++
                  | rC- Str+3 Int-4}
111544 | Tomb:3   | Identified the +3 leather armour "Marousad" {Harm +Inv
                  | Regen+}
111555 | Tomb:3   | Identified the +6 longbow of the Forest {drain, Contam
                  | +Blink rElec rN+}
111558 | Tomb:3   | Identified the +5 ring mail of the Narrow God {Will+ Dex+3}
111559 | Tomb:3   | Identified the +8 shortbow "Jubysi" {drain, Drain rCorr
                  | Dex+3}
111585 | Tomb:3   | Identified a +0 kite shield of resistance
111653 | Tomb:3   | XOM: god gift: box of beasts
111687 | Tomb:3   | Identified the +5 plate armour "Turi Amo" {Int+2 Slay-6
                  | SInv}
111802 | Tomb:3   | Noticed a royal mummy
111811 | Tomb:3   | Killed a royal mummy
111917 | Tomb:3   | Noticed a royal mummy
111923 | Tomb:3   | Killed a royal mummy
111947 | Tomb:3   | Noticed a royal mummy
111962 | Tomb:3   | Killed a royal mummy
112016 | Tomb:3   | Got a golden rune of Zot
112633 | D:14     | XOM: stat loss: -1 Str (29/30)
112842 | D:15     | XOM: summons 8 hostile demons
112929 | Pan      | Entered Pandemonium
112930 | Pan      | Noticed Deuc the pandemonium lord
112936 | Pan      | XOM: confuse monster(s)
112944 | Pan      | XOM: repel stairs
112946 | Pan      | XOM: polymorph smoke demon -> ynoxinul
112950 | Pan      | Killed Deuc the pandemonium lord
113134 | Pan      | XOM: blink monster(s)
113335 | Pan      | XOM: smoke on damage
113351 | Pan      | XOM: 3-stop teleportation journey
113360 | Pan      | Found an exit through the horrors of the Abyss.
113379 | Pan      | XOM: give mutation
113379 | Pan      | Lost mutation: You are strong-willed. (Will+) [Xom's
                  | mischief]
113542 | Pan      | XOM: cast spell 'Summon Horrible Things'
113616 | Pan      | XOM: fog
113878 | Pan      | XOM: blink monster(s)
114047 | Pan      | XOM: noise
114051 | Pan      | XOM: cleaving
114057 | Pan      | XOM: polymorph demonic crawler -> hell hog
114066 | Pan      | XOM: give mutation
114066 | Pan      | Gained mutation: You passively map a small area around you.
                  | [Xom's grace]
114100 | Pan      | XOM: enchant monster (good)
114137 | Pan      | XOM: noise
114170 | Pan      | Noticed Sauh the pandemonium lord
114184 | Pan      | XOM: blink monster(s)
114204 | Pan      | XOM: potion effect (brilliance)
114214 | Pan      | Killed Sauh the pandemonium lord
114321 | Pan      | XOM: divination: magic mapping
114434 | Pan      | XOM: polymorph sun demon -> soul eater
114437 | Pan      | XOM: blink monster(s)
114439 | Pan      | XOM: confuse monster(s)
114495 | Pan      | XOM: give mutations
114495 | Pan      | Gained mutation: You occasionally lose the ability to drink
                  | potions when taking damage. [Xom's mischief]
114495 | Pan      | Lost mutation: You occasionally lose the ability to drink
                  | potions when taking damage. [Xom's mischief]
114597 | Pan      | XOM: torment (176/268 hp)
114973 | Pan      | XOM: enchant monster (bad)
114998 | Pan      | XOM: god gift: spear {god gift}
115063 | Pan      | XOM: divination: detect creatures
115064 | Pan      | XOM: polymorph reaper -> cacodemon
115070 | Pan      | Reached skill level 22 in Armour
115165 | Pan      | Found an exit through the horrors of the Abyss.
115179 | Pan      | XOM: enchant monster (good)
115188 | Pan      | XOM: summons 8 friendly demons
115481 | Pan      | Noticed Juunirr the pandemonium lord
115492 | Pan      | Killed Juunirr the pandemonium lord
115529 | Pan      | XOM: silly message
115684 | Depths:2 | You pass through the gate.
115684 | Depths:2 | Escaped Pandemonium
115759 | Hell     | Upgraded the game from 0.31-a0-925-g0a390f2509 to
                  | 0.31-a0-931-g7b59d4eb97
115772 | Tar:1    | Entered Level 1 of Tartarus
115785 | Tar:1    | XOM: confusion (+ monsters)
115831 | Tar:1    | XOM: destruction
115875 | Tar:1    | Reached skill level 25 in Shields
116057 | Tar:1    | XOM: cloud trail
116082 | Tar:1    | You fall into a shaft and drop 1 floor!
116082 | Tar:2    | XOM: stealth player
116097 | Tar:2    | Noticed an ancient lich
116098 | Tar:2    | Noticed an ancient lich
116102 | Tar:2    | HP: 56/268 [hellion/damnation (21)]
116105 | Tar:2    | Noticed an ancient lich
116107 | Tar:2    | Reached skill level 26 in Fighting
116111 | Tar:2    | Killed from afar by an ancient lich

Vanquished Creatures
  Cerebov (Pan)
  Antaeus (Coc:7)
  the Royal Jelly (Slime:5)
  Asmodeus (Geh:7)
  the Serpent of Hell (Coc:7)
  Gloorx Vloq (Pan)
  Mnoleg (Pan)
  A seraph (Pan)
  Lom Lobon (Pan)
  11 dread liches (Crypt:3 Vaults:5 Zot:5 Abyss:3 Dis:6)
  7 orbs of fire (Zot:1 Zot:4 Zot:5)
  5 ancient liches (Zot:5 Geh:2 Geh:7 Coc:3 Coc:7)
  Dispater (Dis:7)
  15 pandemonium lords (Pan)
  Mennas (Depths:4)
  4 juggernauts (Zot:5 Abyss:3 Dis:7)
  27 royal mummies (Tomb:1 Tomb:2 Tomb:3)
  Vv (Depths:4)
  Sojobo (Vaults:4)
  18 shard shrikes (Coc:1 Coc:4 Coc:6 Coc:7)
  4 Killer Klowns (Zot:5)
  2 curse toes (Zot:2 Zot:5)
  Xtahua (Vaults:4)
  38 caustic shrikes (Depths:1 Depths:2 Dis:1 Dis:2 Dis:3)
  Geryon (Hell)
  14 golden dragons (Depths:2 Zot:1 Zot:2 Zot:4 Vaults:5)
  Nikola (Spider:2)
  Jory (Vaults:2)
  A profane servitor (Tar:1)
  2 pearl dragons (Pan)
  5 electric golems (WizLab Zot:1 Zot:2 Zot:5)
  6 Tzitzimimeh (Pan)
  21 Brimstone Fiends (Pan Dis:7 Geh:2 Geh:3 Geh:5)
  A doom hound (Tar:2)
  18 iron giants (Hell Dis:5 Dis:6 Dis:7)
  12 bone dragons (Crypt:3 Abyss:2 Abyss:3 Tar:1)
  11 hellephants (Pan Geh:3 Geh:5 Geh:6 Geh:7)
  23 Ice Fiends (Pan Coc:4 Coc:6 Coc:7)
  Jorgrun (Orc:2)
  25 Hell Sentinels (Abyss:2 Pan Dis:2 Dis:5 Dis:6)
  A shard shrike skeleton (Crypt:3)
  12 liches (Crypt:2 Crypt:3 Depths:3 Depths:4 Vaults:5)
  22 tentacled monstrosities (Shoals:1 Zot:1 Zot:2 Zot:3 Zot:4)
  9 quicksilver dragons (Depths:2 Depths:4 Zot:2 Zot:4 Vaults:5)
  24 Orb Guardians (Zot:5 Zot:4)
  A deep elf blademaster (Elf:3)
  2 walking frostbound tomes (Depths:1 Depths:4)
  A walking divine tome (Depths:3)
  24 acid blobs (Slime:1 Slime:3 Slime:2 Slime:5 Dis:7)
  8 sphinxes (Vaults:1 Vaults:3 Depths:2 Depths:3 Vaults:5)
  12 titans (Vaults:5 Coc:4 Coc:5 Coc:7)
  30 tentacled starspawn (Abyss:1 Abyss:2 Abyss:3)
  32 searing wretches (Geh:1 Geh:2 Geh:3 Geh:4 Geh:5)
  A kraken (Shoals:1)
  29 Executioners (Abyss:2 Pan Abyss:3)
  2 deep elf master archers (Elf:3)
  Frances (Shoals:2)
  5 tengu reavers (Vaults:4 Vaults:5)
  14 shadow dragons (Depths:2 Depths:3 Depths:4 Zot:1 Zot:3)
  20 ancient champions (Dis:1 Dis:2 Dis:3 Dis:7 Tomb:1)
  10 death cobs (Zot:1 Zot:2 Zot:3 Zot:4 Zot:5)
  8 draconian monks (Depths:4 Zot:2 Zot:4 Zot:5 Abyss:1)
  Roxanne (Elf:3)
  15 storm dragons (D:13 Depths:2 Depths:3 Depths:4 Zot:1)
  20 daevas (Pan)
  17 azure jellies (Lair:4 Slime:1 Slime:2 Slime:4 Slime:5)
  8 revenants (Crypt:1 Crypt:2)
  12 frost giants (Shoals:4 WizLab Depths:2 Depths:4 Vaults:5)
  6 deep elf sorcerers (Elf:2 Elf:3 Vaults:2 Vaults:5 Abyss:2)
  4 draconian knights (Zot:1 Zot:2 Zot:3 Zot:4)
  14 vault wardens (Vaults:1 Vaults:2 Vaults:3 Vaults:4 Vaults:5)
  8 rockslimes (Slime:3 Slime:5)
  24 narguns (Coc:3 Coc:4 Coc:5 Coc:6 Coc:7)
  18 fire giants (D:13 Vaults:1 WizLab Depths:2 Vaults:5)
  9 quicksilver elementals (Dis:3 Dis:5 Dis:6 Dis:7)
  16 demonspawn warmongers (Pan)
  3 iron dragons (Depths:2 Dis:6)
  8 emperor scorpions (Spider:1 Spider:3 Spider:4)
  5 draconian scorchers (Zot:1 Zot:2 Zot:5)
  The ghost of Zays the Fighter, an adept GrEE of Okawaru (Shoals:2)
  5 shard shrike simulacra (Coc:2 Coc:3 Coc:7)
  46 balrugs (Depths:2 Pan Geh:1 Geh:2 Geh:3)
  10 ghost moths (Spider:1 Spider:4 Zot:1 Zot:4 Zot:5)
  4 caustic shrike zombies (Hell Dis:7)
  9 draconian stormcallers (Depths:4 Zot:1 Zot:4)
  Louise (Depths:3)
  9 draconian annihilators (Zot:1 Zot:3 Zot:5 Pan)
  5 draconian shifters (Zot:1 Zot:3 Zot:4 Zot:5)
  6 deep elf elementalists (Elf:3)
  3 ghouls (Crypt:1)
  A spriggan defender (Depths:2)
  19 demonspawn corrupters (Pan)
  2 curse skulls (Pan)
  12 formless jellyfish (Vaults:1 Slime:2 Slime:1 Slime:4 Abyss:2)
  19 ironbound preservers (Vaults:1 Vaults:2 Vaults:3 Vaults:4 WizLab)
  20 angels (WizLab Abyss:3 Pan)
  4 orc warlords (Orc:1 Orc:2)
  8 stone giants (Depths:1 Depths:2 Depths:4 Vaults:5)
  28 reapers (Depths:2 Pan Hell)
  2 broodmothers (Spider:1 Spider:2)
  41 cacodemons (Pan Depths:2)
  36 war gargoyles (Vaults:2 Vaults:3 WizLab Crypt:3 Depths:2)
  12 demonspawn blood saints (Pan)
  12 vampire knights (Crypt:2 Crypt:3 Depths:1 Depths:2 Depths:3)
  A caustic shrike skeleton (Pan)
  15 ophanim (Abyss:1 Abyss:2 Abyss:3 Pan)
  13 quicksilver oozes (Slime:1 Slime:3 Slime:4 Slime:5)
  21 very ugly things (Vaults:3 Depths:4 Vaults:5 Abyss:2 Pan)
  22 apis (Pan)
  8 deep elf demonologists (Elf:3 Depths:2 Vaults:5)
  5 green draconians (Depths:4 Zot:1 Zot:3)
  12 ironbound thunderhulks (Vaults:1 Vaults:2 Vaults:3 Vaults:4 WizLab)
  8 bennus (Tomb:1 Tomb:3 Tomb:2)
  29 lorocyprocas (Abyss:1 Pan Depths:2 Abyss:3)
  18 black draconians (Depths:4 Zot:1 Zot:2 Zot:3 Zot:4)
  24 wendigos (Coc:2 Coc:3 Coc:4 Coc:5 Coc:6)
  23 demonspawn black suns (Pan)
  27 elemental wellsprings (Coc:1 Coc:3 Coc:4 Coc:5 Coc:6)
  12 red draconians (Zot:1 Zot:2 Zot:3 Zot:4 Zot:5)
  23 yellow draconians (Zot:1 Depths:4 Zot:2 Zot:3 Zot:4)
  6 deep elf annihilators (Elf:1 Elf:3)
  5 spark wasps (Depths:2)
  6 dire elephants (Vaults:2 Vaults:3)
  14 white draconians (IceCv Depths:4 Zot:1 Zot:2 Zot:3)
  14 purple draconians (Depths:4 Zot:1 Zot:2 Zot:3 Zot:4)
  27 blizzard demons (Depths:2 Abyss:3 Pan)
  6 crystal guardians (Vaults:2 Vaults:4 WizLab Crypt:3)
  9 eidola (Crypt:2 Crypt:1 Abyss:3 Tar:1)
  4 merfolk javelineers (Shoals:2 Shoals:4)
  16 yaktaur captains (Vaults:2 Vaults:3 Vaults:4 Vaults:5)
  7 ettins (Vaults:4 Depths:3 Depths:4 Vaults:5)
  8 deep elf death magi (Elf:2 Elf:3)
  23 iron golems (Depths:2 Hell Dis:1 Dis:5 Dis:6)
  23 mummy priests (Crypt:2 Tomb:1 Tomb:2 Tomb:3)
  18 merfolk impalers (Shoals:1 Shoals:2 Shoals:3 Shoals:4 Depths:1)
  28 green deaths (Abyss:2 Abyss:3 Pan)
  11 fire dragons (D:14 D:15 Depths:2 Depths:3 Depths:4)
  8 spriggan zombies (Crypt:2 Crypt:3 Hell Abyss:3)
  8 jiangshi (Crypt:1 Crypt:2 Depths:4 Abyss:3)
  2 quicksilver dragon zombies (Crypt:2 Hell)
  Josephine (Lair:5)
  10 entropy weavers (Spider:1 Spider:2 Spider:3 Spider:4 Vaults:1)
  14 great orbs of eyes (Shoals:1 Vaults:2 Vaults:4 Depths:1 Slime:2)
  7 rakshasas (Depths:1 Depths:2 Depths:3 Abyss:2 Abyss:3)
  11 deep elf high priests (Elf:1 Elf:2 Elf:3 Depths:2 Vaults:5)
  A quicksilver dragon skeleton (Pan)
  An entropy weaver (shapeshifter) (Abyss:3)
  A spectral kraken (Shoals:2)
  4 ogre magi (Vaults:5)
  5 ice dragons (Depths:1 Depths:2 Depths:3 Depths:4)
  32 vault guards (Vaults:1 Vaults:3 Vaults:5)
  3 boulder beetles (Vaults:1 Vaults:2)
  2 hydras (Lair:4)
  A spriggan air mage (Depths:2)
  A sphinx zombie (Crypt:1)
  11 salamander tyrants (WizLab Depths:3 Geh:2 Geh:5 Geh:7)
  16 hell beasts (Depths:1 Pan Depths:2)
  A hydra (shapeshifter) (D:15)
  11 caustic shrike simulacra (Abyss:3 Coc:4 Coc:5 Coc:6 Coc:7)
  12 peacekeepers (Vaults:2 Vaults:3 Vaults:4 WizLab)
  6 spriggan skeletons (Crypt:2 Crypt:3 Pan)
  A spectral stone giant (Tar:1)
  2 catoblepae (Lair:4 Zot:5)
  A radroach (Spider:4)
  An anaconda (Depths:2)
  12 ironbound frosthearts (Vaults:1 Vaults:2 Vaults:3 Vaults:4 Vaults:5)
  5 juggernaut simulacra (Coc:2 Coc:3 Coc:4 Coc:5 Coc:7)
  A two-headed ogre (shapeshifter) (Spider:4)
  2 merfolk avatars (Shoals:3 Shoals:4)
  2 jorogumos (Spider:2 Spider:3)
  5 merfolk aquamancers (Shoals:4)
  10 stokers (Geh:2 Geh:5 Geh:6 Geh:7)
  11 centaur warriors (D:14 D:15 Vaults:2)
  2 satyrs (Shoals:3 Shoals:4)
  4 two-headed ogres (D:9 D:10 D:11 D:12)
  17 death scarabs (Spider:1 Tomb:1 Tomb:2 Tomb:3)
  16 tengu warriors (D:14 D:15 Depths:2 Depths:3)
  10 deep troll shamans (D:15 Depths:1 Depths:2 Depths:4)
  A fenstrider witch skeleton (Pan)
  2 naga warriors (Abyss:3)
  35 dancing weapons (Elf:2 Elf:3 Crypt:3 Vaults:5 Abyss:3)
  36 demonic crawlers (Spider:1 Spider:2 Spider:4 Abyss:1 Abyss:3)
  11 deep troll earth magi (D:13 Vaults:2 Depths:1 Depths:3 Depths:4)
  4 death yaks (Lair:2)
  33 hell hogs (Depths:1 Depths:2 Abyss:2 Abyss:3 Hell)
  Urug (Lair:5)
  7 vampire magi (Vaults:2 Crypt:1 Crypt:2 Depths:4)
  2 shock serpents (shapeshifter) (D:13 Vaults:5)
  12 spriggan berserkers (Depths:1 Depths:2 Depths:4)
  121 sun demons (Depths:1 Depths:2 Abyss:1 Abyss:3 Pan)
  36 thrashing horrors (Abyss:1 Abyss:2 Abyss:3)
  A holy swine (Pan)
  7 orc high priests (Orc:2 Elf:3)
  5 titan zombies (Crypt:1 Crypt:3 Depths:2)
  14 deep elf knights (D:12 Orc:2 Elf:1 Elf:2 Elf:3)
  66 soul eaters (Crypt:1 Depths:2 Pan Hell)
  11 hell knights (Crypt:3 Depths:1 Depths:2)
  2 storm dragon zombies (Hell Tomb:1)
  9 crystal echidnas (Dis:5 Dis:6 Dis:7)
  A fire crab (shapeshifter) (Abyss:2)
  A fire crab (Pan)
  3 death drakes (Vaults:3 Vaults:4 Slime:1)
  21 wretched stars (Abyss:1 Abyss:2 Abyss:3)
  Amaemon (D:9)
  3 titan skeletons (Crypt:3)
  38 skeletal warriors (D:15 Vaults:2 Crypt:1 Crypt:2 Crypt:3)
  14 shadow wraiths (Crypt:2 Depths:2 Pan Abyss:3 Tar:1)
  A salamander mystic (Depths:1)
  42 sixfirhies (D:13 Abyss:2 Abyss:3 Pan Hell)
  A spark wasp zombie (Hell)
  3 pharaoh ants (Spider:1 Spider:3 Spider:4)
  12 iron trolls (Depths:1 Depths:2 Depths:4)
  A spriggan druid (Abyss:3)
  2 golden dragon zombies (Depths:2)
  6 flayed ghosts (D:13 Crypt:2 Abyss:3)
  A storm dragon skeleton (Crypt:2)
  6 skysharks (Lair:4 Shoals:1 Shoals:2)
  45 deep trolls (D:14 Vaults:1 Vaults:2 Vaults:3 Vaults:4)
  An arcanist (Pan)
  A sea snake (shapeshifter) (Elf:3)
  27 shadow demons (Pan)
  10 sea snakes (Shoals:1 Shoals:3 Shoals:4 Zot:1)
  4 anaconda zombies (Crypt:3 Abyss:2 Hell)
  7 quicksilver dragon simulacra (Depths:2 Coc:2 Coc:4 Coc:5 Coc:6)
  A spatial maelstrom (Abyss:3)
  11 glowing orange brains (D:15 Depths:2 Depths:4 Slime:5 Abyss:2)
  11 cherubim (Abyss:3 Pan)
  A spectral anaconda (Tar:1)
  2 tengu zombies (Hell)
  A deep troll (shapeshifter) (Vaults:5)
  An orange crystal statue (Elf:2)
  9 orb spiders (Spider:1 Spider:3 Spider:4)
  7 spriggan simulacra (Hell Coc:2 Coc:4 Coc:5 Tomb:1)
  An iron giant skeleton (Abyss:3)
  7 steelbarb worms (Spider:3 Spider:4)
  20 ironbound convokers (Vaults:1 Vaults:2 Vaults:3 Vaults:4 Vaults:5)
  2 lindwurms (Vaults:2 Vaults:4)
  38 deep elf pyromancers (D:12 Volcano D:14 D:15 Elf:1)
  2 fenstrider witch simulacra (Coc:2)
  4 orc knights (Orc:2 D:15 Vaults:5)
  A bunyip skeleton (Pan)
  17 harpies (Shoals:2 Shoals:3 Shoals:4 Vaults:3)
  10 phantasmal warriors (D:13 Crypt:1 Crypt:2 Vaults:5)
  35 nameless horrors (Abyss:2 Abyss:3 Pan)
  15 necromancers (Crypt:1 Crypt:2 Crypt:3 Depths:2 Vaults:5)
  12 deep elf archers (Elf:2 Elf:3)
  21 deep elf zephyrmancers (D:15 Elf:1 Elf:2 Elf:3)
  8 occultists (Vaults:1 Vaults:2 Vaults:3 Depths:1 Pan)
  A golden dragon skeleton (Abyss:3)
  An alligator zombie (Hell)
  An iron dragon zombie (Hell)
  4 fauns (Shoals:3)
  2 shadow dragon zombies (Hell)
  9 orc sorcerers (Orc:1 Orc:2 Vaults:5 Abyss:3)
  A manticore (shapeshifter) (Depths:2)
  33 ugly things (D:14 D:15 Vaults:1 Vaults:2 Vaults:3)
  A shadow dragon skeleton (Tomb:3)
  2 fire giant zombies (Depths:2 Hell)
  An oklob plant (Lair:1)
  11 salamanders (Lair:5 WizLab Depths:1 Abyss:3)
  3 shining eyes (Depths:1 Slime:1 Slime:4)
  A mana viper (shapeshifter) (D:15)
  2 iron dragon skeletons (Pan Hell)
  A goliath frog skeleton (Crypt:2)
  A spectral ettin (Tar:1)
  20 wolf spiders (Lair:2 Lair:5 Volcano Spider:1 Spider:2)
  A cyclops (shapeshifter) (Lair:2)
  2 will-o-the-wisps (Abyss:3)
  12 worldbinders (Abyss:2 Abyss:3)
  17 manticores (D:12 D:13 D:14 Shoals:1 Shoals:2)
  124 large abominations (Abyss:1 Abyss:2 Abyss:3 Pan)
  20 moths of wrath (Spider:4 Zot:1 Zot:2 Zot:3 Zot:4)
  11 cyclopes (D:11 D:12 D:13 D:14 D:15)
  2 alligator skeletons (Hell)
  2 death scarab zombies (Tomb:1)
  An eleionoma skeleton (Crypt:2)
  5 eyes of devastation (Depths:1 Slime:5 Abyss:2 Abyss:3)
  3 guardian serpents (Lair:5 Abyss:3)
  10 ice statues (IceCv Lair:5 Depths:2 Hell Coc:4)
  A spectral alligator snapping turtle (Tar:1)
  5 merfolk sirens (Shoals:1 Shoals:3 Shoals:4)
  6 elephants (Lair:5)
  8 rust devils (Abyss:2 Pan Depths:2 Hell Abyss:3)
  A formless jellyfish zombie (Crypt:1)
  5 apocalypse crabs (Shoals:1 Abyss:2 Abyss:3)
  18 vault sentinels (Vaults:1 Vaults:2 Vaults:3 Vaults:5)
  110 smoke demons (Abyss:1 Abyss:2 Abyss:3 Pan Hell)
  3 water nymphs (Lair:2 Shoals:4)
  3 molten gargoyles (WizLab Depths:2)
  A naga mage (Abyss:3)
  8 black mambas (Lair:2 Lair:4 Lair:5)
  Maggie (D:6)
  7 centaur skeletons (Crypt:2 Abyss:2 Abyss:3 Pan)
  12 gargoyles (D:11 D:12 D:14 WizLab)
  4 torpor snails (Lair:3 Spider:1 Spider:4)
  6 titan simulacra (Coc:2 Coc:4 Coc:6 Coc:7)
  A dire elephant skeleton (Crypt:3)
  8 unseen horrors (D:9 D:12 Abyss:2 Abyss:3 Pan)
  50 hellions (Abyss:3 Pan Hell Dis:1 Dis:2)
  19 cane toads (Lair:1 Lair:2 Lair:3 Lair:4 Lair:5)
  42 orange demons (D:9 D:13 Abyss:2 Abyss:3 Pan)
  A sea snake zombie (Hell)
  10 rime drakes (Lair:1 Lair:2 Lair:3 Lair:4 IceCv)
  21 freezing wraiths (D:12 Lair:5 D:14 Crypt:2 Depths:2)
  16 efreet (D:12 Abyss:2 Pan Abyss:3)
  21 yaktaurs (Volcano Vaults:1 Vaults:2 Vaults:3 Vaults:4)
  A spectral sea snake (Shoals:2)
  2 bunyip simulacra (Crypt:1 Hell)
  6 tengu conjurers (Depths:2 Depths:3 Depths:4)
  2 rime drakes (shapeshifter) (Elf:3 Slime:3)
  45 tormentors (Abyss:2 Abyss:3 Pan Dis:2 Dis:4)
  27 ancient zymes (Abyss:1 Abyss:2 Abyss:3)
  A golden dragon simulacrum (Coc:4)
  6 komodo dragons (D:12 Lair:1 Lair:2 Lair:4 Lair:5)
  5 anaconda simulacra (Coc:1 Coc:2 Coc:3 Coc:6)
  20 ice devils (D:13 Depths:2 Pan Hell)
  3 iron giant simulacra (Coc:2 Coc:5 Coc:6)
  3 polar bears (Lair:5)
  A catoblepas skeleton (Crypt:1)
  39 guardian mummies (Tomb:1 Tomb:2 Tomb:3)
  5 meliai (D:12 D:15 Spider:4)
  23 merfolk (Shoals:1 Shoals:2 Shoals:3 Shoals:4)
  A merfolk (shapeshifter) (Abyss:3)
  2 spectral harpies (Tar:1)
  15 trolls (D:9 D:11 D:12 Orc:1 Orc:2)
  6 harpy zombies (Crypt:2 Abyss:1 Abyss:3 Hell)
  8 red devils (Abyss:2 Pan)
  A queen bee (shapeshifter) (D:15)
  A queen bee (Lair:1)
  2 sea snake skeletons (Crypt:1 Hell)
  5 hornets (Lair:5 Depths:2)
  Grinder (D:4)
  10 wind drakes (Spider:2 Shoals:2 Shoals:3 Shoals:4)
  A wind drake (shapeshifter) (Abyss:3)
  42 hellwings (D:13 Abyss:1 Abyss:2 Abyss:3 Pan)
  A blink frog (shapeshifter) (Abyss:3)
  27 blink frogs (Lair:3 Lair:4 Lair:5 Abyss:2 Pan)
  46 raiju (Lair:5 Abyss:1 Abyss:2 Abyss:3 Depths:3)
  20 tarantellas (Lair:2 Spider:1 Spider:2 Spider:3 Spider:4)
  4 harpy skeletons (Crypt:2 Abyss:3 Pan)
  10 snapping turtles (Shoals:2 Shoals:4)
  7 dream sheep (Shoals:1 Shoals:4)
  A fire dragon zombie (Crypt:3)
  3 hydra skeletons (Crypt:2 Hell)
  3 ettin zombies (Crypt:1 Crypt:2 Crypt:3)
  124 slime creatures (D:13 D:15 Vaults:1 Vaults:2 Vaults:3)
  An iron dragon simulacrum (Coc:2)
  28 jumping spiders (Spider:1 Spider:2 Spider:3 Spider:4 Shoals:3)
  3 stone giant simulacra (Hell Coc:2 Coc:4)
  2 spriggans (Depths:2)
  2 shadows (D:12 Abyss:2)
  3 centaur simulacra (Crypt:2 Coc:2)
  A shapeshifter (Zot:5)
  3 air elementals (Elf:1 Elf:2)
  19 culicivoras (Spider:1 Spider:2 Spider:3 Spider:4)
  12 wyverns (D:10 Lair:3 Lair:5)
  A fire dragon skeleton (Pan)
  59 flying skulls (Crypt:1 Crypt:2 Crypt:3 Tomb:1 Tomb:2)
  8 vampires (D:9 D:12 Abyss:2 Abyss:3)
  9 dire elephant simulacra (Coc:2 Coc:3 Coc:4 Coc:5 Coc:6)
  62 yaks (D:9 D:10 Lair:1 Lair:2 Lair:3)
  A spriggan (shapeshifter) (Lair:3)
  19 water elementals (Shoals:1 Shoals:2 Shoals:3 Shoals:4 Elf:1)
  14 wraiths (D:12 Lair:5 Vaults:2 Crypt:1 Crypt:2)
  69 ynoxinuls (Abyss:1 Abyss:2 Abyss:3 Pan)
  28 ushabtiu (Tomb:2 Tomb:3)
  29 golden eyes (D:9 Slime:3 Slime:2 Slime:1 Slime:5)
  59 starcursed masses (Abyss:1 Abyss:2 Abyss:3)
  An alligator snapping turtle simulacrum (Abyss:3)
  5 fire bats (Abyss:2 Pan)
  A sea snake simulacrum (Hell)
  12 fire elementals (Volcano Elf:1 Elf:2 Elf:3 WizLab)
  A basilisk (shapeshifter) (Vaults:3)
  A hog (D:9)
  3 steam dragons (D:8 D:10)
  5 basilisks (Lair:1 Lair:5 D:15 Abyss:3)
  54 chaos spawn (D:13 Abyss:1 Abyss:2 Abyss:3 Pan)
  48 neqoxecs (D:13 Abyss:2 Abyss:3 Pan)
  7 vampire mosquitoes (D:12 D:15)
  A demonspawn zombie (Crypt:2)
  52 redbacks (Lair:5 Spider:1 Spider:2 Spider:3 Spider:4)
  A death yak simulacrum (Lair:4)
  Edmund (D:4)
  2 redbacks (shapeshifter) (Vaults:3 Pan)
  19 harpy simulacra (D:14 Crypt:2 Abyss:2 Coc:2 Coc:3)
  A warg (shapeshifter) (Orc:2)
  4 wargs (Orc:1 Orc:2)
  A swamp worm (shapeshifter) (Depths:4)
  2 glowing shapeshifter zombies (Hell)
  A naga (Abyss:3)
  A spectral snapping turtle (Shoals:2)
  4 swamp worms (Lair:3)
  18 water moccasins (D:5 Lair:1 Lair:2 Lair:3 Lair:4)
  3 hydra simulacra (Hell Coc:1 Coc:2)
  A water nymph zombie (Crypt:2)
  12 hell hounds (Volcano Abyss:1 Hell)
  3 naga skeletons (Crypt:1 Crypt:3 Tomb:3)
  A meliai simulacrum (D:14)
  A water moccasin (shapeshifter) (D:9)
  A black bear (shapeshifter) (Vaults:1)
  6 ice beasts (D:7 Lair:5 Coc:6)
  30 orc warriors (D:7 D:9 D:10 D:11 Orc:1)
  42 small abominations (Abyss:1 Abyss:2 Abyss:3)
  3 black bears (D:6 D:8 Lair:1)
  4 sky beasts (D:6 D:7 Abyss:2 Abyss:3)
  11 ogres (D:4 D:5 Orc:1 Orc:2 Elf:3)
  A tengu (shapeshifter) (Pan)
  8 boggarts (Vaults:1 Abyss:3)
  9 ettin simulacra (Depths:2 Coc:1 Coc:3 Coc:7)
  9 wolves (D:7 D:9 Lair:5)
  4 centaurs (D:10 D:11 D:12)
  A snapping turtle skeleton (Crypt:2)
  A phantom (D:6)
  A kobold brigand (D:9)
  An elf zombie (D:8)
  9 bullfrogs (D:7 Lair:1 Lair:2 Lair:3 Lair:4)
  2 necrophages (Crypt:1 Crypt:3)
  8 earth elementals (Elf:1 Elf:2 Elf:3 WizLab Abyss:2)
  A gnoll sergeant (D:9)
  12 scorpions (D:5 Ossuary)
  An elf skeleton (D:8)
  3 naga simulacra (Coc:2 Coc:3 Coc:7)
  A cane toad simulacrum (Lair:4)
  A cyclops skeleton (Crypt:2)
  10 wights (D:8 Abyss:2)
  A polar bear zombie (Crypt:1)
  A queen bee zombie (Crypt:1)
  The ghost of CowFu the Trooper, a weakling DrMo (D:3)
  2 lindwurm simulacra (IceCv)
  2 elephant simulacra (Lair:4)
  9 killer bees (D:7 D:10)
  6 electric eels (D:9 Lair:5 Spider:4)
  2 howler monkeys (D:10 D:12)
  A crimson imp (Abyss:2)
  A jelly (Abyss:3)
  11 quasits (Abyss:2 Abyss:3)
  4 centaur zombies (Ossuary Crypt:2 Crypt:3)
  5 komodo dragon simulacra (IceCv)
  A cerulean imp (Abyss:2)
  A gnoll bouda (D:4)
  3 hounds (D:5 D:9)
  2 human zombies (D:8 Ossuary)
  Crazy Yiuf (D:3)
  12 orc priests (D:5 D:6 D:7 D:8 D:10)
  A sleepcap (D:5)
  6 iron imps (Abyss:2 Abyss:3)
  4 iguanas (D:5)
  A human skeleton (D:8)
  2 lightning spires (WizLab)
  3 scorpion zombies (Ossuary)
  9 hell rats (Hell Depths:2)
  19 orc wizards (D:6 D:8 D:9 D:11 D:12)
  A polar bear simulacrum (Lair:4)
  44 mummies (D:5 Ossuary Tomb:1 Tomb:2 Tomb:3)
  6 acid dragon simulacra (IceCv)
  23 gnolls (D:1 D:3 D:4 D:5 D:6)
  11 adders (D:2 D:3 D:4 D:6)
  8 river rats (D:5)
  A shadow imp (Abyss:2)
  4 white imps (D:5 Lair:5 Abyss:3)
  18 ufetubi (D:7 Abyss:1 Abyss:2 Abyss:3)
  8 steam dragon simulacra (IceCv)
  2 worms (D:2 Orc:2)
  3 dart slugs (D:1 D:2 D:4)
  76 orcs (D:3 D:4 D:5 D:6 D:7)
  6 bats (D:1 D:2 D:3)
  A bat zombie (Crypt:2)
  7 endoplasms (D:1 D:2 D:4)
  6 giant cockroaches (D:1 D:4)
  2 gnoll zombies (Ossuary)
  13 goblins (D:1 D:2 D:3)
  6 hobgoblins (D:1 D:3 D:4)
  6 jackals (D:1 D:2)
  8 quokkas (D:1 D:2 D:5)
  7 ball pythons (D:1 D:2 D:3)
  A dart slug zombie (Crypt:1)
  5 frilled lizards (D:1 D:2 D:3)
  A goblin zombie (Ossuary)
  4 hobgoblin zombies (D:5 Ossuary)
  13 kobolds (D:1 D:2 D:3 D:4 D:5)
  4 kobold zombies (D:5 Ossuary)
  3 orc skeletons (D:8 Crypt:1)
  4 orc zombies (D:5 Ossuary)
  20 rats (D:1 D:2 D:3 D:5)
  A rat skeleton (Crypt:2)
  11 creeping infernos (Geh:5 Geh:6 Geh:7)
  3 fire vortices (Geh:6 Geh:7)
  6 lurking horrors (Abyss:2 Abyss:3)
  30 starspawn tentacles (Abyss:1 Abyss:2 Abyss:3)
5307 creatures vanquished.

Vanquished Creatures (collateral kills)
  A royal mummy (Tomb:1)
  2 shard shrikes (Coc:7)
  7 caustic shrikes (Dis:2 Dis:3 Dis:4 Dis:7)
  5 iron giants (Dis:7)
  A hellephant (Geh:4)
  3 Hell Sentinels (Dis:3 Dis:7)
  2 Ice Fiends (Coc:7)
  A titan (Coc:1)
  A deep elf blademaster (Elf:3)
  A lich (Depths:2)
  5 sphinxes (Tomb:1)
  2 ancient champions (Dis:2)
  An acid blob (Slime:5)
  A tentacled starspawn (Abyss:3)
  3 Executioners (Pan)
  2 rockslimes (Slime:3 Zot:5)
  4 quicksilver elementals (Dis:4 Dis:5 Dis:7)
  3 narguns (Coc:7)
  A frost giant (Coc:7)
  A ghost moth (Pan)
  An iron dragon (Depths:4)
  2 demonspawn corrupters (Pan)
  A very ugly thing (Abyss:3)
  An ironbound preserver (Vaults:2)
  8 war gargoyles (Dis:1 Dis:2 Dis:3 Dis:4 Dis:7)
  2 apis (Pan)
  An ophan (Pan)
  An elemental wellspring (Coc:7)
  A demonspawn black sun (Pan)
  A white draconian (Zot:2)
  A green draconian (Zot:2)
  A purple draconian (Zot:1)
  A spark wasp (Spider:3)
  2 red draconians (Zot:1 Zot:5)
  A wendigo (Coc:7)
  A blizzard demon (Pan)
  A deep elf death mage (Elf:3)
  4 iron golems (Dis:2 Dis:6 Dis:7)
  A jiangshi (Depths:4)
  A great orb of eyes (Vaults:2)
  2 mummy priests (Tomb:1)
  A caustic shrike simulacrum (Coc:7)
  An ice dragon (Depths:4)
  A death knight (D:12)
  A stoker (Geh:6)
  A soul eater (Pan)
  4 death scarabs (Tomb:1)
  2 sun demons (Depths:1 Pan)
  5 crystal echidnas (Dis:1 Dis:5 Dis:6 Dis:7)
  A thrashing horror (Abyss:3)
  A cherub (Pan)
  2 deep trolls (Vaults:2 Vaults:3)
  2 ironbound convokers (Vaults:2 Vaults:4)
  An orc knight (D:12)
  2 spriggan simulacra (Coc:6 Coc:7)
  A deep elf pyromancer (Elf:1)
  An orc sorcerer (Orc:2)
  A vault sentinel (Vaults:2)
  2 hellions (Dis:2 Coc:4)
  An efreet (Pan)
  3 guardian mummies (Tomb:2 Tomb:3)
  A hydra skeleton (Pan)
  A raiju (Abyss:3)
  3 flying skulls (Tomb:3)
  Sigmund (D:3)
  5 slime creatures (D:15 Slime:5)
  An ushabti (Tomb:3)
  A fire elemental (Depths:1)
  A basilisk (Lair:5)
  A warg (Orc:1)
  2 harpy simulacra (Coc:6 Coc:7)
  2 hydra simulacra (Coc:1 Coc:7)
  3 orc warriors (Orc:1 Orc:2)
  2 large abominations (Abyss:3 Pan)
  A hound (D:9)
  An iron imp (Abyss:3)
  6 mummies (Tomb:1 Tomb:2)
  2 gnolls (D:3 D:4)
  An adder (D:4)
  2 orcs (Orc:1)
  A goblin (D:3)
154 creatures vanquished.

Vanquished Creatures (others)
  A royal mummy (Tomb:3)
  A pandemonium lord (Pan)
  A caustic shrike (Dis:6)
  12 shard shrike zombies (Coc:1 Coc:7)
  A searing wretch (Geh:7)
  2 eldritch tentacles (Pan)
  2 fire giants (WizLab Geh:3)
  A balrug (Pan)
  A shard shrike simulacrum (Coc:4)
  21 caustic shrike zombies (Dis:1 Dis:2 Dis:3 Dis:5 Dis:6)
  A demonspawn blood saint (Pan)
  A cacodemon (Pan)
  2 wendigos (Coc:4)
  A blizzard demon (Pan)
  A green death (Pan)
  An entropy weaver (Spider:2)
  An Orb Guardian zombie (Zot:5)
  A juggernaut simulacrum (Coc:7)
  2 caustic shrike simulacra (Coc:2 Coc:5)
  A centaur warrior (Vaults:2)
  A merfolk aquamancer (Shoals:3)
  A hell hog (Depths:2)
  A titan zombie (Coc:4)
  2 death scarabs (Tomb:2)
  8 dancing weapons (Orc:2 Vaults:3 Depths:1 Zot:1 Zot:5)
  2 demonic crawlers (Spider:2 Abyss:3)
  A deep elf knight (Elf:2)
  A skeletal warrior (Tomb:2)
  A hell knight (D:13)
  2 large abominations (Abyss:3 Pan)
  3 sixfirhies (Pan)
  2 sun demons (Pan)
  2 quicksilver dragon simulacra (Coc:6 Coc:7)
  A deep troll (Vaults:2)
  An orb spider (Spider:1)
  An iron giant zombie (Dis:7)
  4 spriggan simulacra (Coc:3 Coc:6 Coc:7)
  An ugly thing (Depths:4)
  An orc sorcerer (Abyss:3)
  10 death scarab zombies (Tomb:1 Tomb:2)
  2 smoke demons (Pan Depths:2)
  A yellow draconian zombie (Zot:2)
  A titan simulacrum (Coc:3)
  An orange demon (Pan)
  A hellion (Dis:4)
  A green draconian zombie (Zot:2)
  2 anaconda simulacra (Coc:3)
  An iron giant simulacrum (Coc:7)
  3 jumping spiders (Spider:2)
  A starcursed mass (Abyss:3)
  A water elemental (Shoals:3)
  3 ynoxinuls (Pan)
  2 naga simulacra (Coc:3 Coc:4)
  A dire elephant simulacrum (Coc:5)
  A chaos spawn (Pan)
  2 redbacks (Spider:2 Spider:3)
  2 neqoxecs (Pan)
  9 golden eyes (Pan)
  A small abomination (Abyss:3)
  An ettin simulacrum (Coc:3)
  A tengu zombie (Depths:2)
  2 orc wizards (Orc:2)
  2 hell rats (Hell)
  An ice beast zombie (Coc:6)
  An orc zombie (Orc:2)
  4 creeping infernos (Dis:4 Geh:2 Geh:7)
  12 foxfires (Abyss:3)
  3 lurking horrors (Abyss:3)
  60 starspawn tentacles (Abyss:1 Abyss:2 Abyss:3)
  17 tentacles (Shoals:1 Shoals:2)
241 creatures vanquished.

Grand Total: 5702 creatures vanquished

Table legend: (Time is in decaauts)
 A = Elapsed time spent in this place.
 B = Non-inter-level travel time spent in this place.
 C = Inter-level travel time spent in this place.
 D = Time resting spent in this place.
 E = Time spent auto-exploring this place.
 F = Levels seen in this place.
 G = Mean time per level.
                   A        B        C        D        E       F      G
               +--------+--------+--------+--------+--------+-----+--------+
         Total | 110670 |  98603 |  12067 |   6866 |  38736 | 116 |  954.1 |
       Dungeon |  17549 |  13189 |   4360 |    360 |   9236 |  15 | 1169.9 |
          Lair |   6212 |   5259 |    953 |     61 |   3359 |   5 | 1242.4 |
        Shoals |   4171 |   3860 |    311 |      0 |   1811 |   4 | 1042.8 |
   Spider Nest |   3657 |   3201 |    456 |     48 |   1970 |   4 |  914.2 |
    Slime Pits |   3950 |   3670 |    280 |    140 |   1425 |   5 |  790.0 |
  Orcish Mines |   1816 |   1636 |    180 |     18 |    976 |   2 |  908.0 |
   Elven Halls |   3975 |   3112 |    863 |     43 |   1212 |   3 | 1325.0 |
        Vaults |   6812 |   5900 |    912 |     17 |   3935 |   5 | 1362.4 |
         Crypt |   3293 |   2797 |    496 |     57 |   1275 |   3 | 1097.7 |
          Tomb |   3744 |   3303 |    441 |    761 |    295 |   3 | 1248.0 |
        Depths |   7442 |   5996 |   1446 |   1399 |   2395 |   4 | 1860.5 |
          Hell |   1077 |    895 |    182 |      0 |    326 |   1 | 1077.0 |
           Dis |   4371 |   4103 |    268 |    579 |    190 |   7 |  624.4 |
       Gehenna |   3025 |   2814 |    211 |    151 |    821 |   7 |  432.1 |
       Cocytus |   3323 |   3110 |    213 |    592 |    484 |   7 |  474.7 |
      Tartarus |    299 |    299 |      0 |      0 |     80 |   2 |  149.5 |
           Zot |   8008 |   7519 |    489 |   1322 |   4045 |   5 | 1601.6 |
         Abyss |   6164 |   6164 |      0 |    113 |    319 |   7 |  880.6 |
   Pandemonium |  20140 |  20140 |      0 |   1195 |   4267 |  22 |  915.5 |
         Trove |     76 |     76 |      0 |      0 |      5 |   1 |   76.0 |
       Ossuary |    380 |    380 |      0 |      0 |     24 |   1 |  380.0 |
      Ice Cave |    431 |    431 |      0 |      2 |     84 |   1 |  431.0 |
       Volcano |    169 |    169 |      0 |      0 |      0 |   1 |  169.0 |
        Wizlab |    576 |    576 |      0 |      3 |    200 |   1 |  576.0 |
               +--------+--------+--------+--------+--------+-----+--------+

Top non-repeatable levels by time:
 Abyss:3: 3618 daAuts
   Zot:5: 2817 daAuts
   Dis:7: 2718 daAuts
Depths:2: 2645 daAuts
Depths:4: 2293 daAuts
    D:15: 2252 daAuts
 Abyss:2: 2142 daAuts
   Zot:4: 2120 daAuts
   Elf:3: 1956 daAuts
  Tomb:1: 1929 daAuts
    D:11: 1770 daAuts
     D:9: 1754 daAuts
  Lair:5: 1693 daAuts
 Slime:5: 1683 daAuts
Vaults:2: 1617 daAuts

Table legend:
 A = Non-vault XP
 B = Vault XP
 C = Vault XP percentage of total XP
 D = Non-vault monster count
 E = Vault monster count
 F = Vault count percentage of total count
                 A         B        C        D         E       F
            +---------+---------+-------+---------+---------+-------
      Total | 2151573 | 1780454 |  45.3 |    3398 |    1996 |  37.0
            +---------+---------+-------+---------+---------+-------
        D:1 |      77 |       0 |   0.0 |      38 |       0 |   0.0
        D:2 |      63 |      39 |  38.2 |      14 |       8 |  36.4
        D:3 |     106 |     360 |  77.3 |      19 |       8 |  29.6
        D:4 |     370 |     448 |  54.8 |      31 |       2 |   6.1
        D:5 |     551 |     387 |  41.3 |      14 |      36 |  72.0
        D:6 |     541 |     424 |  43.9 |      16 |       1 |   5.9
        D:7 |    1040 |       0 |   0.0 |      17 |       0 |   0.0
        D:8 |     770 |     259 |  25.2 |      15 |       6 |  28.6
        D:9 |    3253 |    1797 |  35.6 |      32 |      10 |  23.8
       D:10 |    4066 |       0 |   0.0 |      23 |       0 |   0.0
       D:11 |    2420 |    1364 |  36.0 |       9 |      19 |  67.9
       D:12 |    4605 |    7905 |  63.2 |      20 |      18 |  47.4
       D:13 |    3725 |    9277 |  71.4 |      10 |      15 |  60.0
       D:14 |   10165 |    3225 |  24.1 |      20 |       5 |  20.0
       D:15 |   11979 |    6792 |  36.2 |      28 |      12 |  30.0
     Lair:1 |    2805 |    1109 |  28.3 |      12 |       3 |  20.0
     Lair:2 |   11104 |    1232 |  10.0 |      37 |       3 |   7.5
     Lair:3 |    6785 |     635 |   8.6 |      30 |       4 |  11.8
     Lair:4 |    6731 |    3038 |  31.1 |      16 |       7 |  30.4
     Lair:5 |   14450 |   14201 |  49.6 |      51 |      49 |  49.0
   Shoals:1 |    9164 |   10120 |  52.5 |      20 |      10 |  33.3
   Shoals:2 |   12222 |    5994 |  32.9 |      24 |       9 |  27.3
   Shoals:3 |   14360 |       0 |   0.0 |      27 |       0 |   0.0
   Shoals:4 |   12004 |   22625 |  65.3 |      28 |      37 |  56.9
   Spider:1 |   11987 |    6889 |  36.5 |      34 |       9 |  20.9
   Spider:2 |   13338 |    2363 |  15.0 |      41 |       1 |   2.4
   Spider:3 |   13515 |       0 |   0.0 |      30 |       0 |   0.0
   Spider:4 |   22655 |   19392 |  46.1 |      47 |      42 |  47.2
    Slime:1 |   15109 |       0 |   0.0 |      31 |       0 |   0.0
    Slime:2 |   11467 |     745 |   6.1 |      23 |       3 |  11.5
    Slime:3 |   20759 |       0 |   0.0 |      35 |       0 |   0.0
    Slime:4 |   11975 |       0 |   0.0 |      27 |       0 |   0.0
    Slime:5 |   10307 |   32028 |  75.7 |      25 |      22 |  46.8
      Orc:1 |    3386 |     125 |   3.6 |      27 |       3 |  10.0
      Orc:2 |    3633 |   17697 |  83.0 |      31 |      44 |  58.7
      Elf:1 |    5798 |    9254 |  61.5 |      11 |      15 |  57.7
      Elf:2 |   25290 |   27087 |  51.7 |      41 |      37 |  47.4
      Elf:3 |   11954 |   36095 |  75.1 |      28 |      33 |  54.1
   Vaults:1 |   17483 |   25405 |  59.2 |      25 |      35 |  58.3
   Vaults:2 |   28770 |   27813 |  49.2 |      39 |      32 |  45.1
   Vaults:3 |    9756 |   28922 |  74.8 |      13 |      35 |  72.9
   Vaults:4 |   12244 |   24169 |  66.4 |      17 |      24 |  58.5
   Vaults:5 |   16140 |  109007 |  87.1 |      27 |      93 |  77.5
    Crypt:1 |   19897 |     935 |   4.5 |      38 |       1 |   2.6
    Crypt:2 |   25421 |   24272 |  48.8 |      47 |      25 |  34.7
    Crypt:3 |       0 |   59739 | 100.0 |       0 |      92 | 100.0
     Tomb:1 |   14480 |   81400 |  84.9 |      29 |      61 |  67.8
     Tomb:2 |    7480 |   31570 |  80.8 |      15 |      46 |  75.4
     Tomb:3 |   11402 |   46319 |  80.2 |      29 |      55 |  65.5
   Depths:1 |   19638 |   22304 |  53.2 |      29 |      25 |  46.3
   Depths:2 |   20166 |  110095 |  84.5 |      30 |     132 |  81.5
   Depths:3 |   12199 |   12323 |  50.3 |      14 |      12 |  46.2
   Depths:4 |   50035 |   19370 |  27.9 |      58 |      13 |  18.3
       Hell |   18654 |   27994 |  60.0 |      32 |      48 |  60.0
      Dis:1 |   21092 |       0 |   0.0 |      15 |       0 |   0.0
      Dis:2 |   22697 |       0 |   0.0 |      15 |       0 |   0.0
      Dis:3 |   29486 |       0 |   0.0 |      16 |       0 |   0.0
      Dis:4 |    3445 |    2193 |  38.9 |       3 |       5 |  62.5
      Dis:5 |   35416 |       0 |   0.0 |      22 |       0 |   0.0
      Dis:6 |   28831 |   10974 |  27.6 |      20 |       7 |  25.9
      Dis:7 |   32359 |  132353 |  80.4 |      19 |      81 |  81.0
      Geh:1 |   11873 |       0 |   0.0 |      10 |       0 |   0.0
      Geh:2 |   11769 |   18646 |  61.3 |      13 |      13 |  50.0
      Geh:3 |    7526 |       0 |   0.0 |       6 |       0 |   0.0
      Geh:4 |    7284 |       0 |   0.0 |       5 |       0 |   0.0
      Geh:5 |   15842 |       0 |   0.0 |      13 |       0 |   0.0
      Geh:6 |   22024 |       0 |   0.0 |      16 |       0 |   0.0
      Geh:7 |    9767 |   72052 |  88.1 |       5 |      42 |  89.4
      Coc:1 |   22018 |       0 |   0.0 |      13 |       0 |   0.0
      Coc:2 |   20846 |       0 |   0.0 |      33 |       0 |   0.0
      Coc:3 |   17187 |       0 |   0.0 |      25 |       0 |   0.0
      Coc:4 |   21370 |   28158 |  56.9 |      27 |      23 |  46.0
      Coc:5 |   11817 |       0 |   0.0 |      16 |       0 |   0.0
      Coc:6 |   28652 |     127 |   0.4 |      31 |       1 |   3.1
      Coc:7 |   57088 |   88177 |  60.7 |      43 |      50 |  53.8
      Tar:1 |   16680 |       0 |   0.0 |      14 |       0 |   0.0
      Tar:2 |    2771 |     334 |  10.8 |       3 |       1 |  25.0
      Zot:1 |   66847 |       0 |   0.0 |      53 |       0 |   0.0
      Zot:2 |   41521 |       0 |   0.0 |      37 |       0 |   0.0
      Zot:3 |   26867 |       0 |   0.0 |      22 |       0 |   0.0
      Zot:4 |   46852 |   11917 |  20.3 |      35 |       9 |  20.5
      Zot:5 |   46638 |   99433 |  68.1 |      35 |      44 |  55.7
    Abyss:1 |   18415 |    1004 |   5.2 |      40 |       2 |   4.8
    Abyss:2 |   84079 |    1093 |   1.3 |     194 |       1 |   0.5
    Abyss:3 |  206059 |   38518 |  15.7 |     400 |      53 |  11.7
        Pan |  558161 |  337493 |  37.7 |     775 |     343 |  30.7
    Ossuary |       0 |    1112 | 100.0 |       0 |      30 | 100.0
      IceCv |       0 |    3548 | 100.0 |       0 |      28 | 100.0
    Volcano |       0 |    6293 | 100.0 |       0 |      19 | 100.0
     WizLab |       0 |   32486 | 100.0 |       0 |      44 | 100.0
            +---------+---------+-------+---------+---------+-------
